Workbook

Sheet Duplications
A1: Sr. No. | B1: Name | C1: Received | D1: Pending Actionable | E1: Registration No. | F1: Contact Person | G1: Address | H1: Email-Id | I1: Telephone | J1: Fax | K1: City | L1: State | M1: Pincode | N1: Address | O1: Email-Id | P1: Telephone | Q1: Fax | R1: City | S1: State | T1: Pincode | U1: From | V1: To | W1: Country
A2: 1 | B2: Gaurav Jain | E2: INA100011492 | F2: Gaurav Jain | G2: 93, New Model Apts, Sec-13, Rohini | H2: gaurav28jain@gmail.com | K2: DELHI | L2: NATIONAL CAPITAL TERRITORY OF DELHI | M2: 110085 | N2: 93, New Model Apts, Sec-13, Rohini | R2: DELHI | S2: NATIONAL CAPITAL TERRITORY OF DELHI | T2: 110085 | U2: Aug 23, 2018 | V2: Perpetual
A3: 2 | B3: GAURAV JAIN. | E3: INA100007365 | F3: GAURAV JAIN | G3: Street kishore kan , Sardhana | H3: GSPJAIN@GMAIL.COM | K3: MEERUT | L3: UTTAR PRADESH | M3: 250342 | N3: Street kishore kan , Sardhana | R3: MEERUT | S3: UTTAR PRADESH | T3: 250342 | U3: Mar 23, 2017 | V3: Perpetual
A4: 3 | B4: GAURAV JAIN, | E4: INA300016862 | G4: 7TH FLOOR, MAINAAK TOWERS, CHRISTAN BASTI, G.S ROAD | K4: GUWAHATI | L4: ASSAM | M4: 781005 | N4: 7TH FLOOR, MAINAAK TOWERS, CHRISTAN BASTI, G.S ROAD | R4: GUWAHATI | S4: ASSAM | T4: 781005 | U4: May 14, 2022 | V4: Perpetual
B5: GAUTAM PARSHOTTAMBHAI BARASIYA (PROPRIETOR OF GREEN STOCK ADVISORY) | C5: 13 | D5: 0 | E5: INA000002793 | F5: GAUTAM PARSHOTTAMBHAI BARASIYA | G5: 122 - STAR CHAMBERS, FIRST FLOOR, HARIHAR CHOWK | H5: gautam.barsiya@gmail.com | I5: 0281 6644555 | J5: 0281 6644555 | K5: RAJKOT | L5: GUJARAT | M5: 360001 | N5: 122 Star Chambers, First Floor, Harihar Chowk | R5: RAJKOT | S5: GUJARAT | T5: 360001 | U5: Mar 04, 2015 | V5: Perpetual
B6: Gautam Singh Bhadoriya (Proprietor) Wealth Buildup Financial Services | C6: 12 | D6: 0 | E6: INA000008507 | F6: Gautam Bhadoriya | G6: UG-09 , ROYAL RATAN BUILDING 07 M.G. ROAD | H6: wealthbuildup@gmail.com | K6: INDORE | L6: MADHYA PRADESH | M6: 452001 | N6: UG-09 , ROYAL RATAN BUILDING 07 M.G. ROAD | R6: INDORE | S6: MADHYA PRADESH | T6: 452001 | U6: Sep 23, 2017 | V6: Perpetual
B7: GIRIRAJ CARPANTER PROPRIETOR INVESTO RESEARCH | C7: 9 | D7: 0 | E7: INA000003445 | F7: GIRIRAJ CARPANTER | G7: 147-F,, MIG COLONY, NEAR VIJAY NAGAR | H7: girirajcarpanter@gmail.com | I7: 07314218311 | J7: 07314218311 | K7: INDORE | L7: MADHYA PRADESH | M7: 452001 | N7: 147-F, MIG Colony, Near Vijay Nagar | R7: INDORE | S7: MADHYA PRADESH | T7: 452001 | U7: Sep 07, 2015 | V7: Perpetual
B8: Grabsure Investment Advisor | C8: 13 | D8: 0 | E8: INA000010265 | F8: Sandeep Choudhary | G8: Plot No 53. Scheme No. 53 , Ratan Lok Colony, Vijay Nagar | H8: choudharysandeep825@gmail.com | K8: INDORE | L8: MADHYA PRADESH | M8: 452001 | N8: Plot No 53. Scheme No. 53 , Ratan Lok Colony, Vijay Nagar | R8: INDORE | S8: MADHYA PRADESH | T8: 452001 | U8: Apr 09, 2018 | V8: Perpetual
B9: Growthlift Investment Advisories Pvt Ltd | C9: 5 | D9: 0 | E9: INA200014283 | F9: Sandeep Pai | G9: No 3 Educational Insitution, Jayadeva | H9: growthlift@gmail.com | K9: BANGALORE | L9: KARNATAKA | M9: 560078 | N9: No 3 Educational Insitution, Jayadeva | R9: BANGALORE | S9: KARNATAKA | T9: 560078 | U9: Dec 09, 2019 | V9: Perpetual
B10: GULSHAN KHERA | C10: 1 | D10: 0 | E10: INA100011988 | F10: Gulshan Khera | G10: Office no 2, B-XXXII-E-13/82,, MAIN ROAD BHAURA, AMAN NAGAR | H10: thegkbull@gmail.com | K10: LUDHIANA | L10: PUNJAB | M10: 141008 | N10: Office no 2, B-XXXII-E-13/82, MAIN ROAD BHAURA, AMAN NAGAR | R10: LUDHIANA | S10: PUNJAB | T10: 141008 | U10: Nov 12, 2018 | V10: Perpetual
B11: HARDIK MAHENDRAKUMAR SHUKLA | C11: 2 | D11: 0 | E11: INA000001829 | F11: HARDIK MAHENDRAKUMAR SHUKLA | G11: 104, NEW YORK PLAZA, JUDGES BUNGALOW ROAD, VASTRAPUR | H11: shuklahardikm@gmail.com | I11: 07926870262 | J11: 07926870262 | K11: AHMEDABAD | L11: GUJARAT | M11: 380015 | N11: 104, New York Plaza, Judges Bungalow Road, Vastrapur | R11: AHMEDABAD | S11: GUJARAT | T11: 380015 | U11: Jun 03, 2014 | V11: Perpetual
B12: HARIOM SHARAN PATEL PROPREITOR BIS CAPITAL INVESTMENT ADVISOR | C12: 12 | D12: 0 | E12: INA000003346 | F12: HARIOM SHARAN PATEL | G12: 504, THE MARK BUILDING, SAKET SQUARE | H12: info@biscapital.com | I12: 07316500117 | J12: 07316500117 | K12: INDORE | L12: MADHYA PRADESH | M12: 452001 | N12: 504, The Mark Building, Saket Square | R12: INDORE | S12: MADHYA PRADESH | T12: 452001 | U12: Aug 18, 2015 | V12: Perpetual
B13: HDFC SECURITIES LIMITED | C13: 2 | D13: 0 | E13: INA000011538 | F13: MURLI KARKERA | G13: I Think Techno Campus Building-B, 'Alpha', 8th Floor, Opp. Crompton Greaves, Near Kanjurmarg Station, Kanjurmarg(East), | H13: murli.karkera@hdfcsec.com | I13: 02202230750052 | J13: 02202230750052 | K13: MUMBAI | L13: MAHARASHTRA | M13: 400042 | N13: I Think Techno Campus Building-B, 'Alpha', 8th Floor, Opp. Crompton Greaves, Near Kanjurmarg Station, Kanjurmarg(East), | R13: MUMBAI | S13: MAHARASHTRA | T13: 400042 | U13: Aug 23, 2018 | V13: Perpetual
B14: HEMANT SONI PROPRIETOR of FIRST ADVISER | C14: 44 | D14: 0 | E14: INA000008765 | F14: Hemant Soni | G14: 01, 1st Floor, Diamond Tower, Tilak Nagar, , Near Ram Nagar Chouraha, AB Road | H14: soni.hemant2011@gmail.com | K14: DEWAS | L14: MADHYA PRADESH | M14: 455001 | N14: 01, 1st Floor, Diamond Tower, Tilak Nagar, , Near Ram Nagar Chouraha, AB Road | R14: DEWAS | S14: MADHYA PRADESH | T14: 455001 | U14: Nov 01, 2017 | V14: Perpetual
B15: HIGHLIGHT INVESTMENT RESEARCH | C15: 64 | D15: 1 | E15: INA000007094 | F15: SHILPA GARG | G15: 366-367, Scheme No.- 54, PU-4 , Indore | H15: SHILPA@HIGHLIGHTINVESTMENT.COM | K15: INDORE | L15: MADHYA PRADESH | M15: 452010 | N15: 366-367, Scheme No.- 54, PU-4 , Indore | R15: INDORE | S15: MADHYA PRADESH | T15: 452010 | U15: Feb 15, 2017 | V15: Perpetual
B16: HIMANSHU BHARATKUMAR BHAVSAR | C16: 19 | D16: 0 | E16: INA000011501 | F16: HIMANSHU BHAVSAR | G16: 5-9-103-1, Parekh Pole ,, Near Ek tower , Visnagar, Mahesana , | H16: himanshubhavsar7479@gmail.com | K16: MEHSANA | L16: GUJARAT | M16: 384315 | N16: 5-9-103-1, Parekh Pole , Near Ek tower , Visnagar, Mahesana , | R16: MEHSANA | S16: GUJARAT | T16: 384315 | U16: Aug 23, 2018 | V16: Perpetual
B17: HIMESH GUPTA PROPRIETOR CYCLONE MONEY | C17: 4 | D17: 0 | E17: INA000003379 | F17: HIMESH GUPTA | G17: 107-B, KANCHAN SAGAR, PALASIA, A.B. ROAD | H17: him108.gupta@gmail.com | I17: 07313025641 | J17: 07313025641 | K17: INDORE | L17: MADHYA PRADESH | M17: 452010 | N17: 107-B, Kanchan Sagar, Palasia, A.B. Road | R17: INDORE | S17: MADHYA PRADESH | T17: 452010 | U17: Aug 24, 2015 | V17: Perpetual
B18: ICICI Investment Management Company Ltd | C18: 1 | D18: 0 | E18: INA000013785 | G18: ICICI Investment Management Company Ltd, ICICI Bank Towers Bandra-Kurla Complex Mumbai | K18: MUMBAI | L18: MAHARASHTRA | M18: 400051 | N18: ICICI Investment Management Company Ltd, ICICI Bank Towers Bandra-Kurla Complex Mumbai | R18: MUMBAI | S18: MAHARASHTRA | T18: 400051 | U18: Aug 14, 2019 | V18: Perpetual
B19: ICICI SECURITIES LIMITED | C19: 18 | D19: 0 | E19: INA000000094 | F19: Abhishake Mathur Senior Vice President | G19: ICICI VENTURE HOUSE, APPASAHEB MARATHE MARG, PRABHADEVI | H19: abhishake.mathur@icicisecurities.com | I19: 2240701382 | J19: 2240701382 | K19: MUMBAI | L19: MAHARASHTRA | M19: 400025 | N19: ICICI Centre, H.T.Parekh Marg, Near Juinagar Railway Station | R19: NAVI MUMBAI | S19: MAHARASHTRA | T19: 400705 | U19: Aug 05, 2013 | V19: Perpetual
B20: IDFC ALTERNATIVES LIMITED | C20: 1 | D20: 0 | E20: INA000001738 | F20: MR. NARENDRA GANGAN | G20: C-32, NAMAN CHAMBERS,, BANDRA-KURLA COMPLEX,BANDRA (EAST) | H20: Narendra.gangan@idfc.cdom | I20: 022 42222000 | J20: 022 42222000 | K20: MUMBAI | L20: MAHARASHTRA | M20: 400051 | N20: C-32, Naman Chambers, Bandra-Kurla Complex,Bandra (East) | R20: MUMBAI | S20: MAHARASHTRA | T20: 400051 | U20: May 16, 2014 | V20: Perpetual
B21: IFAST FINANCIAL INDIA PVT. LTD. | C21: 1 | D21: 0 | E21: INA000000763 | F21: DEEPASHRI SHANBHAG | G21: 1,RAHEJA TITANIUM ,GROUND FLOOR, WESTERN EXPRESS HIGHWAY,GOREGAON (EAST ) | H21: deepashris@ifastfinancial.com | I21: 2242199401 | J21: 2242199401 | K21: MUMBAI | L21: MAHARASHTRA | M21: 400063 | N21: 1,Raheja Titanium ,Ground Floor, Western express Highway,Goregaon (East ) | R21: MUMBAI | S21: MAHARASHTRA | T21: 400063 | U21: Jan 01, 2014 | V21: Perpetual
B22: IIFL INVESTMENT ADVISER AND TRUSTEE SERVICES LTD | C22: 1 | D22: 0 | E22: INA000000888 | F22: MR. RUPAM NAGVEKAR | G22: IIFL Centre, Kamala Mills, Senapati Bapat Marg, Lower Parel | H22: Rupam.nagvekar@iiflw.com | I22: 022 39575793 | J22: 022 39575793 | K22: MUMBAI | L22: MAHARASHTRA | M22: 400013 | N22: 7th Floor,IIFL Centre, Kamala Mills Compound,Senapati Bapat Marg,Lower Parel (West), | R22: MUMBAI | S22: MAHARASHTRA | T22: 400013 | U22: Jan 22, 2014 | V22: Perpetual
B23: Immortal Research | C23: 21 | D23: 0 | E23: INA000007359 | F23: Neha Sharma | G23: 102 Rajasthan Palace, 11 Anoop Nagar, A.B Road indore | H23: support@immortalresearch.in | K23: INDORE | L23: MADHYA PRADESH | M23: 452001 | N23: 102 Rajasthan Palace, 11 Anoop Nagar, A.B Road indore | R23: INDORE | S23: MADHYA PRADESH | T23: 452001 | U23: Mar 21, 2017 | V23: Perpetual
B24: International Money Matters Private Limited | C24: 1 | D24: 0 | E24: INA200010676 | F24: Shantala Kumble | G24: International Money Matters Pvt Ltd Phoenix Primus ,No 590 / 1st Floor,, 12th Main, HAL II Stage, Indira Nagar | H24: shantala@immpl.com | K24: BANGALORE | L24: KARNATAKA | M24: 560038 | N24: International Money Matters Pvt Ltd Phoenix Primus ,No 590 / 1st Floor, 12th Main, HAL II Stage, Indira Nagar | R24: BANGALORE | S24: KARNATAKA | T24: 560038 | U24: May 24, 2018 | V24: Perpetual
B25: ISHAAN GUPTA | C25: 1 | D25: 0 | E25: INA100003675 | F25: ISHAAN GUPTA | G25: B-2/48, SAFDARJUNG ENCLAVE | H25: ig@igvalue.com | I25: 1244012599 | J25: 1244012599 | K25: NEW DELHI | M25: 110029 | N25: B-2/48, Safdarjung Enclave | R25: NEW DELHI | T25: 110029 | U25: Oct 20, 2015 | V25: Perpetual
B26: JASMEET BAGGA PROPRIETOR RESEARCH INFOTECH | C26: 189 | D26: 0 | E26: INA000003726 | F26: JASMEET BAGGA | G26: 504, shagun tower, vijaynagar pu4232 | H26: jasmeet1788@gmail.com | I26: 0731 000000 | J26: 0731 000000 | K26: INDORE | L26: MADHYA PRADESH | M26: 452001 | N26: 303, Shivam Apartment, 26, Shivampuri Colony | R26: INDORE | S26: MADHYA PRADESH | T26: 452001 | U26: Oct 30, 2015 | V26: Perpetual
B27: Jitendra Dangi | C27: 8 | D27: 0 | E27: INA000007058 | F27: Jitendra Dangi | G27: 204, 2nd Floor, Icon Building, Kalani Bagh | H27: capitalfederation@gmail.com | K27: DEWAS | L27: MADHYA PRADESH | M27: 455001 | N27: 204, 2nd Floor, Icon Building, Kalani Bagh | R27: DEWAS | S27: MADHYA PRADESH | T27: 455001 | U27: Feb 07, 2017 | V27: Perpetual
B28: JMP GOLDEN AEGIS INVESTMENT ADVISOR | C28: 49 | D28: 0 | E28: INA000010098 | F28: AYUSH SAHU | G28: OFFICE NO 408 PLOT NO 27 OM GURUDEV PLAZA SCH NO 54, MECHANIC NAGAR EXT INDORE | H28: ayushsahu.pimr2012@gmail.com | K28: INDORE | L28: MADHYA PRADESH | M28: 452001 | N28: OFFICE NO 408 PLOT NO 27 OM GURUDEV PLAZA SCH NO 54, MECHANIC NAGAR EXT INDORE | R28: INDORE | S28: MADHYA PRADESH | T28: 452001 | U28: Mar 20, 2018 | V28: Perpetual
B29: jUPITERR TECHNOLOGIES | C29: 6 | D29: 0 | E29: INA100010147 | F29: Piyush Gupta | G29: B-58 1st Floor Harpal Nagar | H29: piyush20gup@gmail.com | K29: MORADABAD | L29: UTTAR PRADESH | M29: 244001 | N29: B-58 1st Floor Harpal Nagar | R29: MORADABAD | S29: UTTAR PRADESH | T29: 244001 | U29: Apr 02, 2018 | V29: Perpetual
B30: JYOTI LODHWAL PROPRIETOR ADVISER STREET | C30: 65 | D30: 0 | E30: INA000003437 | F30: JYOTI LODHWAL | G30: OLD 215, NEW 484, SECTOR - F, RAJ NAGAR | H30: adviserstreet@gmail.com | I30: 0731000000 | J30: 0731000000 | K30: INDORE | L30: MADHYA PRADESH | M30: 452001 | N30: Old 215, New 484, Sector - F, Raj Nagar | R30: INDORE | S30: MADHYA PRADESH | T30: 452001 | U30: Sep 07, 2015 | V30: Perpetual
B31: KALEIDOFIN PRIVATE LIMITED | C31: 1 | D31: 0 | E31: INA200009874 | F31: Sucharita Mukherjee | G31: MODULE NO.1A, BLOCK A,6TH FLOOR PHASE 2, KANAGAM ROAD, IIT MADRAS RESEARCH, TARAMANI | H31: sucharita@kaleidofin.com | K31: CHENNAI | L31: TAMIL NADU | M31: 600113 | N31: MODULE NO.1A, BLOCK A,6TH FLOOR PHASE 2, KANAGAM ROAD, IIT MADRAS RESEARCH, TARAMANI | R31: CHENNAI | S31: TAMIL NADU | T31: 600113 | U31: Feb 22, 2018 | V31: Perpetual
B32: Kalpesh bharatbhai kotaval | C32: 1 | D32: 0 | E32: INA000010618 | F32: Kalpesh Kotaval | G32: Shop no 412, Ranuja Housing Board, Near Temple, Parth Vidhya | H32: kalpeshkotvar93@gmail.com | K32: RAJKOT | L32: GUJARAT | M32: 360002 | N32: Shop no 412, Ranuja Housing Board, Near Temple, Parth Vidhya | R32: RAJKOT | S32: GUJARAT | T32: 360002 | U32: May 18, 2018 | V32: Perpetual
B33: KARVY INVESTMENT ADVISORY SERVICES LIMITED | C33: 34 | D33: 0 | E33: INA200001959 | F33: MS. JHARNA AGARWAL | G33: 'KARVY HOUSE', 46, AVENUE 4,, STREET NO. 1, BANJARA HILLS, | H33: jharna.Agarwal@karvy.com | I33: 2233055010 | J33: 2233055010 | K33: HYDERABAD | L33: ANDHRA PRADESH | M33: 500034 | N33: 702, Hallmark Business PLaza, Sant Dnyaneshwar marg, Off. bandra Kurla Complex, Bandra (East), | R33: MUMBAI | S33: MAHARASHTRA | T33: 400051 | U33: Jul 03, 2014 | V33: Perpetual
B34: kaushal mehta | C34: 1 | D34: 1 | E34: INA000006749 | F34: kaushal mehta | G34: Flat No. 804, A -Wing, Divya Vaishnavi CHS, , Gorai -3, Near Maxus mall, Borivali -west | H34: kaushalkmehta9@gmail.com | K34: MUMBAI | L34: MAHARASHTRA | M34: 400092 | N34: Flat No. 804. A- wing, Divya Vaishanvi CHS, Gorai - 3, Near Maxus Mall, Borivali -west | R34: MUMBAI | S34: MAHARASHTRA | T34: 400092 | U34: Nov 29, 2016 | V34: Perpetual
B35: KHUSHBOO VATSA PROPRIETOR TRADE NIVESH INVESTMENT ADVISER | C35: 50 | D35: 0 | E35: INA000002876 | F35: KHUSHBOO VATSA | G35: 426, ALOK NAGAR , (BAIKUNTH VIHAR), IN FRONT OF SAI MANDIR , INDORE | H35: vatsa.khushboo@gmail.com | I35: 0731000000 | J35: 0731000000 | K35: INDORE | L35: MADHYA PRADESH | M35: 452001 | N35: 201, Anmol Regency, 113, Brajeshwari Anex | R35: INDORE | S35: MADHYA PRADESH | T35: 452001 | U35: Mar 31, 2015 | V35: Perpetual
B36: Kotak Investment Advisors Limited | C36: 2 | D36: 0 | E36: INA000012519 | F36: Rajeev Saptarshi | G36: 27BKC, 7th Floor, Plot No. C-27, G Block, Bandra Kurla Complex, Bandra East | H36: compliance.kial@kotak.com | K36: MUMBAI | L36: MAHARASHTRA | M36: 400051 | N36: 27BKC, 7th Floor, Plot No. C-27, G Block, Bandra Kurla Complex, Bandra East | R36: MUMBAI | S36: MAHARASHTRA | T36: 400051 | U36: Feb 25, 2019 | V36: Perpetual
B37: krishna kumar jaiswal | C37: 8 | D37: 0 | E37: INA000009074 | F37: krishna jaiswal | G37: Ward no. -6, Kathar para, west chirimiri, podi kalari | H37: krishna.jaiswal88@gmail.com | K37: BILASPUR | L37: CHHATTISGARH | M37: 497773 | N37: Ward no. -6, Kathar para, west chirimiri, podi kalari | R37: BILASPUR | S37: CHHATTISGARH | T37: 497773 | U37: Nov 17, 2017 | V37: Perpetual
B38: KRISTAL ADVISORS PRIVATE LIMITED | C38: 1 | D38: 0 | E38: INA100014569 | F38: Pavithra Vasudevan | G38: Indiqube Orion, 2nd Sector, 24th Main Road, 1st Floor, Haralukunte Village, Begur Hobli, HSR Layout | H38: compliance@kristal.ai | I38: 00009994368806 | J38: 00009994368806 | K38: BANGALORE | L38: KARNATAKA | M38: 560102 | N38: Indiqube Orion, Sy.No.55/11B & 55/13, Sector 2, 24th Main Road, , HSR Layout, Haralukunte Village, Begur Hobli, Bangalore South Taluk | R38: BANGALORE | S38: KARNATAKA | T38: 560102 | U38: Mar 11, 2020 | V38: Perpetual
B39: Kumar Manish | C39: 1 | D39: 0 | E39: INA000008677 | F39: Kumar Manish | G39: 13/1001, NRI Complex, Seawoods Estates, Sector 54/56/58, Nerul | H39: kmsinha@yahoo.com | K39: NAVI MUMBAI | L39: MAHARASHTRA | M39: 400706 | N39: 13/1001, NRI Complex, Seawoods Estates, Sector 54/56/58, Nerul | R39: NAVI MUMBAI | S39: MAHARASHTRA | T39: 400706 | U39: Oct 26, 2017 | V39: Perpetual
B40: Kundan Mishra | C40: 1 | D40: 0 | E40: INA100013649 | F40: Kundan Mishra | G40: 592CHHA/672/1, SWAROOP NAGAR, TELIBAGH | H40: kundan.mishra006@gmail.com | K40: LUCKNOW | L40: UTTAR PRADESH | M40: 226025 | N40: 592CHHA/672/1, SWAROOP NAGAR, TELIBAGH | R40: LUCKNOW | S40: UTTAR PRADESH | T40: 226025 | U40: Jul 17, 2019 | V40: Perpetual
B41: LOKENDRA SAHU PROPRIETOR AURUM FINANCIAL SERVICES | C41: 38 | D41: 0 | E41: INA000002520 | F41: LOKENDRA SAHU | G41: 340 D/AD, SCHEME NO. 74-C, VIJAY NAGAR INDORE | H41: aurum.service4u@gmail.com | I41: 07310000000 | J41: 07310000000 | K41: INDORE | L41: MADHYA PRADESH | M41: 452001 | N41: 203, Sanchit Apartment, Scheme No. 78 | R41: INDORE | S41: MADHYA PRADESH | T41: 452001 | U41: Dec 30, 2014 | V41: Perpetual
B42: LOKESH GUPTA PROPRIETOR WELL WORTH RESEARCH | C42: 6 | D42: 0 | E42: INA000002686 | F42: LOKESH GUPTA | G42: 226, CHETAK CHAMBER, DAWAA BAZAAR | H42: pioneerlokesh@gmail.com | I42: 07312481798 | J42: 07312481798 | K42: INDORE | L42: MADHYA PRADESH | M42: 452001 | N42: 226, Chetak Chamber, Dawaa Bazaar | R42: INDORE | S42: MADHYA PRADESH | T42: 452001 | U42: Feb 19, 2015 | V42: Perpetual
B43: Manthan Stocks | C43: 6 | D43: 0 | E43: INA000010061 | F43: Ayush Bansal | G43: 26-A Chandra Nagar, Basement | H43: manthanstockss@gmail.com | K43: INDORE | L43: MADHYA PRADESH | M43: 452001 | N43: 26-A Chandra Nagar, Basement | R43: INDORE | S43: MADHYA PRADESH | T43: 452001 | U43: Mar 14, 2018 | V43: Perpetual
B44: MANU CHHABRA | C44: 30 | D44: 0 | E44: INA200013992 | F44: MANU CHHABRA | G44: D-2 SAI CHARAN APARTMENT,10TH CROSS , DODDA BANASWADI, NEAR RAMAMURTHY CHOWK | H44: absolute.finserve@gmail.com | K44: BANGALORE | L44: KARNATAKA | M44: 560043 | N44: D-2 SAI CHARAN APARTMENT,10TH CROSS , DODDA BANASWADI, NEAR RAMAMURTHY CHOWK | R44: BANGALORE | S44: KARNATAKA | T44: 560043 | U44: Sep 23, 2019 | V44: Perpetual
B45: MARKET HUB STOCK BROKING PRIVATE LIMITED | C45: 1 | D45: 0 | E45: INA000005333 | G45: B/230-231, INTERNATIONAL TRADE CENTRE,, MAJURA GATE, RING ROAD | H45: nipa.gandhi088@gmail.com | I45: 02614060784 | J45: 02614060784 | K45: SURAT | L45: GUJARAT | M45: 395002 | N45: B/230-231, International Trade Centre, Majura Gate, Ring Road | R45: SURAT | S45: GUJARAT | T45: 395002 | U45: Aug 11, 2016 | V45: Perpetual
B46: MEESHIKA VISHWAKARMA PROPRIETOR SAI PROFICIENT RESEARCH INVESTMENT ADVISORY | C46: 111 | D46: 0 | E46: INA000002504 | F46: MEESHIKA VISHWAKARMA | G46: UG-69, TRADE CENTER, 18, SOUTH TUKOGANJ | H46: meeshika.mv@gmail.com | I46: 0731 0000000 | J46: 0731 0000000 | K46: INDORE | L46: MADHYA PRADESH | M46: 452001 | N46: UG-69, Trade Center, 18, South Tukoganj | R46: INDORE | S46: MADHYA PRADESH | T46: 452001 | U46: Dec 29, 2014 | V46: Perpetual
B47: MFA CONSULTING PVT. LTD. | C47: 1 | D47: 0 | E47: INA000003247 | F47: AMAR PRABHAKAR PANDIT | G47: 301 NARAIN CHAMBERS, M G ROAD, OPPOSITE VODAFONE GALLERY,VILE PARLE EAST | H47: amar.pandit@myfinad.com | I47: 02233760301 | J47: 02233760301 | K47: MUMBAI | L47: MAHARASHTRA | M47: 400057 | N47: 301 Narain Chambers, M G Road, Opposite Vodafone Gallery,Vile Parle East | R47: MUMBAI | S47: MAHARASHTRA | T47: 400057 | U47: Jul 20, 2015 | V47: Perpetual
B48: Minance Investment Advisors Pvt. Ltd. | C48: 52 | D48: 0 | E48: INA200012434 | F48: Sarbashish Basu | G48: No. 35/37, OLD No. 598, 11th Main Road,, Jayanagar 5th Bock | H48: sbasu@minance.com | K48: BANGALORE | L48: KARNATAKA | M48: 560041 | N48: No. 35/37, OLD No. 598, 11th Main Road, Jayanagar 5th Bock | R48: BANGALORE | S48: KARNATAKA | T48: 560041 | U48: Feb 01, 2019 | V48: Perpetual
B49: MITRESH JOSHI | C49: 4 | D49: 0 | E49: INA000000359 | F49: MITRESH JOSHI | G49: A-18/69, RAJAWADI CHS,, GHATKOPAR EAST | H49: mitresh@clarusmedia.com | I49: 2225004575 | J49: 2225004575 | K49: MUMBAI | L49: MAHARASHTRA | M49: 400077 | N49: A-105, Kanara Business Center, Ghatkopar Link Road, Ghatkopar East, | R49: MUMBAI | S49: MAHARASHTRA | T49: 400075 | U49: Nov 27, 2013 | V49: Perpetual
B50: MMS ROBO ADVISORY | C50: 1 | D50: 0 | E50: INA000006767 | F50: TUSHAR JAGTAP | G50: Chintamani Bunglow, Behind Vighnaharta Garden,, Govindnagar, | H50: mmsroboadvisory1@gmail.com | K50: NASHIK | L50: MAHARASHTRA | M50: 422009 | N50: Premises No.204,Second floor, Space Star building, Near MICO circle, Trimbak Road | R50: NASHIK | S50: MAHARASHTRA | T50: 422002 | U50: Nov 30, 2016 | V50: Perpetual
B51: MOJO MARKETS PRIVATE LIMITED | C51: 7 | D51: 0 | E51: INA000012528 | F51: MOHIT BATRA | G51: 201-201, GARNET, NIRMAL LIFESTYLE, LBS ROAD, MULUND WEST | H51: mohit@MARKETSMOJO.COM | K51: MUMBAI | L51: MAHARASHTRA | M51: 400080 | N51: B-16, 4TH FLOOR,ART GUILD HOUSE, PHOENIX MARKET CITY, LBS ROAD, KURLA WEST, | R51: MUMBAI | S51: MAHARASHTRA | T51: 400070 | U51: Feb 25, 2019 | V51: Perpetual
B52: MONARCH NETWORTH INVESTMENT ADVISORS PVT. LTD. | C52: 1 | D52: 0 | E52: INA000005721 | F52: MR. VIPUL SHAH | G52: MONARCH HOUSE, NR. ISHWAR BHUWAN CROSS ROAD, NR. COMMERCE SIX ROAD, NAVRANGPURA | H52: vipul.shah@mnclgroup.com | I52: 02230641600 | J52: 02230641600 | K52: AHMEDABAD | L52: GUJARAT | M52: 380009 | N52: Monarch House, Nr. Ishwar Bhuwan Cross Road, Nr. Commerce Six Road, Navrangpura | R52: AHMEDABAD | S52: GUJARAT | T52: 380009 | U52: Nov 24, 2016 | V52: Perpetual
B53: Money Capital Live | C53: 38 | D53: 0 | E53: INA000011723 | F53: Vishnu Tiwari | G53: 3-M-5, Shri Balaji Agora Residency, Gandhinagar, Sughad | H53: moneycapitallive@gmail.com | K53: GANDHINAGAR | L53: GUJARAT | M53: 382424 | N53: 610, 6th FLOOR ,BVR EK, OPP INDER RESIDENCY HOTEL,ELLISBRIDGE | R53: AHMEDABAD | S53: GUJARAT | T53: 380006 | U53: Sep 18, 2018 | V53: Perpetual
B54: MONEY DESIRE RESEARCH | C54: 193 | D54: 0 | E54: INA000002454 | F54: ANNOP KUMAR TIWARI | G54: 63, MANGAL NAGAR, M-307, SAIRAM PLAZA, BHAWARKUA, A.B. ROAD | H54: moneydesireresearch@gmail.com | I54: 0731000000 | J54: 0731000000 | K54: INDORE | L54: MADHYA PRADESH | M54: 452001 | N54: 63, Mangal Nagar, M-307, Sairam Plaza, Bhawarkua, A.B. Road | R54: INDORE | S54: MADHYA PRADESH | T54: 452001 | U54: Dec 05, 2014 | V54: Perpetual
B55: Money India Research | C55: 30 | D55: 0 | E55: INA100010420 | F55: Ratan Singh | G55: B- 610, Ranubai Mala, Sara Orchids, A/P Chakan TAL Khed Dist Pune MH 410501 | H55: ratanaanjana@rediffmail.com | K55: PUNE | L55: MAHARASHTRA | M55: 452001 | N55: B- 610, Ranubai Mala, Sara Orchids, A/P Chakan TAL Khed Dist Pune MH 410501 | R55: PUNE | S55: MAHARASHTRA | T55: 452001 | U55: Apr 30, 2018 | V55: Perpetual
B56: Moneybloom Advisory Services LLP | C56: 1 | D56: 0 | E56: INA200011046 | U56: Jul 02, 2018 | V56: Perpetual
B57: Moneycontrol.Dot Com India Limited | C57: 14 | D57: 0 | E57: INA000008482 | F57: Ashis Panikkar | G57: 1st Floor, Empire Building, 414, Senapati Bapat Marg, Lower Parel | H57: ashis.panikkar@nw18.com | I57: 02233634712 | J57: 02233634712 | K57: MUMBAI | L57: MAHARASHTRA | M57: 400013 | N57: 1st Floor, Empire Building, 414, Senapati Bapat Marg, Lower Parel | R57: MUMBAI | S57: MAHARASHTRA | T57: 400013 | U57: Sep 22, 2017 | V57: Perpetual
B58: Moral Financial Research | C58: 28 | D58: 0 | E58: INA000008093 | F58: Gaurav Bhale | G58: 208, II Floor, Gold Coin Plaza, , Tower Square | H58: info@moralresearch.com | K58: INDORE | L58: MADHYA PRADESH | M58: 452001 | N58: 208, II Floor, Gold Coin Plaza, , Tower Square | R58: INDORE | S58: MADHYA PRADESH | T58: 452001 | U58: Jul 19, 2017 | V58: Perpetual
B59: MOTILAL OSWAL REAL ESTATE INVESTMENT ADVISORS II PRIVATE LIMITED | C59: 14 | D59: 2 | E59: INA000002017 | F59: MRS. RUCHITA JASANI | G59: MOTILAL OSWAL TOWER, 10TH FLOOR, JUNCTION OF GOKHALE & SAYANI ROAD, PRABHADEVI | H59: ruchita.jasani@motilaloswal.com | I59: 2239825519 | J59: 2239825519 | K59: MUMBAI | L59: MAHARASHTRA | M59: 400025 | N59: Motilal Oswal Tower, 10th Floor, Junction of Gokhale & Sayani Road, Prabhadevi | R59: MUMBAI | S59: MAHARASHTRA | T59: 400025 | U59: Jul 22, 2014 | V59: Perpetual
B60: Mr. K Akshay Nayak | C60: 1 | D60: 0 | E60: INA200014672 | F60: Akshay Nayak | G60: 11/14, Embassy Centre, Crescent Road, High Grounds, Bangalore 560001 | H60: akshayadv93@gmail.com | K60: BANGALORE | L60: KARNATAKA | M60: 560001 | N60: 11/14, Embassy Centre, Crescent Road, High Grounds, Bangalore 560001 | R60: BANGALORE | S60: KARNATAKA | T60: 560001 | U60: May 22, 2020 | V60: Perpetual
A61: 4 | B61: MUDASSIR HASAN PROPRIETOR ALLIANCE RESEARCH | E61: INA000002934 | F61: MUDASSIR HASAN | G61: 1837, 38 SILVER OAK COMPOUND, RUSSEL CHOWK, NAPIER TOWN | H61: mudassir.ahasan@gmail.com | I61: 0761000000 | J61: 0761000000 | K61: JABALPUR | L61: MADHYA PRADESH | M61: 482002 | N61: 1837, 38 Silver Oak Compound, Russel Chowk, Napier Town | R61: JABALPUR | S61: MADHYA PRADESH | T61: 482002 | U61: Apr 16, 2015 | V61: Perpetual
B62: Mukesh Vishvakarma (Proprietor) Striker Stock Research | C62: 124 | D62: 0 | E62: INA000008516 | F62: Mukesh Vishvakarma | G62: 301,302,303, Starling arcade , race course road | H62: strikerstockresearch@gmail.com | K62: INDORE | L62: MADHYA PRADESH | M62: 452001 | N62: 301,302,303, Starling arcade , race course road | R62: INDORE | S62: MADHYA PRADESH | T62: 452001 | U62: Sep 23, 2017 | V62: Perpetual
B63: Multibagger Securities Research & Advisory Private Limited | C63: 17 | D63: 0 | E63: INA100007736 | F63: Shailesh Goyal | G63: 410, Pearl Best Heights-I, Netaji Subhash Place, Pitampura | H63: shailesh483@yahoo.com | K63: NEW DELHI | L63: NATIONAL CAPITAL TERRITORY OF DELHI | M63: 110034 | N63: 410, Pearl Best Heights-I, Netaji Subhash Place, Pitampura | R63: NEW DELHI | S63: NATIONAL CAPITAL TERRITORY OF DELHI | T63: 110034 | U63: May 29, 2017 | V63: Perpetual
B64: NARENDRA SINSH TANWAR PROPRIEOT of CAPITAL TRUE FINANCIAL SERVICES | C64: 12 | D64: 0 | E64: INA000009038 | F64: NARENDRA TANWAR | G64: 174,, INFRONT OF LASUDIYA POLICE STATION,SAVINAY BAL MANDIR SCHOOL,LASUDIYA MORI | H64: nstsingh8@gmail.com | K64: INDORE | L64: MADHYA PRADESH | M64: 453771 | N64: 174, INFRONT OF LASUDIYA POLICE STATION,SAVINAY BAL MANDIR SCHOOL,LASUDIYA MORI | R64: INDORE | S64: MADHYA PRADESH | T64: 453771 | U64: Nov 15, 2017 | V64: Perpetual
B65: NAVIN KUMAR CHOUDHARY | C65: 1 | D65: 0 | E65: INA000004922 | G65: UNIT NO. 1101, WING ? I, GREENS SOCIETY,, ADITYA BIRLA HOSPITAL MARG, THERGAON, | H65: navinchoudhary76@gmail.com | K65: PUNE | L65: MAHARASHTRA | M65: 411033 | N65: Unit No. 509, Pride Icon, Kharadi, Madhuwa-Hadapsar Bypass | R65: PUNE | S65: MAHARASHTRA | T65: 411014 | U65: Jun 08, 2016 | V65: Perpetual
B66: NEHA GUPTA PROP. TRADE INDIA RESEARCH | C66: 536 | D66: 0 | E66: INA000003064 | F66: NEHA GUPTA | G66: 87, CHATTRAPATI NAGAR, AIRPORT ROAD | H66: guptaneha@yahoo.in | I66: 0731000000 | J66: 0731000000 | K66: INDORE | L66: MADHYA PRADESH | M66: 452001 | N66: 87, Chattrapati Nagar, Airport Road | R66: INDORE | S66: MADHYA PRADESH | T66: 452001 | U66: Jun 17, 2015 | V66: Perpetual
B67: NESTRA CAPITAL | C67: 48 | D67: 1 | E67: INA000011149 | F67: DHIRENDRA YADAV | G67: Unit No. 202, Gravity Mall, Plot No. 27, , Scheme No. 54, Mechanic Nagar Extension, Indore | H67: dyadav422@gmail.com | K67: INDORE | L67: MADHYA PRADESH | M67: 452010 | N67: Unit No. 202, Gravity Mall, Plot No. 27, , Scheme No. 54, Mechanic Nagar Extension, Indore | R67: INDORE | S67: MADHYA PRADESH | T67: 452010 | U67: Jul 16, 2018 | V67: Perpetual
B68: Neuro Investment Advisor | C68: 9 | D68: 0 | E68: INA000010362 | F68: Ankur Patidar | G68: 16,NUPURSHRI RESIDENCY , BRIJESHWARI MAIN | H68: ankurpatidar92@gmail.com | K68: INDORE | L68: MADHYA PRADESH | M68: 452001 | N68: 16,NUPURSHRI RESIDENCY , BRIJESHWARI MAIN | R68: INDORE | S68: MADHYA PRADESH | T68: 452001 | U68: Apr 17, 2018 | V68: Apr 16, 2023
B69: NIDHI SAXENA | C69: 4 | D69: 0 | E69: INA100012570 | F69: NIDHI SAXENA | G69: SHOP NO. 04, 2ND FLOOR BLOCK -C, , CLOTH MARKET, SANJAY PALACE | H69: thetradebond@gmail.com | K69: AGRA | L69: UTTAR PRADESH | M69: 282002 | N69: SHOP NO. 04, 2ND FLOOR BLOCK -C, , CLOTH MARKET, SANJAY PALACE | R69: AGRA | S69: UTTAR PRADESH | T69: 282002 | U69: Mar 01, 2019 | V69: Perpetual
B70: NIFTYONLY | C70: 3 | D70: 0 | E70: INA000007526 | F70: YATIN SHAH | G70: 1/C,JIJIBHOY INDUSTRIAL ESTATE,, 2ND FLOOR,GOREGAON (WEST) | H70: backoffice@niftyonly.in | K70: MUMBAI | L70: MAHARASHTRA | M70: 400104 | N70: 1/C,JIJIBHOY INDUSTRIAL ESTATE, 2ND FLOOR,GOREGAON (WEST) | R70: MUMBAI | S70: MAHARASHTRA | T70: 400104 | U70: Apr 20, 2017 | V70: Perpetual
B71: NIMISH DEHARIYA PROPRIETOR IR24 | C71: 12 | D71: 0 | E71: INA000004187 | F71: NIMISH DEHARIYA | G71: 14/7, BLOCK NO. 301, 3RD FLOOR, GYAN MANGALAM, NEW PALASIA | H71: nimishd03@gmail.com | I71: 07314224275 | J71: 07314224275 | K71: INDORE | L71: MADHYA PRADESH | M71: 452001 | N71: 14/7, Block No. 301, 3rd Floor, Gyan Mangalam, New Palasia | R71: INDORE | S71: MADHYA PRADESH | T71: 452001 | U71: Feb 12, 2016 | V71: Perpetual
B72: NISHANT CHOPRA PROPRIETOR DEZIRE RESEARCH | C72: 577 | D72: 0 | E72: INA000004104 | F72: NISHANT CHOPRA | G72: PU-4,B-2,BLOCK,5TH FLOOR ,METRO TOWER, SCHEME NO 54,VIJAY NAGAR ,INDORE | H72: chopra.nishant28@gmail.com | I72: 07314062223 | J72: 07314062223 | K72: INDORE | L72: MADHYA PRADESH | M72: 452001 | N72: 205, Maruti Apartment, 255 Usha Nagar Ext. | R72: INDORE | S72: MADHYA PRADESH | T72: 452001 | U72: Feb 04, 2016 | V72: Perpetual
B73: NITESH JAIN PROPRIETOR PROFIT AIM RESEARCH | C73: 30 | D73: 0 | E73: INA000004757 | G73: MEZZQNINE FLOOR, PLOT NO. 366, PU-4, SCHEME NO. 54, VIJAY NAGAR | H73: info@profitaim.com | K73: INDORE | L73: MADHYA PRADESH | M73: 452010 | N73: Mezzqnine Floor, Plot no. 366, PU-4, Scheme No. 54, Vijay Nagar | R73: INDORE | S73: MADHYA PRADESH | T73: 452010 | U73: May 19, 2016 | V73: Perpetual
B74: Nivesh Research | C74: 3 | D74: 0 | E74: INA000007951 | F74: Anish Rai | G74: D-74 Shopping Complex, A.B. Road Indore | H74: anishrai143@gmail.com | K74: INDORE | L74: MADHYA PRADESH | M74: 452001 | N74: D-74 Shopping Complex, A.B. Road Indore | R74: INDORE | S74: MADHYA PRADESH | T74: 452001 | U74: Jun 29, 2017 | V74: Perpetual
B75: Niveshaay Investment Advisors | C75: 2 | D75: 0 | E75: INA000017541 | F75: Arvind Kothari | G75: Office no. 508, 5th floor, SNS platina opposite shrenik residency , Near OM Sai Row house Vesu Surat Gujarat | H75: Info@niveshaay.com | K75: SURAT | L75: GUJARAT | M75: 395007 | N75: Office no. 508, 5th floor, SNS platina opposite shrenik residency , Near OM Sai Row house Vesu Surat Gujarat | R75: SURAT | S75: GUJARAT | T75: 395007 | U75: Dec 22, 2022 | V75: Perpetual
B76: NJ ADVISORY SERVICES PRIVATE LIMITED | C76: 10 | D76: 0 | E76: INA000004971 | G76: BLOCK NO. 901, 6TH FLOOR, ?B? TOWER, UDHNA UDHYOG NAGAR SANGH COMMERCIAL COMPLEX, CENTRAL ROAD NO. 10, UDHNA | H76: viral@njgroup.in | K76: SURAT | L76: GUJARAT | M76: 394210 | U76: Jun 17, 2016 | V76: Perpetual
A77: 5 | B77: OPULENT INVESTMENT ADVISER PRIVATE LIMITED. | E77: INA000002462 | F77: Shishir Suhane | G77: 85, Maker Tower, E Wing, G D Somani Marg, Cuffe Parade, | H77: shishir@stockaxis.com | I77: 02266393000 | J77: 02266393000 | K77: MUMBAI | L77: MAHARASHTRA | M77: 400005 | N77: 85, Maker Tower, E Wing, G D Somani Marg, Cuffe Parade, | R77: MUMBAI | S77: MAHARASHTRA | T77: 400005 | U77: Dec 11, 2014 | V77: Perpetual
A78: 6 | B78: OPULENT INVESTMENT ADVISER PRIVATE LIMITED | E78: INA000011644 | G78: 113, Floor-11, Plot-226,Bajaj Bhavan, Barrister Rajani Patel Marg, Nariman Point | K78: MUMBAI | L78: MAHARASHTRA | M78: 400021 | N78: 113, Floor-11, Plot-226,Bajaj Bhavan, Barrister Rajani Patel Marg, Nariman Point | R78: MUMBAI | S78: MAHARASHTRA | T78: 400021 | U78: Sep 06, 2018 | V78: Perpetual
B79: P. RADHAKRISHNAN | C79: 3 | D79: 0 | E79: INA200005554 | F79: DR. P. RADHAKRISHNAN | G79: NO.9/ 12, SRI NAGAR, B.K.PUDUR, KUNIYAMUTHUR, | H79: rksngims7@gmail.com | I79: 9842537726 | J79: 9842537726 | K79: COIMBATORE | L79: TAMIL NADU | M79: 641008 | N79: No.9/ 12, Sri Nagar, B.K.Pudur, Kuniyamuthur, | R79: COIMBATORE | S79: TAMIL NADU | T79: 641008 | U79: Sep 12, 2016 | V79: Perpetual
B80: Paras Behl | C80: 1 | D80: 0 | E80: INA100008276 | F80: Paras Behl | G80: 9816, Joshi Nagar, Haibowal Kalan | H80: parasbehlca@gmail.com | K80: LUDHIANA | L80: PUNJAB | M80: 141001 | N80: 9816, Joshi Nagar, Haibowal Kalan | R80: LUDHIANA | S80: PUNJAB | T80: 141001 | U80: Aug 21, 2017 | V80: Perpetual
B81: PAWAN PATIDAR PROPRIETOR WEALTH GAINER | C81: 8 | D81: 0 | E81: INA000010797 | F81: PAWAN PATIDAR | G81: E-365,, SCHEME NO.94, BANGALI SQUARE | H81: thewealthgainer@gmail.com | K81: INDORE | L81: MADHYA PRADESH | M81: 452010 | N81: E-365, SCHEME NO.94, BANGALI SQUARE | R81: INDORE | S81: MADHYA PRADESH | T81: 452010 | U81: Jun 06, 2018 | V81: Perpetual
B82: Paytm Money Limited | C82: 197 | D82: 12 | E82: INA100009859 | F82: Sudhendoo Ganddhi | G82: 136, FIRST FLOOR, DEVIKA TOWERS, NEHRU PLACE | H82: compliance@paytmmoney.com | I82: 918046253716 | J82: 918046253716 | K82: NEW DELHI | L82: NATIONAL CAPITAL TERRITORY OF DELHI | M82: 110019 | N82: The Hub, 8/2, Sarjapur Main Road, Ambulipura Village, Varthur Hobli | R82: BANGALORE | S82: KARNATAKA | T82: 560103 | U82: Feb 21, 2018 | V82: Perpetual
B83: PFC CAPITAL ADVISORY SERVICES LTD | C83: 2 | D83: 0 | E83: INA100003287 | F83: CHARU KAISTHA | G83: URJANIDHI, 1, BARAKHAMBA LANE, CONNAUGHT PLACE | H83: charu_kaistha@ofcindia.com | I83: 1123456523 | J83: 1123456523 | K83: NEW DELHI | L83: NATIONAL CAPITAL TERRITORY OF DELHI | M83: 110001 | N83: Urjanidhi, 1, Barakhamba Lane, Connaught Place | R83: NEW DELHI | S83: NATIONAL CAPITAL TERRITORY OF DELHI | T83: 110001 | U83: Jul 29, 2015 | V83: Perpetual
B84: PINKY KELWA PROPRIETOR FUTURE INVESTMENT | C84: 105 | D84: 0 | E84: INA000008242 | F84: PINKY KELWA | G84: 301 LAXMI TOWER, MAHATMA GANDHI ROAD SOUTH TUKOGANJ | H84: pinkykelwa01@gmail.com | K84: INDORE | L84: MADHYA PRADESH | M84: 452001 | N84: 301 LAXMI TOWER, MAHATMA GANDHI ROAD SOUTH TUKOGANJ | R84: INDORE | S84: MADHYA PRADESH | T84: 452001 | U84: Aug 08, 2017 | V84: Perpetual
A85: 7 | B85: PIYUSH JAIN. | E85: INA000010751 | F85: PIYUSH JAIN | G85: SHOP NO 106-110 , SAYAJI PLAZA, H-1, SCHM NO 54, VIJAY NAGAR | H85: wealthmax2017@gmail.com | K85: INDORE | L85: MADHYA PRADESH | M85: 452001 | N85: SHOP NO 106-110 , SAYAJI PLAZA, H-1, SCHM NO 54, VIJAY NAGAR | R85: INDORE | S85: MADHYA PRADESH | T85: 452001 | U85: Jun 06, 2018 | V85: Perpetual
A86: 8 | B86: PIYUSH JAIN | E86: INA100009804 | F86: PIYUSH JAIN | G86: A-144 Derawal Nagar | H86: capiyushjain1@gmail.com | K86: DELHI | L86: NATIONAL CAPITAL TERRITORY OF DELHI | M86: 110009 | N86: Flat 3, 12 Central Lane, Bengali Market | R86: NEW DELHI | S86: NATIONAL CAPITAL TERRITORY OF DELHI | T86: 110001 | U86: Feb 14, 2018 | V86: Perpetual
B87: PIYUSH JAIN(wealthmax) | C87: 66 | D87: 0
B88: PLAN AHEAD WEALTH ADVISORS PRIVATE LIMITED | C88: 2 | D88: 0 | E88: INA000000409 | F88: MR. VISHAL DHAWAN | G88: A-401, FAIRLINK CENTER, OFF ANDHERI LINK ROAD,, ANDHER (W) | H88: vishal@planaheadindia.com | I88: 022 26740054 | J88: 022 26740054 | K88: MUMBAI | L88: MAHARASHTRA | M88: 400058 | N88: A-401, Fairlink Center, Off Andheri Link Road, Andher (W) | R88: MUMBAI | S88: MAHARASHTRA | T88: 400058 | U88: Dec 03, 2013 | V88: Perpetual
B89: Podium Market Research | C89: 37 | D89: 2 | E89: INA300011706 | F89: Suman Kumar | G89: A-104, Ali Nagar Colony, Opp Gulshan Plaza Apartment Anishabad | H89: suman20may@gmail.com | K89: PATNA | L89: BIHAR | M89: 800002 | N89: A-104, Ali Nagar Colony, Opp Gulshan Plaza Apartment Anishabad | R89: PATNA | S89: BIHAR | T89: 800002 | U89: Sep 12, 2018 | V89: Sep 11, 2023
B90: POONAM GAUTAM PROPRIETOR UNIQUE RESEARCH | C90: 35 | D90: 0 | E90: INA000002512 | F90: POONAM GAUTAM | G90: 6th Floor Part B Block, Metro Tower Vijay Nagar | H90: info.uniqueresearch@gmail.com | I90: 07310000000 | J90: 07310000000 | K90: INDORE | L90: MADHYA PRADESH | M90: 452010 | N90: F-12, Ahinsa Tower, 7 M.G. Road | R90: INDORE | S90: MADHYA PRADESH | T90: 452001 | U90: Dec 29, 2014 | V90: Perpetual
B91: PRABHUDAS LILLADHER PRIVATE LIMITED | C91: 1 | D91: 0 | E91: INA000011811 | U91: Oct 05, 2018 | V91: Perpetual
B92: PRAKASH CHANDRA PRAHARAJ | C92: 2 | D92: 0 | E92: INA000000045 | F92: Prakash Chandra Praharaj | G92: 219,Skylark Building,Sector 11,Near Railway station(West), CBD Belapur, Navi Mumbai. | H92: Prakash.praharaj@gmail.com | I92: 2227575648 | J92: 2227575648 | K92: NAVI MUMBAI | L92: MAHARASHTRA | M92: 400614 | N92: Flat No B 701, Sawan Harmony,Plot No G 90-95, Sector 20, CBD Belapur, | R92: NAVI MUMBAI | S92: MAHARASHTRA | T92: 400614 | U92: Aug 02, 2013 | V92: Perpetual
B93: PRASHANT GOLE PROPRIETOR M/S CAPITAL GROW FINANCIAL SERVICES | C93: 29 | D93: 0 | E93: INA000001480 | F93: PRASHANT GOLE | G93: 308, GOLD COIN PLAZA, TOWER SQUARE | H93: info@capitalgrow.in | I93: 0731000000 | J93: 0731000000 | K93: INDORE | L93: MADHYA PRADESH | M93: 452001 | N93: 16, Sanchar Nagar Ext, Near Karnataka School, KAnadia Road | R93: INDORE | S93: MADHYA PRADESH | T93: 452016 | U93: Apr 09, 2014 | V93: Perpetual
B94: PRAVEEN VERMA PROPRIETOR INVESTMENT VISOR | C94: 102 | D94: 0 | E94: INA000003411 | F94: PRAVEEN VERMA | G94: Plot No. 9, Sch No. 54, P U 4, Vijay Nagar | H94: praveens.verma25@gmail.com | I94: 073100000 | J94: 073100000 | K94: INDORE | L94: MADHYA PRADESH | M94: 452010 | N94: 167, PU-4, Near Amway Office, Behind Malhar Mega Mall, A.B. Road | R94: INDORE | S94: MADHYA PRADESH | T94: 452010 | U94: Aug 28, 2015 | V94: Perpetual
B95: PRERNA SHARMA | C95: 6 | D95: 0 | E95: INA000007304 | F95: PRERNA SHARMA | G95: 3/391 kala kaun, Housing Board, Aravali Vihar | H95: prernasharma_18@yahoo.co.in | K95: ALWAR | L95: RAJASTHAN | M95: 301001 | N95: 3/391 kala kaun, Housing Board, Aravali Vihar | R95: ALWAR | S95: RAJASTHAN | T95: 301001 | U95: Mar 17, 2017 | V95: Perpetual
B96: PROPSHARE CAPITAL ADVISORS PRIVATE LIMITED | C96: 2 | D96: 0 | E96: INA200014706 | F96: Kunal Moktan | G96: 10th Floor,SKAV Seethalakshmi, 21/22, Kasturba Road, Banglore | H96: kunal.moktan@propsharecapital.com | I96: 9108042283385 | J96: 9108042283385 | K96: BANGALORE | L96: KARNATAKA | M96: 560001 | N96: 10th Floor, SKAV, Seethalakshmi, Kasturba Road 21/22 | R96: BANGALORE | S96: KARNATAKA | T96: 560001 | U96: May 29, 2020 | V96: Perpetual
B97: PRUDENT CORPORATE ADVISORY SERVICES LIMITED | C97: 5 | D97: 0 | E97: INA000004906 | G97: PRUDENT HOUSE, 3 Devang Park Society,, Panjrapole Cross Road, Ambawadi | K97: AHMEDABAD | L97: GUJARAT | M97: 380015 | U97: Jun 08, 2016 | V97: Perpetual
B98: PRUTECH FINANCIAL SERVICES PVT. LTD. | C98: 1 | D98: 0 | E98: INA000002090 | F98: HARSH RUPARELIA | G98: 701, SEARS TOWER, GULBAI TEKRA, OFF C.G. ROAD | H98: harsh.ruparelia@prudentcorporatp.com | I98: 9879331815 | J98: 9879331815 | K98: AHMEDABAD | L98: GUJARAT | M98: 380006 | N98: 701, Sears Tower, Gulbai Tekra, Off C.G. Road | R98: AHMEDABAD | S98: GUJARAT | T98: 380006 | U98: Aug 21, 2014 | V98: Perpetual
B99: Puneet Khurana | C99: 1 | D99: 0 | E99: INA100007806 | F99: Puneet Khurana | G99: House No. 108, Sector 7A | H99: puneet@stoicinvesting.com | K99: FARIDABAD | L99: HARYANA | M99: 121006 | N99: House No. 108, Sector 7A | R99: FARIDABAD | S99: HARYANA | T99: 121006 | U99: May 31, 2017 | V99: Perpetual
B100: Purnartha Investment Advisers Pvt.Ltd. | C100: 10 | D100: 0 | E100: INA000000672 | U100: Dec 26, 2013 | V100: Perpetual
...

Sheet SEBI List
A1: Name | B1: Received | C1: Pending Actionable | D1: Registration Id | E1: Contact Person | F1: Address | G1: Email-Id | H1: Type | I1: Telephone | J1: City | K1: State | L1: Pincode | M1: If the person is part of the 1318 SEBI RIA list | N1: If the person is part of BSEASL list | O1: BSEASL registration number | P1: ARIA
A2: EPIC RESEARCH PRIVATE LIMITED | B2: 759 | C2: 0 | D2: INA000001225 | E2: Talukdar | F2: 411, MILINDA MANOR, 2 RNT MARG | G2: =VLOOKUP('SEBI List'!D:D,'SEBI RIA''s List'!B:E,4,0) -> mnadeem@epicresearch.co | I2: =VLOOKUP(G:G,'SEBI RIA''s List'!E:F,2,0) -> 07316600124 | J2: =VLOOKUP(D:D,'SEBI RIA''s List'!B:H,7,0) -> INDORE | K2: =VLOOKUP(D:D,'SEBI RIA''s List'!B:I,8,0) -> MADHYA PRADESH | L2: =VLOOKUP(D:D,'SEBI RIA''s List'!B:J,9,0) -> 452001 | M2: Yes | N2: No | O2: NA | P2: =IFERROR(VLOOKUP(D2,'ARIA Member List'!$I$1:$J$275,2,FALSE),"No") -> No
A3: TRIFID RESEARCH | B3: 718 | C3: 0 | D3: INA000001290 | E3: VIVEK TYAGI | F3: Plot No 3-A, 1st Floor, Saket Tower, AB Road, Ratlam Kothi, , Near Geeta Bhawan Square, | G3: =VLOOKUP('SEBI List'!D:D,'SEBI RIA''s List'!B:E,4,0) -> vtyagi@trifidresearch.com | I3: =VLOOKUP(G:G,'SEBI RIA''s List'!E:F,2,0) -> 07316632032 | J3: =VLOOKUP(D:D,'SEBI RIA''s List'!B:H,7,0) -> INDORE | K3: =VLOOKUP(D:D,'SEBI RIA''s List'!B:I,8,0) -> MADHYA PRADESH | L3: =VLOOKUP(D:D,'SEBI RIA''s List'!B:J,9,0) -> 452001 | M3: Yes | N3: No | O3: NA | P3: =IFERROR(VLOOKUP(D3,'ARIA Member List'!$I$1:$J$275,2,FALSE),"No") -> No
A4: CAPITALVIA GLOBAL RESEARCH LTD. | B4: 694 | C4: 0 | D4: INA200001512 | E4: AARUNI SHARMA | F4: 1st Floor Spring Board, Kagalwala House Plot No 175, Behind Metro House CST Road, Kalina,, Bandra Kurla Complex, Santacruz East Mumbai | G4: =VLOOKUP('SEBI List'!D:D,'SEBI RIA''s List'!B:E,4,0) -> compliance@capitalvia.com | H4: Equity/Derivative | I4: =VLOOKUP(G:G,'SEBI RIA''s List'!E:F,2,0) -> 9107313502736 | J4: =VLOOKUP(D:D,'SEBI RIA''s List'!B:H,7,0) -> MUMBAI | K4: =VLOOKUP(D:D,'SEBI RIA''s List'!B:I,8,0) -> MAHARASHTRA | L4: =VLOOKUP(D:D,'SEBI RIA''s List'!B:J,9,0) -> 400098 | M4: Yes | N4: Yes | O4: 1285 | P4: =IFERROR(VLOOKUP(D4,'ARIA Member List'!$I$1:$J$275,2,FALSE),"No") -> No
A5: TABREZ KHAN PROPRIETOR ZOID RESEARCH; PROPRIETOR M/S ZOID RESEARCH | B5: 620 | C5: 0 | D5: INA000001282 | E5: TABREZ KHAN | F5: S.G.K. HOUSE, 2ND FLOOR, 14-B KAILASH PARK COLONY, GEETA BHAVAN | G5: =VLOOKUP('SEBI List'!D:D,'SEBI RIA''s List'!B:E,4,0) -> gunjanjoshi.24@gmail.com | I5: =VLOOKUP(G:G,'SEBI RIA''s List'!E:F,2,0) -> 07310000000 | J5: =VLOOKUP(D:D,'SEBI RIA''s List'!B:H,7,0) -> INDORE | K5: =VLOOKUP(D:D,'SEBI RIA''s List'!B:I,8,0) -> MADHYA PRADESH | L5: =VLOOKUP(D:D,'SEBI RIA''s List'!B:J,9,0) -> 452001 | M5: Yes | N5: No | O5: NA | P5: =IFERROR(VLOOKUP(D5,'ARIA Member List'!$I$1:$J$275,2,FALSE),"No") -> No
A6: HIGHBROW MARKET RESEARCH PVT. LTD./Highbrow (Ways2Capital) | B6: 603 | C6: 0 | D6: INA000001134 | E6: SWAPNIL PRAJAPATI | F6: 515-516, SHAGUN ARCADE, SCHEME NO. 54, VIJAY NAGAR SQUARE, A.B. ROAD | G6: =VLOOKUP('SEBI List'!D:D,'SEBI RIA''s List'!B:E,4,0) -> swapnil.prajapati@ways2capital.com | I6: =VLOOKUP(G:G,'SEBI RIA''s List'!E:F,2,0) -> 07316626202 | J6: =VLOOKUP(D:D,'SEBI RIA''s List'!B:H,7,0) -> INDORE | K6: =VLOOKUP(D:D,'SEBI RIA''s List'!B:I,8,0) -> MADHYA PRADESH | L6: =VLOOKUP(D:D,'SEBI RIA''s List'!B:J,9,0) -> 452010 | M6: Yes | N6: No | O6: NA | P6: =IFERROR(VLOOKUP(D6,'ARIA Member List'!$I$1:$J$275,2,FALSE),"No") -> No
A7: NISHANT CHOPRA PROPRIETOR DEZIRE RESEARCH | B7: 577 | C7: 0 | D7: INA000004104 | E7: NISHANT CHOPRA | F7: PU-4,B-2,BLOCK,5TH FLOOR ,METRO TOWER, SCHEME NO 54,VIJAY NAGAR ,INDORE | G7: =VLOOKUP('SEBI List'!D:D,'SEBI RIA''s List'!B:E,4,0) -> chopra.nishant28@gmail.com | I7: =VLOOKUP(G:G,'SEBI RIA''s List'!E:F,2,0) -> 07314062223 | J7: =VLOOKUP(D:D,'SEBI RIA''s List'!B:H,7,0) -> INDORE | K7: =VLOOKUP(D:D,'SEBI RIA''s List'!B:I,8,0) -> MADHYA PRADESH | L7: =VLOOKUP(D:D,'SEBI RIA''s List'!B:J,9,0) -> 452001 | M7: Yes | N7: No | O7: NA | P7: =IFERROR(VLOOKUP(D7,'ARIA Member List'!$I$1:$J$275,2,FALSE),"No") -> No
A8: RIPPLES ADVISORY PVT. LTD. | B8: 542 | C8: 0 | D8: INA000003049 | F8: 267-B,, SANGAM NAGAR | G8: =VLOOKUP('SEBI List'!D:D,'SEBI RIA''s List'!B:E,4,0) | I8: =VLOOKUP(G:G,'SEBI RIA''s List'!E:F,2,0) | J8: =VLOOKUP(D:D,'SEBI RIA''s List'!B:H,7,0) -> INDORE | K8: =VLOOKUP(D:D,'SEBI RIA''s List'!B:I,8,0) -> MADHYA PRADESH | L8: =VLOOKUP(D:D,'SEBI RIA''s List'!B:J,9,0) -> 452006 | M8: Yes | N8: No | O8: NA | P8: =IFERROR(VLOOKUP(D8,'ARIA Member List'!$I$1:$J$275,2,FALSE),"No") -> No
A9: NEHA GUPTA PROP. TRADE INDIA RESEARCH | B9: 536 | C9: 0 | D9: INA000003064 | E9: NEHA GUPTA | F9: 87, CHATTRAPATI NAGAR, AIRPORT ROAD | G9: =VLOOKUP('SEBI List'!D:D,'SEBI RIA''s List'!B:E,4,0) -> guptaneha@yahoo.in | I9: =VLOOKUP(G:G,'SEBI RIA''s List'!E:F,2,0) -> 0731000000 | J9: =VLOOKUP(D:D,'SEBI RIA''s List'!B:H,7,0) -> INDORE | K9: =VLOOKUP(D:D,'SEBI RIA''s List'!B:I,8,0) -> MADHYA PRADESH | L9: =VLOOKUP(D:D,'SEBI RIA''s List'!B:J,9,0) -> 452001 | M9: Yes | N9: No | O9: NA | P9: =IFERROR(VLOOKUP(D9,'ARIA Member List'!$I$1:$J$275,2,FALSE),"No") -> No
A10: CAPVISION INVESTMENT ADVISOR | B10: 409 | C10: 0 | D10: INA000001845 | E10: RAVI PRAKASH MISHRA | F10: M-4,5,6, MEZZANINE FLOOR, COMMERCE HOUSE BUILDING, 7 RACE COURSE ROAD | G10: =VLOOKUP('SEBI List'!D:D,'SEBI RIA''s List'!B:E,4,0) -> ravi.mishra82217382@gmail.com | H10: Equity/Derivative | I10: =VLOOKUP(G:G,'SEBI RIA''s List'!E:F,2,0) -> 07310000000 | J10: =VLOOKUP(D:D,'SEBI RIA''s List'!B:H,7,0) -> INDORE | K10: =VLOOKUP(D:D,'SEBI RIA''s List'!B:I,8,0) -> MADHYA PRADESH | L10: =VLOOKUP(D:D,'SEBI RIA''s List'!B:J,9,0) -> 452001 | M10: Yes | N10: Yes | O10: 1383 | P10: =IFERROR(VLOOKUP(D10,'ARIA Member List'!$I$1:$J$275,2,FALSE),"No") -> No
A11: CAPITALAIM FINANCIAL ADVISORY PRIVATE LIMITED | B11: 407 | C11: 0 | D11: INA000001563 | F11: 801, Airen Heights, SCHEME 54, VIJAY NAGAR, A.B. ROAD | G11: =VLOOKUP('SEBI List'!D:D,'SEBI RIA''s List'!B:E,4,0) | I11: =VLOOKUP(G:G,'SEBI RIA''s List'!E:F,2,0) | J11: =VLOOKUP(D:D,'SEBI RIA''s List'!B:H,7,0) -> INDORE | K11: =VLOOKUP(D:D,'SEBI RIA''s List'!B:I,8,0) -> MADHYA PRADESH | L11: =VLOOKUP(D:D,'SEBI RIA''s List'!B:J,9,0) -> 452010 | M11: Yes | N11: No | O11: NA | P11: =IFERROR(VLOOKUP(D11,'ARIA Member List'!$I$1:$J$275,2,FALSE),"No") -> No
A12: MONEY MAKER RESEARCH PVT. LTD | B12: 394 | C12: 0 | M12: No | N12: No | O12: NA | P12: =IFERROR(VLOOKUP(D12,'ARIA Member List'!$I$1:$J$275,2,FALSE),"No") -> No
A13: MARKET MAGNIFY GLOBAL RESEARCH PVT. LTD. | B13: 371 | C13: 0 | M13: No | N13: No | O13: NA | P13: =IFERROR(VLOOKUP(D13,'ARIA Member List'!$I$1:$J$275,2,FALSE),"No") -> No
A14: THE EQUICOM FINANCIAL RESEARCH PVT. LTD. | B14: 256 | C14: 0 | D14: INA000001639 | E14: Mr. Neelabh Singh | F14: 1129, SUDAMA NAGAR | G14: =VLOOKUP('SEBI List'!D:D,'SEBI RIA''s List'!B:E,4,0) -> info@theequicom.com | I14: =VLOOKUP(G:G,'SEBI RIA''s List'!E:F,2,0) -> 07316058815 | J14: =VLOOKUP(D:D,'SEBI RIA''s List'!B:H,7,0) -> INDORE | K14: =VLOOKUP(D:D,'SEBI RIA''s List'!B:I,8,0) -> MADHYA PRADESH | L14: =VLOOKUP(D:D,'SEBI RIA''s List'!B:J,9,0) -> 452009 | M14: Yes | N14: No | O14: NA | P14: =IFERROR(VLOOKUP(D14,'ARIA Member List'!$I$1:$J$275,2,FALSE),"No") -> No
A15: DEEPAK MISHRA PROPRIETOR M/S MONEY CLASSIC | B15: 255 | C15: 1 | D15: INA000001431 | E15: DEEPAK MISHRA | F15: 203, MODI MANSION, EB 250, SCHEME NO. 94, RING ROAD | G15: =VLOOKUP('SEBI List'!D:D,'SEBI RIA''s List'!B:E,4,0) -> dpkmishra1112@gmail.com | I15: =VLOOKUP(G:G,'SEBI RIA''s List'!E:F,2,0) -> 0731000000 | J15: =VLOOKUP(D:D,'SEBI RIA''s List'!B:H,7,0) -> INDORE | K15: =VLOOKUP(D:D,'SEBI RIA''s List'!B:I,8,0) -> MADHYA PRADESH | L15: =VLOOKUP(D:D,'SEBI RIA''s List'!B:J,9,0) -> 452010 | M15: Yes | N15: No | O15: NA | P15: =IFERROR(VLOOKUP(D15,'ARIA Member List'!$I$1:$J$275,2,FALSE),"No") -> No
A16: RAJESH SINGH RATHORE PROPRIETOR BONAZ CAPITAL | B16: 251 | C16: 0 | D16: INA000003197 | F16: 43-A, ABHINANDAN NAGAR, SUKHLIYA | G16: =VLOOKUP('SEBI List'!D:D,'SEBI RIA''s List'!B:E,4,0) -> rajesh.rathore@bonazcapital.com | I16: =VLOOKUP(G:G,'SEBI RIA''s List'!E:F,2,0) | J16: =VLOOKUP(D:D,'SEBI RIA''s List'!B:H,7,0) -> INDORE | K16: =VLOOKUP(D:D,'SEBI RIA''s List'!B:I,8,0) -> MADHYA PRADESH | L16: =VLOOKUP(D:D,'SEBI RIA''s List'!B:J,9,0) -> 452010 | M16: Yes | N16: No | O16: NA | P16: =IFERROR(VLOOKUP(D16,'ARIA Member List'!$I$1:$J$275,2,FALSE),"No") -> No
A17: RAJIV KUMAR SINGH PROPRIETOR ELITE INVESTMENT ADVISORY SERVICES | B17: 246 | C17: 10 | D17: INA000003668 | E17: RAJIV KUMAR | F17: House No. 22A/16E/102-E Tej Bahadur Marg Civil Line Prayagraj, 211001, Civil Line | G17: =VLOOKUP('SEBI List'!D:D,'SEBI RIA''s List'!B:E,4,0) -> eliteresearchinfo@gmail.com | I17: =VLOOKUP(G:G,'SEBI RIA''s List'!E:F,2,0) -> 0731000000 | J17: =VLOOKUP(D:D,'SEBI RIA''s List'!B:H,7,0) -> ALLAHABAD | K17: =VLOOKUP(D:D,'SEBI RIA''s List'!B:I,8,0) -> UTTAR PRADESH | L17: =VLOOKUP(D:D,'SEBI RIA''s List'!B:J,9,0) -> 211001 | M17: Yes | N17: No | O17: NA | P17: =IFERROR(VLOOKUP(D17,'ARIA Member List'!$I$1:$J$275,2,FALSE),"No") -> No
A18: PINNACLE MARKET INVESTMENT ADVISORY PVT. LTD | B18: 238 | C18: 0 | D18: INA000005614 | E18: ABHISHEK PATEL | F18: H. NO. 100, RAJA RAM AVENUE, NEAR TULSI NAGAR | G18: =VLOOKUP('SEBI List'!D:D,'SEBI RIA''s List'!B:E,4,0) -> er.abhishekpatel@gmail.com | I18: =VLOOKUP(G:G,'SEBI RIA''s List'!E:F,2,0) -> 07316655555 | J18: =VLOOKUP(D:D,'SEBI RIA''s List'!B:H,7,0) -> INDORE | K18: =VLOOKUP(D:D,'SEBI RIA''s List'!B:I,8,0) -> MADHYA PRADESH | L18: =VLOOKUP(D:D,'SEBI RIA''s List'!B:J,9,0) -> 452001 | M18: Yes | N18: No | O18: NA | P18: =IFERROR(VLOOKUP(D18,'ARIA Member List'!$I$1:$J$275,2,FALSE),"No") -> No
A19: DHARMENDRA KUMAR PROPRIETOR STARINDIA MARKET RESEARCH | B19: 226 | C19: 0 | D19: INA000003627 | E19: DHARMENDRA KUMAR | F19: Office No 307 , B block, 3rd Floor, Corporate House, R.N.T Marg | G19: =VLOOKUP('SEBI List'!D:D,'SEBI RIA''s List'!B:E,4,0) -> starindiaresearch@gmail.com | I19: =VLOOKUP(G:G,'SEBI RIA''s List'!E:F,2,0) -> 0731000000 | J19: =VLOOKUP(D:D,'SEBI RIA''s List'!B:H,7,0) -> INDORE | K19: =VLOOKUP(D:D,'SEBI RIA''s List'!B:I,8,0) -> MADHYA PRADESH | L19: =VLOOKUP(D:D,'SEBI RIA''s List'!B:J,9,0) -> 452001 | M19: Yes | N19: No | O19: NA | P19: =IFERROR(VLOOKUP(D19,'ARIA Member List'!$I$1:$J$275,2,FALSE),"No") -> No
A20: WEALTHIT GLOBAL | B20: 218 | C20: 0 | D20: INA000005473 | F20: 388, PU-4, SCHEME NO. 54 | G20: =VLOOKUP('SEBI List'!D:D,'SEBI RIA''s List'!B:E,4,0) -> wealthitglobal@gmail.com | I20: =VLOOKUP(G:G,'SEBI RIA''s List'!E:F,2,0) -> 07316540999 | J20: =VLOOKUP(D:D,'SEBI RIA''s List'!B:H,7,0) -> INDORE | K20: =VLOOKUP(D:D,'SEBI RIA''s List'!B:I,8,0) -> MADHYA PRADESH | L20: =VLOOKUP(D:D,'SEBI RIA''s List'!B:J,9,0) -> 452010 | M20: Yes | N20: No | O20: NA | P20: =IFERROR(VLOOKUP(D20,'ARIA Member List'!$I$1:$J$275,2,FALSE),"No") -> No
A21: PayTM Money Limited | B21: 197 | C21: 12 | D21: INA100009859 | E21: Sudhendoo Ganddhi | F21: 136, FIRST FLOOR, DEVIKA TOWERS, NEHRU PLACE | G21: =VLOOKUP('SEBI List'!D:D,'SEBI RIA''s List'!B:E,4,0) -> compliance@paytmmoney.com | H21: Online RIA | I21: =VLOOKUP(G:G,'SEBI RIA''s List'!E:F,2,0) -> 918046253716 | J21: =VLOOKUP(D:D,'SEBI RIA''s List'!B:H,7,0) -> NEW DELHI | K21: =VLOOKUP(D:D,'SEBI RIA''s List'!B:I,8,0) -> NATIONAL CAPITAL TERRITORY OF DELHI | L21: =VLOOKUP(D:D,'SEBI RIA''s List'!B:J,9,0) -> 110019 | M21: Yes | N21: Yes | O21: 1262 | P21: =IFERROR(VLOOKUP(D21,'ARIA Member List'!$I$1:$J$275,2,FALSE),"No") -> No
A22: SATUSH SHUKLA PROPRIETOR PROFIT GURU | B22: 195 | C22: 0 | D22: INA000003510 | E22: SATISH SHUKLA | F22: 415, Manorama Ganj,, Shekhar Central,Palasia Chouraha | G22: =VLOOKUP('SEBI List'!D:D,'SEBI RIA''s List'!B:E,4,0) -> satishshukla4@yahoo.com | I22: =VLOOKUP(G:G,'SEBI RIA''s List'!E:F,2,0) -> 0731000000 | J22: =VLOOKUP(D:D,'SEBI RIA''s List'!B:H,7,0) -> INDORE | K22: =VLOOKUP(D:D,'SEBI RIA''s List'!B:I,8,0) -> MADHYA PRADESH | L22: =VLOOKUP(D:D,'SEBI RIA''s List'!B:J,9,0) -> 452001 | M22: Yes | N22: No | O22: NA | P22: =IFERROR(VLOOKUP(D22,'ARIA Member List'!$I$1:$J$275,2,FALSE),"No") -> No
A23: MONEY DESIRE RESEARCH | B23: 193 | C23: 0 | D23: INA000002454 | E23: ANNOP KUMAR TIWARI | F23: 63, MANGAL NAGAR, M-307, SAIRAM PLAZA, BHAWARKUA, A.B. ROAD | G23: =VLOOKUP('SEBI List'!D:D,'SEBI RIA''s List'!B:E,4,0) -> moneydesireresearch@gmail.com | I23: =VLOOKUP(G:G,'SEBI RIA''s List'!E:F,2,0) -> 0731000000 | J23: =VLOOKUP(D:D,'SEBI RIA''s List'!B:H,7,0) -> INDORE | K23: =VLOOKUP(D:D,'SEBI RIA''s List'!B:I,8,0) -> MADHYA PRADESH | L23: =VLOOKUP(D:D,'SEBI RIA''s List'!B:J,9,0) -> 452001 | M23: Yes | N23: No | O23: NA | P23: =IFERROR(VLOOKUP(D23,'ARIA Member List'!$I$1:$J$275,2,FALSE),"No") -> No
A24: JASMEET BAGGA PROPRIETOR RESEARCH INFOTECH | B24: 189 | C24: 0 | D24: INA000003726 | E24: JASMEET BAGGA | F24: 504, shagun tower, vijaynagar pu4232 | G24: =VLOOKUP('SEBI List'!D:D,'SEBI RIA''s List'!B:E,4,0) -> jasmeet1788@gmail.com | I24: =VLOOKUP(G:G,'SEBI RIA''s List'!E:F,2,0) -> 0731 000000 | J24: =VLOOKUP(D:D,'SEBI RIA''s List'!B:H,7,0) -> INDORE | K24: =VLOOKUP(D:D,'SEBI RIA''s List'!B:I,8,0) -> MADHYA PRADESH | L24: =VLOOKUP(D:D,'SEBI RIA''s List'!B:J,9,0) -> 452001 | M24: Yes | N24: No | O24: NA | P24: =IFERROR(VLOOKUP(D24,'ARIA Member List'!$I$1:$J$275,2,FALSE),"No") -> No
A25: ABHISHEK PATEL PROPRIETOR M/S PINNACLE FINANCIAL SERVICES | B25: 183 | C25: 0 | D25: INA000001308 | E25: ABHISHEK PATEL | F25: 101-105, SAYAJI PLAZA, BESIDES AXIS BANK, NEAR SAYAJI HOTEL, SCHEME NUMBER 54, VIJAY NAGAR | G25: =VLOOKUP('SEBI List'!D:D,'SEBI RIA''s List'!B:E,4,0) -> er.abhishekpatel@gmail.com | I25: =VLOOKUP(G:G,'SEBI RIA''s List'!E:F,2,0) -> 07316655555 | J25: =VLOOKUP(D:D,'SEBI RIA''s List'!B:H,7,0) -> INDORE | K25: =VLOOKUP(D:D,'SEBI RIA''s List'!B:I,8,0) -> MADHYA PRADESH | L25: =VLOOKUP(D:D,'SEBI RIA''s List'!B:J,9,0) -> 452010 | M25: Yes | N25: No | O25: NA | P25: =IFERROR(VLOOKUP(D25,'ARIA Member List'!$I$1:$J$275,2,FALSE),"No") -> No
A26: ANKIT VYAS PROPRIETOR MONETARY SOLUTIONS | B26: 175 | C26: 2 | D26: INA000002785 | E26: ANKIT VYAS | F26: 2nd Floor 63-64 Gali No 1 Kailash Marg, Daliya Bhakal Malharganj | G26: =VLOOKUP('SEBI List'!D:D,'SEBI RIA''s List'!B:E,4,0) -> ankit.golu.vyas@gmail.com | H26: Equity/Derivative | I26: =VLOOKUP(G:G,'SEBI RIA''s List'!E:F,2,0) -> 07310000000 | J26: =VLOOKUP(D:D,'SEBI RIA''s List'!B:H,7,0) -> INDORE | K26: =VLOOKUP(D:D,'SEBI RIA''s List'!B:I,8,0) -> MADHYA PRADESH | L26: =VLOOKUP(D:D,'SEBI RIA''s List'!B:J,9,0) -> 452001 | M26: Yes | N26: Yes | O26: 1356 | P26: =IFERROR(VLOOKUP(D26,'ARIA Member List'!$I$1:$J$275,2,FALSE),"No") -> No
A27: RAJIV SHARMA PROPRIETOR M/S CAPITAL LIFE MARKET RESEARCH | B27: 168 | C27: 0 | D27: INA000001365 | E27: RAJIV SHARMA | F27: 403,404,405,Trade House, South Tukoganj,Dhakkan Wala Kuan | G27: =VLOOKUP('SEBI List'!D:D,'SEBI RIA''s List'!B:E,4,0) -> capital.life1708@gmail.com | H27: Equity/Derivative | I27: =VLOOKUP(G:G,'SEBI RIA''s List'!E:F,2,0) -> 07310000000 | J27: =VLOOKUP(D:D,'SEBI RIA''s List'!B:H,7,0) -> INDORE | K27: =VLOOKUP(D:D,'SEBI RIA''s List'!B:I,8,0) -> MADHYA PRADESH | L27: =VLOOKUP(D:D,'SEBI RIA''s List'!B:J,9,0) -> 452001 | M27: Yes | N27: Yes | O27: 1530 | P27: =IFERROR(VLOOKUP(D27,'ARIA Member List'!$I$1:$J$275,2,FALSE),"No") -> No
A28: RESEARCH PANEL INVESTMENT ADVISERS | B28: 159 | C28: 0 | D28: INA000005390 | F28: A-322, SINGAPORE NEST, NEAR PANCHWATI COLONY | G28: =VLOOKUP('SEBI List'!D:D,'SEBI RIA''s List'!B:E,4,0) -> badalbharti19871@gmail.com | I28: =VLOOKUP(G:G,'SEBI RIA''s List'!E:F,2,0) -> 07316550005 | J28: =VLOOKUP(D:D,'SEBI RIA''s List'!B:H,7,0) -> INDORE | K28: =VLOOKUP(D:D,'SEBI RIA''s List'!B:I,8,0) -> MADHYA PRADESH | L28: =VLOOKUP(D:D,'SEBI RIA''s List'!B:J,9,0) -> 452001 | M28: Yes | N28: No | O28: NA | P28: =IFERROR(VLOOKUP(D28,'ARIA Member List'!$I$1:$J$275,2,FALSE),"No") -> No
A29: RAVI PRAKASH MOHTA PROPRIETOR DOLLAR ADVISORY & FINANCIAL SERVICES | B29: 158 | C29: 0 | D29: INA000003882 | F29: Plot No. 54, Scheme No. 54,, PU - 4, Vijay Nagar, Indore | G29: =VLOOKUP('SEBI List'!D:D,'SEBI RIA''s List'!B:E,4,0) | I29: =VLOOKUP(G:G,'SEBI RIA''s List'!E:F,2,0) | J29: =VLOOKUP(D:D,'SEBI RIA''s List'!B:H,7,0) -> INDORE | K29: =VLOOKUP(D:D,'SEBI RIA''s List'!B:I,8,0) -> MADHYA PRADESH | L29: =VLOOKUP(D:D,'SEBI RIA''s List'!B:J,9,0) -> 452001 | M29: Yes | N29: No | O29: NA | P29: =IFERROR(VLOOKUP(D29,'ARIA Member List'!$I$1:$J$275,2,FALSE),"No") -> No
A30: CAPITAL STROKE INVESTMENT SERVICES PVT. LTD. | B30: 157 | C30: 0 | D30: INA000001316 | E30: UPENDRA SINGH RAJPUT | F30: 80, MAHADEV TOTLANAGAR, BANGALI SQUARE, BEHIND LOKHANDWALA COMPLEX | G30: =VLOOKUP('SEBI List'!D:D,'SEBI RIA''s List'!B:E,4,0) -> upendra@capitalstroke.com | I30: =VLOOKUP(G:G,'SEBI RIA''s List'!E:F,2,0) -> 07313299704 | J30: =VLOOKUP(D:D,'SEBI RIA''s List'!B:H,7,0) -> INDORE | K30: =VLOOKUP(D:D,'SEBI RIA''s List'!B:I,8,0) -> MADHYA PRADESH | L30: =VLOOKUP(D:D,'SEBI RIA''s List'!B:J,9,0) -> 452016 | M30: Yes | N30: No | O30: NA | P30: =IFERROR(VLOOKUP(D30,'ARIA Member List'!$I$1:$J$275,2,FALSE),"No") -> No
A31: MONEY CAPITALHEIGHT RESEARCH PVT. LTD. | B31: 157 | C31: 0 | D31: INA000001423 | E31: ATUL KUMAR SINGH | F31: PLOT NO 3 OFFICE NO 305 PEARL BUSINESS PARK, VISHNUPURI MAIN A.B. ROAD | G31: =VLOOKUP('SEBI List'!D:D,'SEBI RIA''s List'!B:E,4,0) -> atul@capitalheight.com | H31: Equity/Derivative | I31: =VLOOKUP(G:G,'SEBI RIA''s List'!E:F,2,0) -> 07314271961 | J31: =VLOOKUP(D:D,'SEBI RIA''s List'!B:H,7,0) -> INDORE | K31: =VLOOKUP(D:D,'SEBI RIA''s List'!B:I,8,0) -> MADHYA PRADESH | L31: =VLOOKUP(D:D,'SEBI RIA''s List'!B:J,9,0) -> 452014 | M31: Yes | N31: Yes | O31: 1334 | P31: =IFERROR(VLOOKUP(D31,'ARIA Member List'!$I$1:$J$275,2,FALSE),"No") -> No
A32: CHITRANJAN SINGH CHOUHAN PROPRIETOR WEALTH RESEARCH FINANCIAL SERVICES | B32: 148 | C32: 0 | D32: INA000003973 | E32: CHITRANJAN SINGH CHOUHAN | F32: 213 , PRINCESS BUSINESS SKYPARK, VIJAY NAGAR | G32: =VLOOKUP('SEBI List'!D:D,'SEBI RIA''s List'!B:E,4,0) -> wealthresearch1@gmail.com | H32: Equity/Derivative | I32: =VLOOKUP(G:G,'SEBI RIA''s List'!E:F,2,0) -> 073100000 | J32: =VLOOKUP(D:D,'SEBI RIA''s List'!B:H,7,0) -> INDORE | K32: =VLOOKUP(D:D,'SEBI RIA''s List'!B:I,8,0) -> MADHYA PRADESH | L32: =VLOOKUP(D:D,'SEBI RIA''s List'!B:J,9,0) -> 452001 | M32: Yes | N32: Yes | O32: 1859 | P32: =IFERROR(VLOOKUP(D32,'ARIA Member List'!$I$1:$J$275,2,FALSE),"No") -> No
A33: MARKET CAPTAIN INVESTMENT ADVISER | B33: 137 | C33: 0 | M33: No | N33: No | O33: NA | P33: =IFERROR(VLOOKUP(D33,'ARIA Member List'!$I$1:$J$275,2,FALSE),"No") -> No
A34: STAR WORLD RESEARCH | B34: 129 | C34: 0 | D34: INA000005499 | F34: PLOT NO. 42, FLAT 201, MR-3 | G34: =VLOOKUP('SEBI List'!D:D,'SEBI RIA''s List'!B:E,4,0) -> infoworldsrs@gmail.com | I34: =VLOOKUP(G:G,'SEBI RIA''s List'!E:F,2,0) -> 07316544487 | J34: =VLOOKUP(D:D,'SEBI RIA''s List'!B:H,7,0) -> INDORE | K34: =VLOOKUP(D:D,'SEBI RIA''s List'!B:I,8,0) -> MADHYA PRADESH | L34: =VLOOKUP(D:D,'SEBI RIA''s List'!B:J,9,0) -> 452001 | M34: Yes | N34: No | O34: NA | P34: =IFERROR(VLOOKUP(D34,'ARIA Member List'!$I$1:$J$275,2,FALSE),"No") -> No
A35: Mukesh Vishvakarma (Proprietor) Striker Stock Research | B35: 124 | C35: 0 | D35: INA000008516 | E35: Mukesh Vishvakarma | F35: 301,302,303, Starling arcade , race course road | G35: =VLOOKUP('SEBI List'!D:D,'SEBI RIA''s List'!B:E,4,0) -> strikerstockresearch@gmail.com | H35: Equity/Derivative | I35: =VLOOKUP(G:G,'SEBI RIA''s List'!E:F,2,0) | J35: =VLOOKUP(D:D,'SEBI RIA''s List'!B:H,7,0) -> INDORE | K35: =VLOOKUP(D:D,'SEBI RIA''s List'!B:I,8,0) -> MADHYA PRADESH | L35: =VLOOKUP(D:D,'SEBI RIA''s List'!B:J,9,0) -> 452001 | M35: Yes | N35: Yes | O35: 1162 | P35: =IFERROR(VLOOKUP(D35,'ARIA Member List'!$I$1:$J$275,2,FALSE),"No") -> No
A36: AMIT GANGRADE PROPRIETOR INVESTMENT RESEARCH ADVISOR | B36: 117 | C36: 1 | D36: INA000003387 | E36: AMIT GANGRADE | F36: 403, Shrinath Avenue, Kibe Compound | G36: =VLOOKUP('SEBI List'!D:D,'SEBI RIA''s List'!B:E,4,0) -> mitgangrade@gmail.com | H36: Equity/Derivative | I36: =VLOOKUP(G:G,'SEBI RIA''s List'!E:F,2,0) -> 0731000000 | J36: =VLOOKUP(D:D,'SEBI RIA''s List'!B:H,7,0) -> INDORE | K36: =VLOOKUP(D:D,'SEBI RIA''s List'!B:I,8,0) -> MADHYA PRADESH | L36: =VLOOKUP(D:D,'SEBI RIA''s List'!B:J,9,0) -> 452001 | M36: Yes | N36: Yes | O36: 1323 | P36: =IFERROR(VLOOKUP(D36,'ARIA Member List'!$I$1:$J$275,2,FALSE),"No") -> yes
A37: SHRI AKHILESH CHAWDA PROPRIETOR M/S CAPITAL COW RESEARCH | B37: 115 | C37: 0 | D37: INA000001126 | E37: SHRI AKHILESH CHAWDA | F37: 411 SHAGUN TOWER, VIJAY NAGAR | G37: =VLOOKUP('SEBI List'!D:D,'SEBI RIA''s List'!B:E,4,0) -> akhilesh.chawda@gmail.com | H37: Equity/Derivative | I37: =VLOOKUP(G:G,'SEBI RIA''s List'!E:F,2,0) -> 07316007000 | J37: =VLOOKUP(D:D,'SEBI RIA''s List'!B:H,7,0) -> INDORE | K37: =VLOOKUP(D:D,'SEBI RIA''s List'!B:I,8,0) -> MADHYA PRADESH | L37: =VLOOKUP(D:D,'SEBI RIA''s List'!B:J,9,0) -> 452010 | M37: Yes | N37: Yes | O37: 1529 | P37: =IFERROR(VLOOKUP(D37,'ARIA Member List'!$I$1:$J$275,2,FALSE),"No") -> No
A38: GAURAV AGRAWAL PROPRIETOR PROFIT VISTA FINANCIAL RESEARCH | B38: 111 | C38: 3 | D38: INA000002678 | E38: GAURAV AGRAWAL | F38: 401 SHAGUN ARCADE, VIJAY NAGAR SQUARE | G38: =VLOOKUP('SEBI List'!D:D,'SEBI RIA''s List'!B:E,4,0) -> profitvista.info@gmail.com | H38: Equity/Derivative | I38: =VLOOKUP(G:G,'SEBI RIA''s List'!E:F,2,0) -> 731000000 | J38: =VLOOKUP(D:D,'SEBI RIA''s List'!B:H,7,0) -> INDORE | K38: =VLOOKUP(D:D,'SEBI RIA''s List'!B:I,8,0) -> MADHYA PRADESH | L38: =VLOOKUP(D:D,'SEBI RIA''s List'!B:J,9,0) -> 452010 | M38: Yes | N38: Yes | O38: 1342 | P38: =IFERROR(VLOOKUP(D38,'ARIA Member List'!$I$1:$J$275,2,FALSE),"No") -> No
A39: MEESHIKA VISHWAKARMA PROPRIETOR SAI PROFICIENT RESEARCH INVESTMENT ADVISORY | B39: 111 | C39: 0 | D39: INA000002504 | E39: MEESHIKA VISHWAKARMA | F39: UG-69, TRADE CENTER, 18, SOUTH TUKOGANJ | G39: =VLOOKUP('SEBI List'!D:D,'SEBI RIA''s List'!B:E,4,0) -> meeshika.mv@gmail.com | I39: =VLOOKUP(G:G,'SEBI RIA''s List'!E:F,2,0) -> 0731 0000000 | J39: =VLOOKUP(D:D,'SEBI RIA''s List'!B:H,7,0) -> INDORE | K39: =VLOOKUP(D:D,'SEBI RIA''s List'!B:I,8,0) -> MADHYA PRADESH | L39: =VLOOKUP(D:D,'SEBI RIA''s List'!B:J,9,0) -> 452001 | M39: Yes | N39: No | O39: NA | P39: =IFERROR(VLOOKUP(D39,'ARIA Member List'!$I$1:$J$275,2,FALSE),"No") -> No
A40: CAPITAL WAYS FINANCIAL SERVICES | B40: 107 | C40: 0 | M40: No | N40: No | O40: NA | P40: =IFERROR(VLOOKUP(D40,'ARIA Member List'!$I$1:$J$275,2,FALSE),"No") -> No
A41: PINKY KELWA PROPRIETOR FUTURE INVESTMENT | B41: 105 | C41: 0 | D41: INA000008242 | E41: PINKY KELWA | F41: 301 LAXMI TOWER, MAHATMA GANDHI ROAD SOUTH TUKOGANJ | G41: =VLOOKUP('SEBI List'!D:D,'SEBI RIA''s List'!B:E,4,0) -> pinkykelwa01@gmail.com | I41: =VLOOKUP(G:G,'SEBI RIA''s List'!E:F,2,0) | J41: =VLOOKUP(D:D,'SEBI RIA''s List'!B:H,7,0) -> INDORE | K41: =VLOOKUP(D:D,'SEBI RIA''s List'!B:I,8,0) -> MADHYA PRADESH | L41: =VLOOKUP(D:D,'SEBI RIA''s List'!B:J,9,0) -> 452001 | M41: Yes | N41: No | O41: NA | P41: =IFERROR(VLOOKUP(D41,'ARIA Member List'!$I$1:$J$275,2,FALSE),"No") -> No
A42: RAJU JHARIYA PROPRIETOR M/S CAPITAL VRADDHI FINANCIAL SERVICES | B42: 105 | C42: 0 | D42: INA000005291 | F42: Office no 201 Second Floor and 301 Third Floor, Plot No 49-A, Scheme No 53 | G42: =VLOOKUP('SEBI List'!D:D,'SEBI RIA''s List'!B:E,4,0) -> raju.599@rediffmail.com | H42: Equity/Derivative | I42: =VLOOKUP(G:G,'SEBI RIA''s List'!E:F,2,0) | J42: =VLOOKUP(D:D,'SEBI RIA''s List'!B:H,7,0) -> INDORE | K42: =VLOOKUP(D:D,'SEBI RIA''s List'!B:I,8,0) -> MADHYA PRADESH | L42: =VLOOKUP(D:D,'SEBI RIA''s List'!B:J,9,0) -> 452010 | M42: Yes | N42: Yes | O42: 1372 | P42: =IFERROR(VLOOKUP(D42,'ARIA Member List'!$I$1:$J$275,2,FALSE),"No") -> No
A43: PRAVEEN VERMA PROPRIETOR INVESTMENT VISOR | B43: 102 | C43: 0 | D43: INA000003411 | E43: PRAVEEN VERMA | F43: Plot No. 9, Sch No. 54, P U 4, Vijay Nagar | G43: =VLOOKUP('SEBI List'!D:D,'SEBI RIA''s List'!B:E,4,0) -> praveens.verma25@gmail.com | I43: =VLOOKUP(G:G,'SEBI RIA''s List'!E:F,2,0) -> 073100000 | J43: =VLOOKUP(D:D,'SEBI RIA''s List'!B:H,7,0) -> INDORE | K43: =VLOOKUP(D:D,'SEBI RIA''s List'!B:I,8,0) -> MADHYA PRADESH | L43: =VLOOKUP(D:D,'SEBI RIA''s List'!B:J,9,0) -> 452010 | M43: Yes | N43: No | O43: NA | P43: =IFERROR(VLOOKUP(D43,'ARIA Member List'!$I$1:$J$275,2,FALSE),"No") -> No
A44: DESHRAJ SINGH THAKUR PROPRIETOR BULLMART RESEARCH | B44: 100 | C44: 1 | D44: INA000003486 | E44: DESHRAJ SINGH THAKUR | F44: 304, GOLD STAR TOWER, 576, M.G. ROAD | G44: =VLOOKUP('SEBI List'!D:D,'SEBI RIA''s List'!B:E,4,0) -> bullmart45@gmail.com | I44: =VLOOKUP(G:G,'SEBI RIA''s List'!E:F,2,0) -> 0731000000 | J44: =VLOOKUP(D:D,'SEBI RIA''s List'!B:H,7,0) -> INDORE | K44: =VLOOKUP(D:D,'SEBI RIA''s List'!B:I,8,0) -> MADHYA PRADESH | L44: =VLOOKUP(D:D,'SEBI RIA''s List'!B:J,9,0) -> 452001 | M44: Yes | N44: No | O44: NA | P44: =IFERROR(VLOOKUP(D44,'ARIA Member List'!$I$1:$J$275,2,FALSE),"No") -> No
A45: DEEPAK OSTWAL PROPRIETOR OF CAPITAL WAYS INVESTMENT ADVISER | B45: 97 | C45: 1 | D45: INA000008862 | E45: DEEPAK OSTWAL | F45: 101-202 Suryoday Building, 2/1 Dr R S Bhandari Marg | G45: =VLOOKUP('SEBI List'!D:D,'SEBI RIA''s List'!B:E,4,0) -> deepakostwal@gmail.com | H45: Equity/Derivative | I45: =VLOOKUP(G:G,'SEBI RIA''s List'!E:F,2,0) | J45: =VLOOKUP(D:D,'SEBI RIA''s List'!B:H,7,0) -> INDORE | K45: =VLOOKUP(D:D,'SEBI RIA''s List'!B:I,8,0) -> MADHYA PRADESH | L45: =VLOOKUP(D:D,'SEBI RIA''s List'!B:J,9,0) -> 452001 | M45: Yes | N45: Yes | O45: 1078 | P45: =IFERROR(VLOOKUP(D45,'ARIA Member List'!$I$1:$J$275,2,FALSE),"No") -> No
A46: ANKUR MISHRA PROPRIETOR M/S CAPITAL BOOSTERS | B46: 95 | C46: 0 | D46: INA000001506 | E46: ANKUR MISHRA | F46: Shop No A-3 Mahaveer exotica GB Road Owla Thane, Shop No A-3 Mahaveer exotica GB Road Owla Thane | G46: =VLOOKUP('SEBI List'!D:D,'SEBI RIA''s List'!B:E,4,0) -> capitalboosters@yahoo.com | H46: Equity/Derivative | I46: =VLOOKUP(G:G,'SEBI RIA''s List'!E:F,2,0) -> 07314020912 | J46: =VLOOKUP(D:D,'SEBI RIA''s List'!B:H,7,0) -> THANE | K46: =VLOOKUP(D:D,'SEBI RIA''s List'!B:I,8,0) -> MAHARASHTRA | L46: =VLOOKUP(D:D,'SEBI RIA''s List'!B:J,9,0) -> 400695 | M46: Yes | N46: Yes | O46: 1415 | P46: =IFERROR(VLOOKUP(D46,'ARIA Member List'!$I$1:$J$275,2,FALSE),"No") -> No
A47: THE GRS SOLUTION | B47: 95 | C47: 0 | D47: INA000007225 | E47: Nilesh Vispute | F47: PLOT NO. E.C. 60 TYPE-B,SECTOR C, SCHEME NO-94, INDORE,452001 | G47: =VLOOKUP('SEBI List'!D:D,'SEBI RIA''s List'!B:E,4,0) -> tarunhirve786@gmail.com | I47: =VLOOKUP(G:G,'SEBI RIA''s List'!E:F,2,0) | J47: =VLOOKUP(D:D,'SEBI RIA''s List'!B:H,7,0) -> INDORE | K47: =VLOOKUP(D:D,'SEBI RIA''s List'!B:I,8,0) -> MADHYA PRADESH | L47: =VLOOKUP(D:D,'SEBI RIA''s List'!B:J,9,0) -> 452010 | M47: Yes | N47: No | O47: NA | P47: =IFERROR(VLOOKUP(D47,'ARIA Member List'!$I$1:$J$275,2,FALSE),"No") -> No
A48: VEERENDRA GUPTA PROPRIETOR of NIVESHICON INVESTMENT ADVISOR | B48: 92 | C48: 0 | D48: INA000009047 | E48: VEERENDRA GUPTA | F48: 404-B,Scheme No.54 PU-4, commercial sector,, plot no.B-2,Metro tower Indore | G48: =VLOOKUP('SEBI List'!D:D,'SEBI RIA''s List'!B:E,4,0) -> vkg9666@gmail.com | I48: =VLOOKUP(G:G,'SEBI RIA''s List'!E:F,2,0) | J48: =VLOOKUP(D:D,'SEBI RIA''s List'!B:H,7,0) -> INDORE | K48: =VLOOKUP(D:D,'SEBI RIA''s List'!B:I,8,0) -> MADHYA PRADESH | L48: =VLOOKUP(D:D,'SEBI RIA''s List'!B:J,9,0) -> 452010 | M48: Yes | N48: No | O48: NA | P48: =IFERROR(VLOOKUP(D48,'ARIA Member List'!$I$1:$J$275,2,FALSE),"No") -> No
A49: NILESH VYAS PROPRIETOR BUCKS GAINER ADVISORY SERVICES | B49: 87 | C49: 0 | D49: INA000002868 | E49: NILESH VYAS | F49: OFFICE NO. 314, THIRD FLOOR, SHAGUN ARCADE, A.B. ROAD , VIJAY NAGAR | G49: =VLOOKUP('SEBI List'!D:D,'SEBI RIA''s List'!B:E,4,0) -> nileshvyas1986@gmail.com | H49: Equity/Derivative | I49: =VLOOKUP(G:G,'SEBI RIA''s List'!E:F,2,0) -> 07310000000 | J49: =VLOOKUP(D:D,'SEBI RIA''s List'!B:H,7,0) -> INDORE | K49: =VLOOKUP(D:D,'SEBI RIA''s List'!B:I,8,0) -> MADHYA PRADESH | L49: =VLOOKUP(D:D,'SEBI RIA''s List'!B:J,9,0) -> 452010 | M49: Yes | N49: Yes | O49: 1535 | P49: =IFERROR(VLOOKUP(D49,'ARIA Member List'!$I$1:$J$275,2,FALSE),"No") -> No
A50: SMART MONEY FINANCIAL SERVICES | B50: 84 | C50: 0 | D50: INA000004427 | F50: PLOT NO. 10/1 ,2nd floor 201-202, RADHA KRISHNA APPARTMENT BLOCK A MANORAMA GANJ M.G ROAD | G50: =VLOOKUP('SEBI List'!D:D,'SEBI RIA''s List'!B:E,4,0) -> smartmoneyfinancial@yahoo.com | H50: Equity/Derivative | I50: =VLOOKUP(G:G,'SEBI RIA''s List'!E:F,2,0) | J50: =VLOOKUP(D:D,'SEBI RIA''s List'!B:H,7,0) -> INDORE | K50: =VLOOKUP(D:D,'SEBI RIA''s List'!B:I,8,0) -> MADHYA PRADESH | L50: =VLOOKUP(D:D,'SEBI RIA''s List'!B:J,9,0) -> 452001 | M50: Yes | N50: Yes | O50: 1586 | P50: =IFERROR(VLOOKUP(D50,'ARIA Member List'!$I$1:$J$275,2,FALSE),"No") -> No
A51: FLANKING RESEARCH PROP. TARUN CHANDANI | B51: 83 | C51: 0 | D51: INA000010195 | E51: Disha Chandani | F51: 208-9 Apollo premier , Vijay Nagar | G51: =VLOOKUP('SEBI List'!D:D,'SEBI RIA''s List'!B:E,4,0) -> chandani.disha@gmail.com | I51: =VLOOKUP(G:G,'SEBI RIA''s List'!E:F,2,0) | J51: =VLOOKUP(D:D,'SEBI RIA''s List'!B:H,7,0) -> INDORE | K51: =VLOOKUP(D:D,'SEBI RIA''s List'!B:I,8,0) -> MADHYA PRADESH | L51: =VLOOKUP(D:D,'SEBI RIA''s List'!B:J,9,0) -> 452010 | M51: Yes | N51: No | O51: NA | P51: =IFERROR(VLOOKUP(D51,'ARIA Member List'!$I$1:$J$275,2,FALSE),"No") -> No
A52: SANTOSH SINGH PARIHAR PROPRIETOR TRADEBIZZ RESEARCH | B52: 80 | C52: 0 | D52: INA000004096 | E52: SANTOSH SINGH PARIHAR | F52: 285, 2ND FLOOR, PU 4, SCHEME NO. 54, SHAGUN MENTION, VIJAY NAGAR | G52: =VLOOKUP('SEBI List'!D:D,'SEBI RIA''s List'!B:E,4,0) -> tradebizzresearch@gmail.com | H52: Equity/Derivative | I52: =VLOOKUP(G:G,'SEBI RIA''s List'!E:F,2,0) -> 0731000000 | J52: =VLOOKUP(D:D,'SEBI RIA''s List'!B:H,7,0) -> INDORE | K52: =VLOOKUP(D:D,'SEBI RIA''s List'!B:I,8,0) -> MADHYA PRADESH | L52: =VLOOKUP(D:D,'SEBI RIA''s List'!B:J,9,0) -> 452010 | M52: Yes | N52: Yes | O52: 1771 | P52: =IFERROR(VLOOKUP(D52,'ARIA Member List'!$I$1:$J$275,2,FALSE),"No") -> No
A53: DREAMGAINS FINANCIALS INDIA PRIVATE LTD | B53: 75 | C53: 0 | D53: INA200002973 | E53: MR.SURAJ SREENATH | F53: NO.219, 1ST FLOOR, GAJANANA TOWERS,, JP NAGAR, 2ND PHASE, | G53: =VLOOKUP('SEBI List'!D:D,'SEBI RIA''s List'!B:E,4,0) -> suraj.sreenath@dreamgains.com | H53: Equity/Derivative | I53: =VLOOKUP(G:G,'SEBI RIA''s List'!E:F,2,0) -> 8067363636 | J53: =VLOOKUP(D:D,'SEBI RIA''s List'!B:H,7,0) -> BANGALORE | K53: =VLOOKUP(D:D,'SEBI RIA''s List'!B:I,8,0) -> KARNATAKA | L53: =VLOOKUP(D:D,'SEBI RIA''s List'!B:J,9,0) -> 560078 | M53: Yes | N53: Yes | O53: 1309 | P53: =IFERROR(VLOOKUP(D53,'ARIA Member List'!$I$1:$J$275,2,FALSE),"No") -> yes
A54: MUDASSIR HASAN PROPRIETOR ALLIANCE RESEARCH | B54: 73 | C54: 0 | D54: INA000002934 | E54: MUDASSIR HASAN | F54: 1837, 38 SILVER OAK COMPOUND, RUSSEL CHOWK, NAPIER TOWN | G54: =VLOOKUP('SEBI List'!D:D,'SEBI RIA''s List'!B:E,4,0) -> mudassir.ahasan@gmail.com | I54: =VLOOKUP(G:G,'SEBI RIA''s List'!E:F,2,0) -> 0761000000 | J54: =VLOOKUP(D:D,'SEBI RIA''s List'!B:H,7,0) -> JABALPUR | K54: =VLOOKUP(D:D,'SEBI RIA''s List'!B:I,8,0) -> MADHYA PRADESH | L54: =VLOOKUP(D:D,'SEBI RIA''s List'!B:J,9,0) -> 482002 | M54: Yes | N54: No | O54: NA | P54: =IFERROR(VLOOKUP(D54,'ARIA Member List'!$I$1:$J$275,2,FALSE),"No") -> No
A55: UMESH KUMAR PANDEY PROP. AUROSTAR INVESTMENT ADVISORY SERVICES | B55: 73 | C55: 5 | D55: INA000003296 | E55: UMESH KUMAR PANDEY | F55: 5B/1 Colvin Road, Civil Line | G55: =VLOOKUP('SEBI List'!D:D,'SEBI RIA''s List'!B:E,4,0) -> pandeyurewa@gmail.com | H55: Equity/Derivative | I55: =VLOOKUP(G:G,'SEBI RIA''s List'!E:F,2,0) -> 073100000 | J55: =VLOOKUP(D:D,'SEBI RIA''s List'!B:H,7,0) -> ALLAHABAD | K55: =VLOOKUP(D:D,'SEBI RIA''s List'!B:I,8,0) -> UTTAR PRADESH | L55: =VLOOKUP(D:D,'SEBI RIA''s List'!B:J,9,0) -> 452001 | M55: Yes | N55: Yes | O55: 1769 | P55: =IFERROR(VLOOKUP(D55,'ARIA Member List'!$I$1:$J$275,2,FALSE),"No") -> No
A56: CAPITALSTARS FINANCIAL RESEARCH PVT. LTD. | B56: 72 | C56: 0 | D56: INA000001647 | E56: AMIT SHARMA | F56: PLOT NO. 12, SCHEME NO. 78, PART II, VIJAYNAGAR | G56: =VLOOKUP('SEBI List'!D:D,'SEBI RIA''s List'!B:E,4,0) -> admin@capitalstars.com | H56: Equity/Derivative | I56: =VLOOKUP(G:G,'SEBI RIA''s List'!E:F,2,0) -> 07316662299 | J56: =VLOOKUP(D:D,'SEBI RIA''s List'!B:H,7,0) -> INDORE | K56: =VLOOKUP(D:D,'SEBI RIA''s List'!B:I,8,0) -> MADHYA PRADESH | L56: =VLOOKUP(D:D,'SEBI RIA''s List'!B:J,9,0) -> 452010 | M56: Yes | N56: Yes | O56: 1766 | P56: =IFERROR(VLOOKUP(D56,'ARIA Member List'!$I$1:$J$275,2,FALSE),"No") -> No
A57: RESEARCH GURU | B57: 72 | C57: 5 | D57: INA000005507 | F57: 79, Scheme No. 53, Indore | G57: =VLOOKUP('SEBI List'!D:D,'SEBI RIA''s List'!B:E,4,0) -> researchguruinfo@gmail.com | H57: Equity/Derivative | I57: =VLOOKUP(G:G,'SEBI RIA''s List'!E:F,2,0) -> 07314282244 | J57: =VLOOKUP(D:D,'SEBI RIA''s List'!B:H,7,0) -> INDORE | K57: =VLOOKUP(D:D,'SEBI RIA''s List'!B:I,8,0) -> MADHYA PRADESH | L57: =VLOOKUP(D:D,'SEBI RIA''s List'!B:J,9,0) -> 452010 | M57: Yes | N57: Yes | O57: 1748 | P57: =IFERROR(VLOOKUP(D57,'ARIA Member List'!$I$1:$J$275,2,FALSE),"No") -> No
A58: WEALTH FACTOR | B58: 70 | C58: 1 | D58: INA000010317 | E58: Jay Shah | F58: 303, APOLLO AVENUE 30-B OLD PALASIA, INDORE 452001, OLD PALASIA | G58: =VLOOKUP('SEBI List'!D:D,'SEBI RIA''s List'!B:E,4,0) -> jayshah4@gmail.com | H58: Equity/Derivative | I58: =VLOOKUP(G:G,'SEBI RIA''s List'!E:F,2,0) | J58: =VLOOKUP(D:D,'SEBI RIA''s List'!B:H,7,0) -> INDORE | K58: =VLOOKUP(D:D,'SEBI RIA''s List'!B:I,8,0) -> MADHYA PRADESH | L58: =VLOOKUP(D:D,'SEBI RIA''s List'!B:J,9,0) -> 452001 | M58: Yes | N58: Yes | O58: 1516 | P58: =IFERROR(VLOOKUP(D58,'ARIA Member List'!$I$1:$J$275,2,FALSE),"No") -> No
A59: SHEIKH AZHAR UDDIN PROPRIETOR of IDEAL STOCK INVESTMENT ADVISOR | B59: 69 | C59: 0 | D59: INA000008747 | E59: SHEIKH AZHAR SHEIKH | F59: Ground Floor Plot No 204, Swami Dayanand Nagar Manik Bagh Road | G59: =VLOOKUP('SEBI List'!D:D,'SEBI RIA''s List'!B:E,4,0) -> sheikh.azharuddin60@gmail.com | H59: Equity/Derivative | I59: =VLOOKUP(G:G,'SEBI RIA''s List'!E:F,2,0) | J59: =VLOOKUP(D:D,'SEBI RIA''s List'!B:H,7,0) -> INDORE | K59: =VLOOKUP(D:D,'SEBI RIA''s List'!B:I,8,0) -> MADHYA PRADESH | L59: =VLOOKUP(D:D,'SEBI RIA''s List'!B:J,9,0) -> 452001 | M59: Yes | N59: Yes | O59: 1147 | P59: =IFERROR(VLOOKUP(D59,'ARIA Member List'!$I$1:$J$275,2,FALSE),"No") -> No
A60: PIYUSH JAIN(wealthmax) | B60: 66 | C60: 0 | M60: No | N60: No | O60: NA | P60: =IFERROR(VLOOKUP(D60,'ARIA Member List'!$I$1:$J$275,2,FALSE),"No") -> No
A61: JYOTI LODHWAL PROPRIETOR ADVISER STREET | B61: 65 | C61: 0 | D61: INA000003437 | E61: JYOTI LODHWAL | F61: OLD 215, NEW 484, SECTOR - F, RAJ NAGAR | G61: =VLOOKUP('SEBI List'!D:D,'SEBI RIA''s List'!B:E,4,0) -> adviserstreet@gmail.com | I61: =VLOOKUP(G:G,'SEBI RIA''s List'!E:F,2,0) -> 0731000000 | J61: =VLOOKUP(D:D,'SEBI RIA''s List'!B:H,7,0) -> INDORE | K61: =VLOOKUP(D:D,'SEBI RIA''s List'!B:I,8,0) -> MADHYA PRADESH | L61: =VLOOKUP(D:D,'SEBI RIA''s List'!B:J,9,0) -> 452001 | M61: Yes | N61: No | O61: NA | P61: =IFERROR(VLOOKUP(D61,'ARIA Member List'!$I$1:$J$275,2,FALSE),"No") -> No
A62: HIGHLIGHT INVESTMENT RESEARCH | B62: 64 | C62: 1 | D62: INA000007094 | E62: SHILPA GARG | F62: 366-367, Scheme No.- 54, PU-4 , Indore | G62: =VLOOKUP('SEBI List'!D:D,'SEBI RIA''s List'!B:E,4,0) -> SHILPA@HIGHLIGHTINVESTMENT.COM | I62: =VLOOKUP(G:G,'SEBI RIA''s List'!E:F,2,0) | J62: =VLOOKUP(D:D,'SEBI RIA''s List'!B:H,7,0) -> INDORE | K62: =VLOOKUP(D:D,'SEBI RIA''s List'!B:I,8,0) -> MADHYA PRADESH | L62: =VLOOKUP(D:D,'SEBI RIA''s List'!B:J,9,0) -> 452010 | M62: Yes | N62: No | O62: NA | P62: =IFERROR(VLOOKUP(D62,'ARIA Member List'!$I$1:$J$275,2,FALSE),"No") -> No
A63: RAJAT SINH PROPRIETOR M/S PACE RESEARCH | B63: 64 | C63: 0 | D63: INA000001555 | E63: RAJAT SINH | F63: 320, PU4, HOTEL COUNTRY INN ROAD, SCHEME NO. 54 | G63: =VLOOKUP('SEBI List'!D:D,'SEBI RIA''s List'!B:E,4,0) -> rajatsinh25@gmail.com | I63: =VLOOKUP(G:G,'SEBI RIA''s List'!E:F,2,0) -> 07310000000 | J63: =VLOOKUP(D:D,'SEBI RIA''s List'!B:H,7,0) -> INDORE | K63: =VLOOKUP(D:D,'SEBI RIA''s List'!B:I,8,0) -> MADHYA PRADESH | L63: =VLOOKUP(D:D,'SEBI RIA''s List'!B:J,9,0) -> 452010 | M63: Yes | N63: No | O63: NA | P63: =IFERROR(VLOOKUP(D63,'ARIA Member List'!$I$1:$J$275,2,FALSE),"No") -> No
A64: RESEARCHINN INVESTMENT ADVISOR | B64: 61 | C64: 0 | M64: No | N64: No | O64: NA | P64: =IFERROR(VLOOKUP(D64,'ARIA Member List'!$I$1:$J$275,2,FALSE),"No") -> No
A65: Vicky Kamriya Money Market Manthan Financial Services | B65: 61 | C65: 0 | D65: INA000005465 | F65: 260-A, MAHALAXMI NAGAR, NEAR BOMBAY HOSPITAL | G65: =VLOOKUP('SEBI List'!D:D,'SEBI RIA''s List'!B:E,4,0) -> vkamriya@rediffmail.com | I65: =VLOOKUP(G:G,'SEBI RIA''s List'!E:F,2,0) -> 07316559079 | J65: =VLOOKUP(D:D,'SEBI RIA''s List'!B:H,7,0) -> INDORE | K65: =VLOOKUP(D:D,'SEBI RIA''s List'!B:I,8,0) -> MADHYA PRADESH | L65: =VLOOKUP(D:D,'SEBI RIA''s List'!B:J,9,0) -> 452010 | M65: Yes | N65: No | O65: NA | P65: =IFERROR(VLOOKUP(D65,'ARIA Member List'!$I$1:$J$275,2,FALSE),"No") -> No
A66: TRADECURE FINANCIAL RESEARCH | B66: 58 | C66: 0 | D66: INA000004823 | F66: 104 1st Floor Gajanan Square, Shriyantra Nagar Sector -B | G66: =VLOOKUP('SEBI List'!D:D,'SEBI RIA''s List'!B:E,4,0) -> anuragbajpai11@gmail.com | I66: =VLOOKUP(G:G,'SEBI RIA''s List'!E:F,2,0) | J66: =VLOOKUP(D:D,'SEBI RIA''s List'!B:H,7,0) -> INDORE | K66: =VLOOKUP(D:D,'SEBI RIA''s List'!B:I,8,0) -> MADHYA PRADESH | L66: =VLOOKUP(D:D,'SEBI RIA''s List'!B:J,9,0) -> 452001 | M66: Yes | N66: No | O66: NA | P66: =IFERROR(VLOOKUP(D66,'ARIA Member List'!$I$1:$J$275,2,FALSE),"No") -> No
A67: TUHINANSHU JAIN PROPRIETOR EQUITY RESEARCH LAB | B67: 57 | C67: 0 | D67: INA000002801 | E67: TUHINANSHU JAIN | F67: G/2, MEHTA MANSION, 10/4-B, YASHWANT NIWAS ROAD | G67: =VLOOKUP('SEBI List'!D:D,'SEBI RIA''s List'!B:E,4,0) -> info@equityresearchlab.com | I67: =VLOOKUP(G:G,'SEBI RIA''s List'!E:F,2,0) -> 0731000000 | J67: =VLOOKUP(D:D,'SEBI RIA''s List'!B:H,7,0) -> INDORE | K67: =VLOOKUP(D:D,'SEBI RIA''s List'!B:I,8,0) -> MADHYA PRADESH | L67: =VLOOKUP(D:D,'SEBI RIA''s List'!B:J,9,0) -> 452001 | M67: Yes | N67: No | O67: NA | P67: =IFERROR(VLOOKUP(D67,'ARIA Member List'!$I$1:$J$275,2,FALSE),"No") -> No
A68: ANKUSH SANODIYA PROPRIE TOR of DELIGHT FINANCIAL SERVICES | B68: 52 | C68: 1 | D68: INA000009278 | E68: ANKUSH SANODIYA Proprietor DELIGHT FINANCIAL SERVICES | F68: Delight Financial Services, G1 BLK B SCHNO114 PART 2 PRIME QUEENS APPT KANCHAN VIHAR COLONY NIRANJANPUR INDORE | G68: =VLOOKUP('SEBI List'!D:D,'SEBI RIA''s List'!B:E,4,0) -> delightfinancial@gmail.com | H68: Equity/Derivative | I68: =VLOOKUP(G:G,'SEBI RIA''s List'!E:F,2,0) | J68: =VLOOKUP(D:D,'SEBI RIA''s List'!B:H,7,0) -> INDORE | K68: =VLOOKUP(D:D,'SEBI RIA''s List'!B:I,8,0) -> MADHYA PRADESH | L68: =VLOOKUP(D:D,'SEBI RIA''s List'!B:J,9,0) -> 452010 | M68: Yes | N68: Yes | O68: 1073 | P68: =IFERROR(VLOOKUP(D68,'ARIA Member List'!$I$1:$J$275,2,FALSE),"No") -> No
A69: MINANCE INVESTMENT ADVISORS PVT. LTD. | B69: 52 | C69: 0 | D69: INA200012434 | E69: Sarbashish Basu | F69: No. 35/37, OLD No. 598, 11th Main Road,, Jayanagar 5th Bock | G69: =VLOOKUP('SEBI List'!D:D,'SEBI RIA''s List'!B:E,4,0) -> sbasu@minance.com | I69: =VLOOKUP(G:G,'SEBI RIA''s List'!E:F,2,0) | J69: =VLOOKUP(D:D,'SEBI RIA''s List'!B:H,7,0) -> BANGALORE | K69: =VLOOKUP(D:D,'SEBI RIA''s List'!B:I,8,0) -> KARNATAKA | L69: =VLOOKUP(D:D,'SEBI RIA''s List'!B:J,9,0) -> 560041 | M69: Yes | N69: No | O69: NA | P69: =IFERROR(VLOOKUP(D69,'ARIA Member List'!$I$1:$J$275,2,FALSE),"No") -> No
A70: KHUSHBOO VATSA PROPRIETOR TRADE NIVESH INVESTMENT ADVISER | B70: 50 | C70: 0 | D70: INA000002876 | E70: KHUSHBOO VATSA | F70: 426, ALOK NAGAR , (BAIKUNTH VIHAR), IN FRONT OF SAI MANDIR , INDORE | G70: =VLOOKUP('SEBI List'!D:D,'SEBI RIA''s List'!B:E,4,0) -> vatsa.khushboo@gmail.com | H70: Equity/Derivative | I70: =VLOOKUP(G:G,'SEBI RIA''s List'!E:F,2,0) -> 0731000000 | J70: =VLOOKUP(D:D,'SEBI RIA''s List'!B:H,7,0) -> INDORE | K70: =VLOOKUP(D:D,'SEBI RIA''s List'!B:I,8,0) -> MADHYA PRADESH | L70: =VLOOKUP(D:D,'SEBI RIA''s List'!B:J,9,0) -> 452001 | M70: Yes | N70: Yes | O70: 1476 | P70: =IFERROR(VLOOKUP(D70,'ARIA Member List'!$I$1:$J$275,2,FALSE),"No") -> No
A71: SHIVANSU JAISWAL PROPRIETOR of INVESTMENT MULTIPLIER FINANCIAL SERVICES | B71: 50 | C71: 1 | D71: INA000009427 | E71: SHIVANSU JAISWAL | F71: 301-A, 3RD FLOOR NEW-18 OLD-16,, KANCHAN SAGAR BHAWAN OLD PALASIA | G71: =VLOOKUP('SEBI List'!D:D,'SEBI RIA''s List'!B:E,4,0) -> shivansu.jaiswal001@gmail.com | H71: Equity/Derivative | I71: =VLOOKUP(G:G,'SEBI RIA''s List'!E:F,2,0) | J71: =VLOOKUP(D:D,'SEBI RIA''s List'!B:H,7,0) -> INDORE | K71: =VLOOKUP(D:D,'SEBI RIA''s List'!B:I,8,0) -> MADHYA PRADESH | L71: =VLOOKUP(D:D,'SEBI RIA''s List'!B:J,9,0) -> 452016 | M71: Yes | N71: Yes | O71: 1438 | P71: =IFERROR(VLOOKUP(D71,'ARIA Member List'!$I$1:$J$275,2,FALSE),"No") -> No
A72: JMP GOLDEN AEGIS INVESTMENT ADVISOR | B72: 49 | C72: 0 | D72: INA000010098 | E72: AYUSH SAHU | F72: OFFICE NO 408 PLOT NO 27 OM GURUDEV PLAZA SCH NO 54, MECHANIC NAGAR EXT INDORE | G72: =VLOOKUP('SEBI List'!D:D,'SEBI RIA''s List'!B:E,4,0) -> ayushsahu.pimr2012@gmail.com | H72: Equity/Derivative | I72: =VLOOKUP(G:G,'SEBI RIA''s List'!E:F,2,0) | J72: =VLOOKUP(D:D,'SEBI RIA''s List'!B:H,7,0) -> INDORE | K72: =VLOOKUP(D:D,'SEBI RIA''s List'!B:I,8,0) -> MADHYA PRADESH | L72: =VLOOKUP(D:D,'SEBI RIA''s List'!B:J,9,0) -> 452001 | M72: Yes | N72: Yes | O72: 1621 | P72: =IFERROR(VLOOKUP(D72,'ARIA Member List'!$I$1:$J$275,2,FALSE),"No") -> No
A73: NESTRA CAPITAL | B73: 48 | C73: 1 | D73: INA000011149 | E73: DHIRENDRA YADAV | F73: Unit No. 202, Gravity Mall, Plot No. 27, , Scheme No. 54, Mechanic Nagar Extension, Indore | G73: =VLOOKUP('SEBI List'!D:D,'SEBI RIA''s List'!B:E,4,0) -> dyadav422@gmail.com | H73: Equity/Derivative | I73: =VLOOKUP(G:G,'SEBI RIA''s List'!E:F,2,0) | J73: =VLOOKUP(D:D,'SEBI RIA''s List'!B:H,7,0) -> INDORE | K73: =VLOOKUP(D:D,'SEBI RIA''s List'!B:I,8,0) -> MADHYA PRADESH | L73: =VLOOKUP(D:D,'SEBI RIA''s List'!B:J,9,0) -> 452010 | M73: Yes | N73: Yes | O73: 1112 | P73: =IFERROR(VLOOKUP(D73,'ARIA Member List'!$I$1:$J$275,2,FALSE),"No") -> No
A74: ANKIT JAIN PROPRIETOR ETHICAL RESEARCH | B74: 47 | C74: 0 | D74: INA000003007 | E74: ANKIT JAIN | F74: 270-Saikripa Colony | G74: =VLOOKUP('SEBI List'!D:D,'SEBI RIA''s List'!B:E,4,0) -> ankiyajain209@gmail.com | H74: Equity/Derivative | I74: =VLOOKUP(G:G,'SEBI RIA''s List'!E:F,2,0) -> 0731000000 | J74: =VLOOKUP(D:D,'SEBI RIA''s List'!B:H,7,0) -> INDORE | K74: =VLOOKUP(D:D,'SEBI RIA''s List'!B:I,8,0) -> MADHYA PRADESH | L74: =VLOOKUP(D:D,'SEBI RIA''s List'!B:J,9,0) -> 452010 | M74: Yes | N74: Yes | O74: 1521 | P74: =IFERROR(VLOOKUP(D74,'ARIA Member List'!$I$1:$J$275,2,FALSE),"No") -> No
A75: NETWORTH RESEARCH AND INVESTMENT ADVISOR | B75: 47 | C75: 0 | D75: INA000010159 | E75: Neha Saluja | F75: 206 2nd Floor Aditya Pratap Building , 85 Shree Nagar Main Road | G75: =VLOOKUP('SEBI List'!D:D,'SEBI RIA''s List'!B:E,4,0) -> salujaneha25@gmail.com | H75: Equity/Derivative | I75: =VLOOKUP(G:G,'SEBI RIA''s List'!E:F,2,0) | J75: =VLOOKUP(D:D,'SEBI RIA''s List'!B:H,7,0) -> INDORE | K75: =VLOOKUP(D:D,'SEBI RIA''s List'!B:I,8,0) -> MADHYA PRADESH | L75: =VLOOKUP(D:D,'SEBI RIA''s List'!B:J,9,0) -> 452001 | M75: Yes | N75: Yes | O75: 1809 | P75: =IFERROR(VLOOKUP(D75,'ARIA Member List'!$I$1:$J$275,2,FALSE),"No") -> No
A76: ALTAMASH SHEIKH | B76: 46 | C76: 0 | D76: INA000010788 | E76: ALTAMASH SHEIKH | F76: SAMRAT TRADES,Office No. 411-A,fourth Floor, The Mark, Plot No-20A, old No.19/2, New Palasia | G76: =VLOOKUP('SEBI List'!D:D,'SEBI RIA''s List'!B:E,4,0) -> info@samrattrades.com | I76: =VLOOKUP(G:G,'SEBI RIA''s List'!E:F,2,0) | J76: =VLOOKUP(D:D,'SEBI RIA''s List'!B:H,7,0) -> INDORE | K76: =VLOOKUP(D:D,'SEBI RIA''s List'!B:I,8,0) -> MADHYA PRADESH | L76: =VLOOKUP(D:D,'SEBI RIA''s List'!B:J,9,0) -> 452001 | M76: Yes | N76: No | O76: NA | P76: =IFERROR(VLOOKUP(D76,'ARIA Member List'!$I$1:$J$275,2,FALSE),"No") -> No
A77: ALKA SHRIVASTAVA PROPRIETOR of MONEY SECURE INVESTOR | B77: 45 | C77: 0 | D77: INA000008817 | E77: ALKA SHRIVASTAVA | F77: 2st Floor , Plot no. 08 Office no. 201 , Mukati Nagar, New Line Telephone Nagar, Opposite Ring Road | G77: =VLOOKUP('SEBI List'!D:D,'SEBI RIA''s List'!B:E,4,0) -> sri.alka17@gmail.com | H77: Equity/Derivative | I77: =VLOOKUP(G:G,'SEBI RIA''s List'!E:F,2,0) | J77: =VLOOKUP(D:D,'SEBI RIA''s List'!B:H,7,0) -> INDORE | K77: =VLOOKUP(D:D,'SEBI RIA''s List'!B:I,8,0) -> MADHYA PRADESH | L77: =VLOOKUP(D:D,'SEBI RIA''s List'!B:J,9,0) -> 452001 | M77: Yes | N77: Yes | O77: 1471 | P77: =IFERROR(VLOOKUP(D77,'ARIA Member List'!$I$1:$J$275,2,FALSE),"No") -> No
A78: Angel Broking Pvt. Ltd. | B78: 44 | C78: 0 | M78: No | N78: No | O78: NA | P78: =IFERROR(VLOOKUP(D78,'ARIA Member List'!$I$1:$J$275,2,FALSE),"No") -> No
A79: HEMANT SONI PROPRIETOR of FIRST ADVISER | B79: 44 | C79: 0 | D79: INA000008765 | E79: Hemant Soni | F79: 01, 1st Floor, Diamond Tower, Tilak Nagar, , Near Ram Nagar Chouraha, AB Road | G79: =VLOOKUP('SEBI List'!D:D,'SEBI RIA''s List'!B:E,4,0) -> soni.hemant2011@gmail.com | I79: =VLOOKUP(G:G,'SEBI RIA''s List'!E:F,2,0) | J79: =VLOOKUP(D:D,'SEBI RIA''s List'!B:H,7,0) -> DEWAS | K79: =VLOOKUP(D:D,'SEBI RIA''s List'!B:I,8,0) -> MADHYA PRADESH | L79: =VLOOKUP(D:D,'SEBI RIA''s List'!B:J,9,0) -> 455001 | M79: Yes | N79: No | O79: NA | P79: =IFERROR(VLOOKUP(D79,'ARIA Member List'!$I$1:$J$275,2,FALSE),"No") -> No
A80: M/S PAISABAZAAR MARKETING AND CONSULTING PVT LTD | B80: 44 | C80: 0 | D80: INA100003949 | E80: PUSHKAR SINHA | F80: Plot No.135P, Sector 44, Gurugram -122001 | G80: =VLOOKUP('SEBI List'!D:D,'SEBI RIA''s List'!B:E,4,0) -> psinha@paisabazaar.com | H80: Online RIA | I80: =VLOOKUP(G:G,'SEBI RIA''s List'!E:F,2,0) -> 01244214403 | J80: =VLOOKUP(D:D,'SEBI RIA''s List'!B:H,7,0) -> GURGAON | K80: =VLOOKUP(D:D,'SEBI RIA''s List'!B:I,8,0) -> HARYANA | L80: =VLOOKUP(D:D,'SEBI RIA''s List'!B:J,9,0) -> 122001 | M80: Yes | N80: Yes | O80: 1539 | P80: =IFERROR(VLOOKUP(D80,'ARIA Member List'!$I$1:$J$275,2,FALSE),"No") -> No
A81: RAVI SHARMA PROP FUND BAZAAR INDIA | B81: 44 | C81: 0 | D81: INA000010520 | E81: RAVI SHARMA | F81: 389-390,1st FLOOR, PU-4, SCHM. NO.54 VIJAY NAGAR INDORE | G81: =VLOOKUP('SEBI List'!D:D,'SEBI RIA''s List'!B:E,4,0) -> SHARMA.RAVI1499@GMAIL.COM | I81: =VLOOKUP(G:G,'SEBI RIA''s List'!E:F,2,0) | J81: =VLOOKUP(D:D,'SEBI RIA''s List'!B:H,7,0) -> INDORE | K81: =VLOOKUP(D:D,'SEBI RIA''s List'!B:I,8,0) -> MADHYA PRADESH | L81: =VLOOKUP(D:D,'SEBI RIA''s List'!B:J,9,0) -> 452010 | M81: Yes | N81: No | O81: NA | P81: =IFERROR(VLOOKUP(D81,'ARIA Member List'!$I$1:$J$275,2,FALSE),"No") -> No
A82: Finzoom Investment Advisors Pvt. Ltd. | B82: 42 | C82: 3 | D82: INA100012190 | E82: Ashish Kashyap | F82: BC-27, Sector 50, Nirvana Country | G82: =VLOOKUP('SEBI List'!D:D,'SEBI RIA''s List'!B:E,4,0) -> ashish@finzoom.in | H82: Equity/Derivative | I82: =VLOOKUP(G:G,'SEBI RIA''s List'!E:F,2,0) | J82: =VLOOKUP(D:D,'SEBI RIA''s List'!B:H,7,0) -> GURGAON | K82: =VLOOKUP(D:D,'SEBI RIA''s List'!B:I,8,0) -> HARYANA | L82: =VLOOKUP(D:D,'SEBI RIA''s List'!B:J,9,0) -> 122018 | M82: Yes | N82: Yes | O82: 1154 | P82: =IFERROR(VLOOKUP(D82,'ARIA Member List'!$I$1:$J$275,2,FALSE),"No") -> yes
A83: REVENUE MAKER FINANCIAL SERVICES | B83: 42 | C83: 0 | D83: INA000009816 | E83: Vijay Sharma | F83: 391/1 1st Floor,Guru Nanak Timber Market, Dhar Road | G83: =VLOOKUP('SEBI List'!D:D,'SEBI RIA''s List'!B:E,4,0) -> vijaysharma99920@yahoo.com | I83: =VLOOKUP(G:G,'SEBI RIA''s List'!E:F,2,0) | J83: =VLOOKUP(D:D,'SEBI RIA''s List'!B:H,7,0) -> INDORE | K83: =VLOOKUP(D:D,'SEBI RIA''s List'!B:I,8,0) -> MADHYA PRADESH | L83: =VLOOKUP(D:D,'SEBI RIA''s List'!B:J,9,0) -> 452005 | M83: Yes | N83: No | O83: NA | P83: =IFERROR(VLOOKUP(D83,'ARIA Member List'!$I$1:$J$275,2,FALSE),"No") -> No
A84: Banayantree Services Limited | B84: 40 | C84: 1 | D84: INA100006898 | E84: Neeraj Gugnani | F84: Express Building, 9 and 10, Bahadurshah Zafar Marg | G84: =VLOOKUP('SEBI List'!D:D,'SEBI RIA''s List'!B:E,4,0) -> Compliance@timesinternet.in | H84: Equity/Derivative | I84: =VLOOKUP(G:G,'SEBI RIA''s List'!E:F,2,0) -> 1241241244187000 | J84: =VLOOKUP(D:D,'SEBI RIA''s List'!B:H,7,0) -> DELHI | K84: =VLOOKUP(D:D,'SEBI RIA''s List'!B:I,8,0) -> NATIONAL CAPITAL TERRITORY OF DELHI | L84: =VLOOKUP(D:D,'SEBI RIA''s List'!B:J,9,0) -> 110002 | M84: Yes | N84: Yes | O84: 1068 | P84: =IFERROR(VLOOKUP(D84,'ARIA Member List'!$I$1:$J$275,2,FALSE),"No") -> No
A85: DWARKA PRASAD GUPTA | B85: 38 | C85: 0 | D85: INA000009728 | E85: DWARKA GUPTA | F85: B/3, New Shivkrupa Apartment,, Opp. Kanchan Baug Society, Nava Vadaj, Naranpura, | G85: =VLOOKUP('SEBI List'!D:D,'SEBI RIA''s List'!B:E,4,0) -> dwarka_gupta@yahoo.co.in | I85: =VLOOKUP(G:G,'SEBI RIA''s List'!E:F,2,0) | J85: =VLOOKUP(D:D,'SEBI RIA''s List'!B:H,7,0) -> AHMEDABAD | K85: =VLOOKUP(D:D,'SEBI RIA''s List'!B:I,8,0) -> GUJARAT | L85: =VLOOKUP(D:D,'SEBI RIA''s List'!B:J,9,0) -> 380013 | M85: Yes | N85: No | O85: NA | P85: =IFERROR(VLOOKUP(D85,'ARIA Member List'!$I$1:$J$275,2,FALSE),"No") -> No
A86: LOKENDRA SAHU PROPRIETOR AURUM FINANCIAL SERVICES | B86: 38 | C86: 0 | D86: INA000002520 | E86: LOKENDRA SAHU | F86: 340 D/AD, SCHEME NO. 74-C, VIJAY NAGAR INDORE | G86: =VLOOKUP('SEBI List'!D:D,'SEBI RIA''s List'!B:E,4,0) -> aurum.service4u@gmail.com | H86: Equity/Derivative | I86: =VLOOKUP(G:G,'SEBI RIA''s List'!E:F,2,0) -> 07310000000 | J86: =VLOOKUP(D:D,'SEBI RIA''s List'!B:H,7,0) -> INDORE | K86: =VLOOKUP(D:D,'SEBI RIA''s List'!B:I,8,0) -> MADHYA PRADESH | L86: =VLOOKUP(D:D,'SEBI RIA''s List'!B:J,9,0) -> 452001 | M86: Yes | N86: Yes | O86: 1316 | P86: =IFERROR(VLOOKUP(D86,'ARIA Member List'!$I$1:$J$275,2,FALSE),"No") -> No
A87: Money Capital Live | B87: 38 | C87: 0 | D87: INA000011723 | E87: Vishnu Tiwari | F87: 3-M-5, Shri Balaji Agora Residency, Gandhinagar, Sughad | G87: =VLOOKUP('SEBI List'!D:D,'SEBI RIA''s List'!B:E,4,0) -> moneycapitallive@gmail.com | H87: Equity/Derivative | I87: =VLOOKUP(G:G,'SEBI RIA''s List'!E:F,2,0) | J87: =VLOOKUP(D:D,'SEBI RIA''s List'!B:H,7,0) -> GANDHINAGAR | K87: =VLOOKUP(D:D,'SEBI RIA''s List'!B:I,8,0) -> GUJARAT | L87: =VLOOKUP(D:D,'SEBI RIA''s List'!B:J,9,0) -> 382424 | M87: Yes | N87: Yes | O87: 1541 | P87: =IFERROR(VLOOKUP(D87,'ARIA Member List'!$I$1:$J$275,2,FALSE),"No") -> No
A88: Trade Nexa Research Investment Advisor | B88: 38 | C88: 0 | D88: INA000009083 | E88: Minakshi Asavani | F88: J Gopal, 1st floor, 352 PU4, Scheme No 54 | G88: =VLOOKUP('SEBI List'!D:D,'SEBI RIA''s List'!B:E,4,0) -> tradenexaresearch@gmail.com | H88: Equity/Derivative | I88: =VLOOKUP(G:G,'SEBI RIA''s List'!E:F,2,0) | J88: =VLOOKUP(D:D,'SEBI RIA''s List'!B:H,7,0) -> INDORE | K88: =VLOOKUP(D:D,'SEBI RIA''s List'!B:I,8,0) -> MADHYA PRADESH | L88: =VLOOKUP(D:D,'SEBI RIA''s List'!B:J,9,0) -> 452001 | M88: Yes | N88: Yes | O88: 1267 | P88: =IFERROR(VLOOKUP(D88,'ARIA Member List'!$I$1:$J$275,2,FALSE),"No") -> No
A89: GARIMA VERMA PROPRIETOR SHIELD RESEARCH ADVISORY SERVICES | B89: 37 | C89: 0 | D89: INA000004476 | F89: PLOT NO. 154-155, PU-4, SCHEME NO 54, AB ROAD, FIRST FLOOR | G89: =VLOOKUP('SEBI List'!D:D,'SEBI RIA''s List'!B:E,4,0) -> garimaverma.ia@gmail.com | I89: =VLOOKUP(G:G,'SEBI RIA''s List'!E:F,2,0) | J89: =VLOOKUP(D:D,'SEBI RIA''s List'!B:H,7,0) -> INDORE | K89: =VLOOKUP(D:D,'SEBI RIA''s List'!B:I,8,0) -> MADHYA PRADESH | L89: =VLOOKUP(D:D,'SEBI RIA''s List'!B:J,9,0) -> 452001 | M89: Yes | N89: No | O89: NA | P89: =IFERROR(VLOOKUP(D89,'ARIA Member List'!$I$1:$J$275,2,FALSE),"No") -> No
A90: Podium Market Research | B90: 37 | C90: 2 | D90: INA300011706 | E90: Suman Kumar | F90: A-104, Ali Nagar Colony, Opp Gulshan Plaza Apartment Anishabad | G90: =VLOOKUP('SEBI List'!D:D,'SEBI RIA''s List'!B:E,4,0) -> suman20may@gmail.com | H90: Equity/Derivative | I90: =VLOOKUP(G:G,'SEBI RIA''s List'!E:F,2,0) | J90: =VLOOKUP(D:D,'SEBI RIA''s List'!B:H,7,0) -> PATNA | K90: =VLOOKUP(D:D,'SEBI RIA''s List'!B:I,8,0) -> BIHAR | L90: =VLOOKUP(D:D,'SEBI RIA''s List'!B:J,9,0) -> 800002 | M90: Yes | N90: Yes | O90: 1414 | P90: =IFERROR(VLOOKUP(D90,'ARIA Member List'!$I$1:$J$275,2,FALSE),"No") -> No
A91: SUMIT KUMAR WAGHMARE | B91: 37 | C91: 2 | D91: INA200013099 | E91: SUMIT WAGHMARE | F91: Property No. 1318, JP Nagar 2nd Phase | G91: =VLOOKUP('SEBI List'!D:D,'SEBI RIA''s List'!B:E,4,0) -> sumit.waghmare86@gmail.com | H91: Equity/Derivative | I91: =VLOOKUP(G:G,'SEBI RIA''s List'!E:F,2,0) | J91: =VLOOKUP(D:D,'SEBI RIA''s List'!B:H,7,0) -> BANGALORE | K91: =VLOOKUP(D:D,'SEBI RIA''s List'!B:I,8,0) -> KARNATAKA | L91: =VLOOKUP(D:D,'SEBI RIA''s List'!B:J,9,0) -> 560078 | M91: Yes | N91: Yes | O91: 1236 | P91: =IFERROR(VLOOKUP(D91,'ARIA Member List'!$I$1:$J$275,2,FALSE),"No") -> yes
A92: DR. NIKHIL DAYANAND BALJEKAR | B92: 36 | C92: 0 | D92: INA200004359 | F92: SRUSHTI COMPLEX, G BLOCK, 402-403 M.G. ROAD, TILAKWADIVIKAS | G92: =VLOOKUP('SEBI List'!D:D,'SEBI RIA''s List'!B:E,4,0) -> nbaljekar6@gmail.com | I92: =VLOOKUP(G:G,'SEBI RIA''s List'!E:F,2,0) -> 9167046789 | J92: =VLOOKUP(D:D,'SEBI RIA''s List'!B:H,7,0) -> BELGAUM | K92: =VLOOKUP(D:D,'SEBI RIA''s List'!B:I,8,0) -> KARNATAKA | L92: =VLOOKUP(D:D,'SEBI RIA''s List'!B:J,9,0) -> 590006 | M92: Yes | N92: No | O92: NA | P92: =IFERROR(VLOOKUP(D92,'ARIA Member List'!$I$1:$J$275,2,FALSE),"No") -> No
A93: REDDITO CAPITAL INVESTMENT ADVISORS PRIVATE LIMITED | B93: 36 | C93: 0 | D93: INA000013040 | E93: Pankaj Solanki | F93: c/o Subhash Parsram Awtani,, 152/8, Sardarnagar, | G93: =VLOOKUP('SEBI List'!D:D,'SEBI RIA''s List'!B:E,4,0) -> radditoinvestment@gmail.com | H93: Equity/Derivative | I93: =VLOOKUP(G:G,'SEBI RIA''s List'!E:F,2,0) | J93: =VLOOKUP(D:D,'SEBI RIA''s List'!B:H,7,0) -> AHMEDABAD | K93: =VLOOKUP(D:D,'SEBI RIA''s List'!B:I,8,0) -> GUJARAT | L93: =VLOOKUP(D:D,'SEBI RIA''s List'!B:J,9,0) -> 382475 | M93: Yes | N93: Yes | O93: 1570 | P93: =IFERROR(VLOOKUP(D93,'ARIA Member List'!$I$1:$J$275,2,FALSE),"No") -> No
A94: Sunil Patel proprietor of Research24 | B94: 36 | C94: 0 | D94: INA000007988 | E94: SUNIL PATEL | F94: Unit No. 712,713 Seven Floor, Princes Business Skypark, SCH 54 PU-3 Commercial Opp. Orbit Mall Indore | G94: =VLOOKUP('SEBI List'!D:D,'SEBI RIA''s List'!B:E,4,0) -> sunilpatel211990@gmail.com | H94: Equity/Derivative | I94: =VLOOKUP(G:G,'SEBI RIA''s List'!E:F,2,0) | J94: =VLOOKUP(D:D,'SEBI RIA''s List'!B:H,7,0) -> INDORE | K94: =VLOOKUP(D:D,'SEBI RIA''s List'!B:I,8,0) -> MADHYA PRADESH | L94: =VLOOKUP(D:D,'SEBI RIA''s List'!B:J,9,0) -> 452010 | M94: Yes | N94: Yes | O94: 1597 | P94: =IFERROR(VLOOKUP(D94,'ARIA Member List'!$I$1:$J$275,2,FALSE),"No") -> No
A95: POONAM GAUTAM PROPRIETOR UNIQUE RESEARCH | B95: 35 | C95: 0 | D95: INA000002512 | E95: POONAM GAUTAM | F95: 6th Floor Part B Block, Metro Tower Vijay Nagar | G95: =VLOOKUP('SEBI List'!D:D,'SEBI RIA''s List'!B:E,4,0) -> info.uniqueresearch@gmail.com | I95: =VLOOKUP(G:G,'SEBI RIA''s List'!E:F,2,0) -> 07310000000 | J95: =VLOOKUP(D:D,'SEBI RIA''s List'!B:H,7,0) -> INDORE | K95: =VLOOKUP(D:D,'SEBI RIA''s List'!B:I,8,0) -> MADHYA PRADESH | L95: =VLOOKUP(D:D,'SEBI RIA''s List'!B:J,9,0) -> 452010 | M95: Yes | N95: No | O95: NA | P95: =IFERROR(VLOOKUP(D95,'ARIA Member List'!$I$1:$J$275,2,FALSE),"No") -> No
A96: KARVY INVESTMENT ADVISORY SERVICES LIMITED | B96: 34 | C96: 0 | D96: INA200001959 | E96: MS. JHARNA AGARWAL | F96: 'KARVY HOUSE', 46, AVENUE 4,, STREET NO. 1, BANJARA HILLS, | G96: =VLOOKUP('SEBI List'!D:D,'SEBI RIA''s List'!B:E,4,0) -> jharna.Agarwal@karvy.com | I96: =VLOOKUP(G:G,'SEBI RIA''s List'!E:F,2,0) -> 2233055010 | J96: =VLOOKUP(D:D,'SEBI RIA''s List'!B:H,7,0) -> HYDERABAD | K96: =VLOOKUP(D:D,'SEBI RIA''s List'!B:I,8,0) -> ANDHRA PRADESH | L96: =VLOOKUP(D:D,'SEBI RIA''s List'!B:J,9,0) -> 500034 | M96: Yes | N96: No | O96: NA | P96: =IFERROR(VLOOKUP(D96,'ARIA Member List'!$I$1:$J$275,2,FALSE),"No") -> No
A97: NEERAJ KUMAR JAIN PROPRIETOR of CAPITAL PRIDE | B97: 34 | C97: 0 | D97: INA000008792 | E97: Neeraj Jain | F97: 65/4, SECOND FLOOR, SANVID NAGAR MAIN, KANADIYA MAIN ROAD | G97: =VLOOKUP('SEBI List'!D:D,'SEBI RIA''s List'!B:E,4,0) -> neerajkumarjain1989@gmail.com | I97: =VLOOKUP(G:G,'SEBI RIA''s List'!E:F,2,0) | J97: =VLOOKUP(D:D,'SEBI RIA''s List'!B:H,7,0) -> INDORE | K97: =VLOOKUP(D:D,'SEBI RIA''s List'!B:I,8,0) -> MADHYA PRADESH | L97: =VLOOKUP(D:D,'SEBI RIA''s List'!B:J,9,0) -> 452001 | M97: Yes | N97: No | O97: NA | P97: =IFERROR(VLOOKUP(D97,'ARIA Member List'!$I$1:$J$275,2,FALSE),"No") -> No
A98: ASIAN RESEARCH HOUSE | B98: 33 | C98: 0 | D98: INA000004732 | F98: C-18, HIG COLONY, ABOVE BANK OF BARODA, NEAR ATAL DWAR | G98: =VLOOKUP('SEBI List'!D:D,'SEBI RIA''s List'!B:E,4,0) -> gagangupta487@gmail.com | I98: =VLOOKUP(G:G,'SEBI RIA''s List'!E:F,2,0) | J98: =VLOOKUP(D:D,'SEBI RIA''s List'!B:H,7,0) -> INDORE | K98: =VLOOKUP(D:D,'SEBI RIA''s List'!B:I,8,0) -> MADHYA PRADESH | L98: =VLOOKUP(D:D,'SEBI RIA''s List'!B:J,9,0) -> 452001 | M98: Yes | N98: No | O98: NA | P98: =IFERROR(VLOOKUP(D98,'ARIA Member List'!$I$1:$J$275,2,FALSE),"No") -> No
A99: RAJU SATPUTE PROPRIETOR THE EQUAL RESEARCH | B99: 33 | C99: 0 | D99: INA000004377 | F99: 26,PU-4,COMMERCIAL SCHEME NO-54, BEHIND C-21 MALL | G99: =VLOOKUP('SEBI List'!D:D,'SEBI RIA''s List'!B:E,4,0) -> raju.satpute@astral.ac.in | H99: Equity/Derivative | I99: =VLOOKUP(G:G,'SEBI RIA''s List'!E:F,2,0) | J99: =VLOOKUP(D:D,'SEBI RIA''s List'!B:H,7,0) -> INDORE | K99: =VLOOKUP(D:D,'SEBI RIA''s List'!B:I,8,0) -> MADHYA PRADESH | L99: =VLOOKUP(D:D,'SEBI RIA''s List'!B:J,9,0) -> 452010 | M99: Yes | N99: Yes | O99: 1475 | P99: =IFERROR(VLOOKUP(D99,'ARIA Member List'!$I$1:$J$275,2,FALSE),"No") -> No
A100: Finetech Research & Investment Advisor | B100: 31 | C100: 0 | D100: INA000008756 | E100: Sanjay Sharma | F100: OFFICE NO 108, 1ST FLOOR PRINCES BUSINESS SLY PARK, SCH NO 54/PU3 AB ROAD VIJAY NAGAR | G100: =VLOOKUP('SEBI List'!D:D,'SEBI RIA''s List'!B:E,4,0) -> sanjaysharma2788@gmail.com | H100: Equity/Derivative | I100: =VLOOKUP(G:G,'SEBI RIA''s List'!E:F,2,0) | J100: =VLOOKUP(D:D,'SEBI RIA''s List'!B:H,7,0) -> INDORE | K100: =VLOOKUP(D:D,'SEBI RIA''s List'!B:I,8,0) -> MADHYA PRADESH | L100: =VLOOKUP(D:D,'SEBI RIA''s List'!B:J,9,0) -> 452001 | M100: Yes | N100: Yes | O100: 1542 | P100: =IFERROR(VLOOKUP(D100,'ARIA Member List'!$I$1:$J$275,2,FALSE),"No") -> No
...

Sheet ARIA Complaint Member
A1: Name | B1: Received | C1: Pending Actionable | D1: Registration Id | E1: Contact Person | F1: Address | G1: Email-Id | I1: Telephone | J1: City | K1: State | L1: Pincode | M1: If the person is part of the 1318 SEBI RIA list | N1: If the person is part of BSEASL list | O1: BSEASL registration number | P1: ARIA
A2: AMIT GANGRADE PROPRIETOR INVESTMENT RESEARCH ADVISOR | B2: 117 | C2: 1 | D2: INA000003387 | E2: AMIT GANGRADE | F2: 403, Shrinath Avenue, Kibe Compound | G2: mitgangrade@gmail.com | I2: 0731000000 | J2: INDORE | K2: MADHYA PRADESH | L2: 452001 | M2: Yes | N2: Yes | O2: 1323 | P2: yes
A3: DREAMGAINS FINANCIALS INDIA PRIVATE LTD | B3: 75 | C3: 0 | D3: INA200002973 | E3: MR.SURAJ SREENATH | F3: NO.219, 1ST FLOOR, GAJANANA TOWERS,, JP NAGAR, 2ND PHASE, | G3: suraj.sreenath@dreamgains.com | I3: 8067363636 | J3: BANGALORE | K3: KARNATAKA | L3: 560078 | M3: Yes | N3: Yes | O3: 1309 | P3: yes
A4: Finzoom Investment Advisors Pvt. Ltd. | B4: 42 | C4: 3 | D4: INA100012190 | E4: Ashish Kashyap | F4: BC-27, Sector 50, Nirvana Country | G4: ashish@finzoom.in | J4: GURGAON | K4: HARYANA | L4: 122018 | M4: Yes | N4: Yes | O4: 1154 | P4: yes
A5: SUMIT KUMAR WAGHMARE | B5: 37 | C5: 2 | D5: INA200013099 | E5: SUMIT WAGHMARE | F5: Property No. 1318, JP Nagar 2nd Phase | G5: sumit.waghmare86@gmail.com | J5: BANGALORE | K5: KARNATAKA | L5: 560078 | M5: Yes | N5: Yes | O5: 1236 | P5: yes
A6: REAL TIME FINANCIAL SERVICES | B6: 31 | C6: 1 | D6: INA000010177 | E6: Neha Pareta | F6: Office No. 520 5th Floor Onam Plaza , 18 Palasia AB Road | G6: excellence_india@hotmail.com | J6: INDORE | K6: MADHYA PRADESH | L6: 452009 | M6: Yes | N6: Yes | O6: 1131 | P6: yes
A7: MANU CHHABRA | B7: 30 | C7: 0 | D7: INA200013992 | E7: MANU CHHABRA | F7: D-2 SAI CHARAN APARTMENT,10TH CROSS , DODDA BANASWADI, NEAR RAMAMURTHY CHOWK | G7: absolute.finserve@gmail.com | J7: BANGALORE | K7: KARNATAKA | L7: 560043 | M7: Yes | N7: Yes | O7: 1779 | P7: yes
A8: FUND NAVIGATOR FINANCIAL ADVISERS | B8: 28 | C8: 0 | D8: INA000010168 | E8: Rajesh Parauha | F8: 401-402 Rafael Tower, 8/2 Old Plasia | G8: rajeshparaouha@gmail.com | J8: INDORE | K8: MADHYA PRADESH | L8: 452010 | M8: Yes | N8: Yes | O8: 1509 | P8: yes
A9: EQUENTIS WEALTH ADVISORY SERVICES PRIVATE LIMITED | B9: 24 | C9: 2 | D9: INA000003874 | E9: MR. PARAG PATKI | F9: A-603, Marathon Futurex, Mafatlal Mills Compound,, N. M. Joshi Marg, Lower Parel, | G9: parag.patki@equentis.com | I9: 2261013800 | J9: MUMBAI | K9: MAHARASHTRA | L9: 400013 | M9: Yes | N9: Yes | O9: 1816 | P9: yes
B10: =SUM(B2:B9) -> 384 | C10: =SUM(C2:C9) -> 9

Sheet summary
B2: Summary of unresolved complaints against RIAs registered with BSEASL
C3: No. of RIAs | D3: %age to total | E3: received complaints | F3: %age to total | G3: unresolved complaints | H3: %age to total
B4: More than 10 received complaints | C4: 80 | D4: =C4/C7 -> 0.090293454 | E4: 4999 | F4: =E4/E7 -> 0.93825075 | G4: 49 | H4: =G4/G7 -> 0.81666667
B5: Less than 10 received complaints | C5: 118 | D5: =C5/C7 -> 0.13318284 | E5: 329 | F5: =E5/E7 -> 0.061749249 | G5: 11 | H5: =G5/G7 -> 0.18333333
B6: No complaints ever received | C6: 688 | D6: =C6/C7 -> 0.7765237 | E6: 0 | F6: =E6/E7 -> 0 | G6: 0 | H6: =G6/G7 -> 0
B7: Total | C7: =SUM(C4:C6) -> 886 | D7: =SUM(D4:D6) -> 1 | E7: =SUM(E4:E6) -> 5328 | F7: =SUM(F4:F6) -> 1 | G7: =SUM(G4:G6) -> 60 | H7: =SUM(H4:H6) -> 1

Sheet SEBI RIA's List
A1: Name | B1: Registration No. | C1: Contact Person | D1: Address | E1: Email-Id | F1: Telephone | G1: Fax | H1: City | I1: State | J1: Pincode | K1: Address | L1: Email-Id | M1: Telephone | N1: Fax | O1: City | P1: State | Q1: Pincode | R1: From | S1: To | T1: Country
A2: 1 Finance Private Limited | B2: INA000017523 | C2: Mohan Kumar | D2: Marwadi Financial Plaza Nana Mava Main Road, Off 150 Feet Ring Road | E2: bseasl.membership@bseasl.com | H2: RAJKOT | I2: GUJARAT | J2: 360001 | K2: Unit No B- 1101/1102, 11th Floor B Wing, Lotus Corporate Park Off Western Express Highway Goregaon (E) | O2: MUMBAI | P2: MAHARASHTRA | Q2: 400063 | R2: Dec 22, 2022 | S2: Perpetual
A3: 1729 ADVISORS LLP | B3: INA100011951 | C3: Deepak Thakran | D3: K-135, South City, Phase-1 | E3: deepak@1729advisors.com | F3: 9112404081018 | G3: 9112404081018 | H3: GURGAON | I3: HARYANA | J3: 122001 | K3: K-135, South City, Phase-1 | O3: GURGAON | P3: HARYANA | Q3: 122001 | R3: Oct 31, 2018 | S3: Perpetual
A4: 21G INVESTMENT ADVISERS PRIVATE LIMITED | B4: INA000017231 | C4: ALISHA | D4: 2455 GR, DN ARJAN NAGAR, R S ROAD | E4: munjal2805@gmail.com | H4: LUDHIANA | I4: PUNJAB | J4: 141003 | K4: 2455 GR, DN ARJAN NAGAR, R S ROAD | O4: LUDHIANA | P4: PUNJAB | Q4: 141003 | R4: Oct 07, 2022 | S4: Perpetual
A5: 29K INVESTMENT ADVISERS PRIVATE LTD | B5: INA200000365 | C5: MR.PRASHANTH PRABHU | D5: First Floor, No. 19, Old No.39, 9th Cross, Jayanagar 2 Block | E5: support@29kadvisers.com | F5: 9019110110 | G5: 9019110110 | H5: BANGALORE | I5: KARNATAKA | J5: 560011 | K5: Level 15, Concorde Towers, U B City, 1 VittalMallya Road, | O5: BANGALORE | P5: KARNATAKA | Q5: 560001 | R5: Nov 27, 2013 | S5: Perpetual
A6: 3M TEAM SECURITIES SERVICES PVT. LTD. | B6: INA000002199 | C6: RAKESH SETHI | D6: 325, MILINDA MANOR, RNT MARG, OPP. CENTRAL MALL | E6: rakesh01962@gmail.com | F6: 07314098347 | G6: 07314098347 | H6: INDORE | I6: MADHYA PRADESH | J6: 452001 | K6: 325, Milinda Manor, RNT Marg, Opp. Central Mall | O6: INDORE | P6: MADHYA PRADESH | Q6: 452001 | R6: Sep 09, 2014 | S6: Perpetual
A7: 5paisa Capital Limited | B7: INA000014252 | C7: Namita Godbole | D7: IIFL House, Sun Infotech Park, Plot No. B-23, Road No. 16V, Wagle Estate | E7: namita.godbole@5paisa.com | H7: THANE | I7: MAHARASHTRA | J7: 400604 | K7: IIFL House, Sun Infotech Park, Plot No. B-23, Road No. 16V, Wagle Estate | O7: THANE | P7: MAHARASHTRA | Q7: 400604 | R7: Dec 05, 2019 | S7: Perpetual
A8: 6 SIGMA WEALTH ADVISORS | B8: INA200002536 | C8: MR. S VENKATRAMAN MANAGING PARTNER | D8: New No. 66, 3rd Main Road, Kasturba Nagar, Adyar | E8: 6sigmawealth@gmail.com | F8: 44330033 | G8: 44330033 | H8: CHENNAI | I8: TAMIL NADU | J8: 600020 | K8: Suite 806, MLS Business Centre - Tower II - Floor 8, TVH Beliciaa Towers, MRC Nagar | O8: CHENNAI | P8: TAMIL NADU | Q8: 600028 | R8: Dec 31, 2014 | S8: Perpetual
A9: 90-10 Financial Planners Pvt Ltd | B9: INA200008291 | C9: Rajesh Rao | D9: No.16/4-1, 9th Main, Opp. Jos Alukkas Jewellery, 3rd Block Jayanagar | E9: rajesh@90to10.com | H9: BANGALORE | I9: KARNATAKA | J9: 560011 | K9: No.16/4-1, 9th Main, Opp. Jos Alukkas Jewellery, 3rd Block Jayanagar | O9: BANGALORE | P9: KARNATAKA | Q9: 560011 | R9: Aug 22, 2017 | S9: Perpetual
A10: A&A Dukaan Financial Services Private Limited | B10: INA200006600 | C10: Ajit Narasimhan | D10: No. 14/43, Hameedia Centre, 3rd Floor,, Haddows Road, Nungambakkam | E10: ajit.narasimhan@bankbazaar.com | H10: CHENNAI | I10: TAMIL NADU | J10: 600006 | K10: No. 14/43, Hameedia Centre, 3rd Floor, Haddows Road, Nungambakkam | O10: CHENNAI | P10: TAMIL NADU | Q10: 600006 | R10: Oct 21, 2016 | S10: Perpetual
A11: A. K. Capital Services Limited | B11: INA000007669 | C11: Tejas Dawda | D11: 603, 6th Floor, Windsor, Off CST Road, Kalina, Santacruz East Mumbai | E11: tejas.davda@akgroup.co.in | F11: 912267546546 | G11: 912267546546 | H11: MUMBAI | I11: MAHARASHTRA | J11: 400098 | K11: 30-39, Free Press House, 3rd Floor, Free Press Journal Marg, 215, Nariman Point | O11: MUMBAI | P11: MAHARASHTRA | Q11: 400021 | R11: May 16, 2017 | S11: Perpetual
A12: AARIN ASSET ADVISORS LLP | B12: INA200001074 | C12: DEEPAK NATRAJ | D12: GRACE TOWERS, 2ND FLOOR,, NO.70, MILLERS ROAD, | E12: md@aarinassetadvisors.com | F12: 8030789100 | G12: 8030789100 | H12: BANGALORE | I12: KARNATAKA | J12: 560052 | K12: GRACE TOWERS, 2ND FLOOR, NO.70, MILLERS ROAD, | O12: BANGALORE | P12: KARNATAKA | Q12: 560052 | R12: Feb 11, 2014 | S12: Perpetual
A13: Aarti Mohan (Proprietor : Aurion Advisors) | B13: INA000016454 | C13: AARTI MOHAN | D13: 32 Rivoli Apartments, 49 Veronica Road, Bandra West | E13: AARTIM159@GMAIL.COM | H13: MUMBAI | I13: MAHARASHTRA | J13: 400050 | K13: 32 Rivoli Apartments, 49 Veronica Road, Bandra West | O13: MUMBAI | P13: MAHARASHTRA | Q13: 400050 | R13: Dec 07, 2021 | S13: Perpetual
A14: AARVEE INVESTMENT ADVISERS | B14: INA000010274 | C14: VINAY VAIDYA | D14: Flat No 109 First Floor Krishna Cloth Market , Vithalwadi Kalbdevi | E14: vinay_vaidya2004@yahoo.com | H14: MUMBAI | I14: MAHARASHTRA | J14: 400002 | K14: Flat No 109 First Floor Krishna Cloth Market , Vithalwadi Kalbdevi | O14: MUMBAI | P14: MAHARASHTRA | Q14: 400002 | R14: Apr 10, 2018 | S14: Perpetual
A15: AASHISH BHARGAVA | B15: INA100008629 | C15: AASHISH BHARGAVA | D15: Flat 702, Tower 7, Vipul Greens, Sohna Road, Sector 48 | E15: AASHISH@INVESTMY.MONEY | H15: GURGAON | I15: HARYANA | J15: 122002 | K15: Flat 702, Tower 7, Vipul Greens, Sohna Road, Sector 48 | O15: GURGAON | P15: HARYANA | Q15: 122002 | R15: Oct 26, 2017 | S15: Perpetual
A16: AASHISH TATER | B16: INA300001206 | C16: AASHISH TATER | D16: 21, HEMANTA BASU SARANI,CENTRE POINT,, ROOM NO. 404, | E16: aashishtater@fortunewizard.com | F16: 9133 40732036 | G16: 9133 40732036 | H16: KOLKATA | I16: WEST BENGAL | J16: 700001 | K16: 105/2 A, Northern Heights, Ultadanga Main Road, Flat 304 A,Block 3 | O16: KOLKATA | P16: WEST BENGAL | Q16: 700067 | R16: Mar 07, 2014 | S16: Perpetual
A17: AAUM INVESTMENT ADVISERS PRIVATE LIMITED | B17: INA100005050 | D17: No. 207 (93),, Venkatachalam Street, Mylapore | E17: mahesh.parasuraman@gmail.com | F17: 9867248884 | G17: 9867248884 | H17: CHENNAI | I17: TAMIL NADU | J17: 600004 | K17: REGUS BUSINESS CENTRE, CONCORDE TOWERS, UB CITY, LEVEL 14, 24/1, VITTAL MALLYA ROAD | O17: BANGALORE | P17: KARNATAKA | Q17: 560001 | R17: Jun 28, 2016 | S17: Perpetual
A18: Aavishkaar Investment Advisers IFSC Private Limited | B18: INAIFSC10001 | D18: Unit 608, Signature, 6th Floor, Bldg No 13B, Block No 13, Zone 1, Road 1C, Gift SEZ, Gift City | H18: GANDHINAGAR | I18: GUJARAT | J18: 382355 | K18: 13B, 6th Floor, Techniplex II, Off. Veer Savarkar Flyover, Goregaon West | O18: MUMBAI | P18: MAHARASHTRA | Q18: 400062 | R18: Aug 28, 2020 | S18: Perpetual
A19: Abakkus Asset Manager LLP | B19: INA000015729 | C19: BIHARILAL DEORA | D19: 6th Floor,Param House,Shanti Nagar,Santacruz Chembur Link Road, Santacruz East | E19: BIHARILAL.DEORA@ABAKKUSINVEST.COM | H19: MUMBAI | I19: MAHARASHTRA | J19: 400055 | K19: 6th Floor,Param House,Shanti Nagar,Santacruz Chembur Link Road, Santacruz East | O19: MUMBAI | P19: MAHARASHTRA | Q19: 400055 | R19: Feb 03, 2021 | S19: Perpetual
A20: Abans Commodities India Private Limited | B20: INA100015285 | C20: Amit Banerjee | D20: 36,37,38 Floor 3 Plot 227 NARIMAN BHAVAN, VINAYAK KUMAR SHAH,NCPA,NARIMAN POINT | E20: amit.banerjee@abans.co.in | F20: 9102268354141 | G20: 9102268354141 | H20: MUMBAI | I20: MAHARASHTRA | J20: 400021 | K20: 36, 37, 38A, 3rd Floor, 227 Nariman Bhavan, Backbay Reclamation, Nariman Point, Mumbai | O20: MUMBAI | P20: MAHARASHTRA | Q20: 400021 | R20: Oct 19, 2020 | S20: Perpetual
A21: Abhijit Anil Bhate | B21: INA000007508 | C21: Abhijit Bhate | D21: 1386 , Shukrawar Peth | E21: abhijitbhate@gmail.com | H21: PUNE | I21: MAHARASHTRA | J21: 411002 | K21: 1386, Shukrawar Peth | O21: PUNE | P21: MAHARASHTRA | Q21: 411002 | R21: Apr 12, 2017 | S21: Perpetual
A22: Abhijit Talukdar | B22: INA000006703 | C22: Abhijit Talukdar | D22: A602, Magnolia Enclave, Nahar Amrit Shakti, Chandivali | E22: abhijit.talukdar@attainix.com | H22: MUMBAI | I22: MAHARASHTRA | J22: 400072 | K22: A602, Magnolia Enclave, Nahar Amrit Shakti, Chandivali | O22: MUMBAI | P22: MAHARASHTRA | Q22: 400072 | R22: Nov 29, 2016 | S22: Perpetual
A23: ABHINAV GUPTA | B23: INA100005407 | D23: FLAT NO-K-302, ADITYA MEGA CITY, VAIBHAV KHAND, GHAZIABAD, INDIRAPURAM | E23: guptabhi13@gmail.com | F23: 9654252708 | G23: 9654252708 | H23: GHAZIABAD | I23: UTTAR PRADESH | J23: 201014 | K23: Flat No-K-302, Aditya Mega City, Vaibhav Khand, Ghaziabad, Indirapuram | O23: GHAZIABAD | P23: UTTAR PRADESH | Q23: 201014 | R23: Aug 25, 2016 | S23: Perpetual
A24: Abhinay Jain | B24: INA000009700 | C24: Abhinay Jain | D24: H-501, Akruti Orchid Park, Sakinaka, Andheri (E) | E24: jainabhinay@gmail.com | H24: MUMBAI | I24: MAHARASHTRA | J24: 400072 | K24: H-501, Akruti Orchid Park, Sakinaka, Andheri (E) | O24: MUMBAI | P24: MAHARASHTRA | Q24: 400072 | R24: Feb 06, 2018 | S24: Perpetual
A25: Abhishake Mathur | B25: INA000016029 | C25: Abhishake Mathur | D25: 301 Wing B, Hubtown Sunmist, N S Phadke Road, Andheri East | E25: matshivas@gmail.com | H25: MUMBAI | I25: MAHARASHTRA | J25: 400069 | K25: 301 Wing B, Hubtown Sunmist, N S Phadke Road, Andheri East | O25: MUMBAI | P25: MAHARASHTRA | Q25: 400069 | R25: Jul 28, 2021 | S25: Perpetual
A26: Abhishek | B26: INA100008452 | C26: Abhishek Yadav | D26: PLOT NO. 244P, SEC 9A, URBAN STATE | E26: mail.abhishek880@gmail.com | H26: GURGAON | I26: HARYANA | J26: 122001 | K26: PLOT NO. 244P, SEC 9A, URBAN STATE | O26: GURGAON | P26: HARYANA | Q26: 122001 | R26: Sep 15, 2017 | S26: Perpetual
A27: ABHISHEK AGARWAL | B27: INA000004047 | C27: ABHISHEK AGARWAL | D27: C-18, IKE-NO-MIDORI, NEAR MARATHA MANDIR, NDA ROAD, BAVDHAN | E27: abhishek@horusfinancials.com | F27: 9970186926 | G27: 9970186926 | H27: PUNE | I27: MAHARASHTRA | J27: 411021 | K27: 4th Floor, Bundal Capital, Kothrud Depot | O27: PUNE | P27: MAHARASHTRA | Q27: 411038 | R27: Jan 22, 2016 | S27: Perpetual
A28: ABHISHEK KUMAR | B28: INA100008045 | C28: ABHISHEK KUMAR | D28: HOUSE NO. 48, SECOND FLOOR, GALI NO-7, NEW MAHAVIR NAGAR | E28: abhishekk13@iimb.ernet.in | H28: DELHI | I28: NATIONAL CAPITAL TERRITORY OF DELHI | J28: 110018 | K28: HOUSE NO. 48, SECOND FLOOR, GALI NO-7, NEW MAHAVIR NAGAR | O28: DELHI | P28: NATIONAL CAPITAL TERRITORY OF DELHI | Q28: 110018 | R28: Jul 13, 2017 | S28: Perpetual
A29: Abhishek Maheshwari (Proprietor of SkyRidge Wealth Management) | B29: INA000015066 | C29: Abhishek Maheshwari | D29: 805/B-Wing, Jeevan VIhar, Manav Mandir Road, Malabar Hills | E29: skyridge.advisors@gmail.com | H29: MUMBAI | I29: MAHARASHTRA | J29: 400006 | K29: 805/B-Wing, Jeevan VIhar, Manav Mandir Road, Malabar Hills | O29: MUMBAI | P29: MAHARASHTRA | Q29: 400006 | R29: Sep 04, 2020 | S29: Perpetual
A30: ABHISHEK PATEL PROPRIETOR, M/S PINNACLE FINANCIAL SERVICES | B30: INA000001308 | C30: ABHISHEK PATEL | D30: 101-105, SAYAJI PLAZA, BESIDES AXIS BANK, NEAR SAYAJI HOTEL, SCHEME NUMBER 54, VIJAY NAGAR | E30: er.abhishekpatel@gmail.com | F30: 07316655555 | G30: 07316655555 | H30: INDORE | I30: MADHYA PRADESH | J30: 452010 | K30: 101-105, Sayaji Plaza, Besides Axis Bank, Near Sayaji Hotel, Scheme Number 54, Vijay Nagar | O30: INDORE | P30: MADHYA PRADESH | Q30: 452010 | R30: Mar 21, 2014 | S30: Perpetual
A31: ABUBAKR SIDDIQUE. A.G. | B31: INA200000910 | C31: ABUBAKR SIDDIQUE. A.G. | D31: No.46, 2nd Cross Street, Sri Moogambigai Nagar, Thanampalayam | E31: myplanner@wealthtraits.com | F31: 4422641424 | G31: 4422641424 | H31: PUDUCHERRY | I31: PUDUCHERRY | J31: 605007 | K31: No.6, Ponni Amman Koil 2nd Street, C. Pallavaram, | O31: CHENNAI | P31: TAMIL NADU | Q31: 600043 | R31: Jan 27, 2014 | S31: Perpetual
A32: Accelpru Investment Advisors | B32: INA000015774 | C32: Umang Parekh | D32: 95, Floor- 9, Plot- 223, Maker Chamber III,, Jamnalal Bajaj Marg, Nariman Point, | E32: info@accelpru.com | F32: 912225132272 | G32: 912225132272 | H32: MUMBAI | I32: MAHARASHTRA | J32: 400021 | K32: 95, Floor- 9, Plot- 223, Maker Chamber III, Jamnalal Bajaj Marg, Nariman Point, | O32: MUMBAI | P32: MAHARASHTRA | Q32: 400021 | R32: Feb 23, 2021 | S32: Perpetual
A33: ACUITAS CAPITAL ADVISORS PRIVATE LIMITED | B33: INA000003957 | C33: MR. DINESH NANIK VASWANI | D33: 101, MAKER CHAMBERS III, PLOT NO. 223, NARIMAN POINT | E33: dinesh@acuitascapital.in | F33: 2261120102 | G33: 2261120102 | H33: MUMBAI | I33: MAHARASHTRA | J33: 400021 | K33: 101, Maker Chambers III, Plot No. 223, Nariman Point | O33: MUMBAI | P33: MAHARASHTRA | Q33: 400021 | R33: Dec 29, 2015 | S33: Perpetual
A34: ADARSH AGRAWAL PROP. REGROW INVESTMENT | B34: INA000005515 | D34: Office no 103-104 sneha nagar scheme no 31 navrang plaza sapna sangeeta | E34: adi.agrawal9@gmail.com | F34: 07313319509 | G34: 07313319509 | H34: INDORE | I34: MADHYA PRADESH | J34: 452001 | K34: Apollo Square 232, Plot No. 7/2, Race Course Road | O34: INDORE | P34: MADHYA PRADESH | Q34: 452001 | R34: Aug 31, 2016 | S34: Perpetual
A35: Adhish patel | B35: INA000013183 | C35: Adhish Patel | D35: 3 Royal Kadamb Bungalows, Nr. Silver Square Complex, Thaltej | E35: adhishpatel@gmail.com | H35: AHMEDABAD | I35: GUJARAT | J35: 380059 | K35: 3 Royal Kadamb Bungalows, Nr. Silver Square Complex, Thaltej | O35: AHMEDABAD | P35: GUJARAT | Q35: 380059 | R35: May 06, 2019 | S35: Perpetual
A36: ADITYA BIRLA MONEY LIMITED | B36: INA000009214 | C36: MURALIKRISHNAN L R | D36: INDIAN RAYON COMPUND, VERAVAL | E36: murali.lr@adityabirla.com | H36: JUNAGADH | I36: GUJARAT | J36: 362266 | K36: Ali Centre, No. 53, Greams Road | O36: CHENNAI | P36: TAMIL NADU | Q36: 600006 | R36: Dec 12, 2017 | S36: Perpetual
A37: Aditya Govindaraj | B37: INA200011736 | C37: Aditya Govindaraj | D37: New 2 Old 75 2nd Street Karpagam Avenue, R A Puram | E37: aditya.invest@outlook.com | H37: CHENNAI | I37: TAMIL NADU | J37: 600028 | K37: New 2 Old 75 2nd Street Karpagam Avenue, R A Puram | O37: CHENNAI | P37: TAMIL NADU | Q37: 600028 | R37: Sep 24, 2018 | S37: Perpetual
A38: Aditya Shah | B38: INA000012740 | C38: Aditya Shah | D38: 701 A Paloma Hiranandani Estate | E38: adityashah291@gmail.com | H38: THANE | I38: MAHARASHTRA | J38: 400607 | K38: 701 A Paloma Hiranandani Estate | O38: THANE | P38: MAHARASHTRA | Q38: 400607 | R38: Mar 19, 2019 | S38: Perpetual
A39: ADV Partners Advisors India Private Limited | B39: INA000015312 | R39: Oct 22, 2020 | S39: Perpetual
A40: ADVANTAGE FINANCIAL PLANNERS LLP | B40: INA100000952 | C40: SH TARESH BHATIA | D40: 107, QUTAB PLAZA, DLF PHASE-1 | E40: taresh@advantagefp.in | F40: 0124 4502200 | G40: 0124 4502200 | H40: GURGAON | I40: HARYANA | J40: 122002 | K40: 107, Qutab Plaza, DLF Phase-1 | O40: GURGAON | P40: HARYANA | Q40: 122002 | R40: Jan 31, 2014 | S40: Perpetual
A41: ADVISHARE INVESTMENT ADVISERS | B41: INA200005117 | D41: M106, ISHA YARA APARTMENTS, 1ST FLOOR,, VADAKKUPATTU MAIN ROAD, MEDAVAKKAM | E41: k_jeyaraman@rediffmail.com | F41: 4422681852 | G41: 4422681852 | H41: CHENNAI | I41: TAMIL NADU | J41: 600100 | K41: M106, Isha yara Apartments, 1st Floor, Vadakkupattu Main Road, Medavakkam | O41: CHENNAI | P41: TAMIL NADU | Q41: 600100 | R41: Jul 12, 2016 | S41: Perpetual
A42: Affirma Capital Investment Adviser India Private Limited | B42: INA000013262 | C42: Udai Dhawan | D42: NPV House D Wing, Chanakya, , Mahavir Nagar, Link Road, Kandivali West | E42: udai.dhawan@gmail.com | H42: MUMBAI | I42: MAHARASHTRA | J42: 400067 | K42: NPV House D Wing, Chanakya, , Mahavir Nagar, Link Road, Kandivali West | O42: MUMBAI | P42: MAHARASHTRA | Q42: 400067 | R42: May 08, 2019 | S42: Perpetual
A43: AGACQUISITIONS MARKETS PRIVATE LTD | B43: INA200000241 | C43: KANISHAGARWAL MANAGING DIRECTOR | D43: 1405, LEVEL 15, CONCORDE TOWERS,, U B CITY, 1 VITTAL MALLYA ROAD | E43: ka@agacquisitions.com | F43: 8067590789 | G43: 8067590789 | H43: BANGALORE | I43: KARNATAKA | J43: 560001 | K43: 1405, Level 15, Concorde Towers, U B City, 1 Vittal Mallya Road | O43: BANGALORE | P43: KARNATAKA | Q43: 560001 | R43: Nov 07, 2013 | S43: Perpetual
A44: AGNAM ADVISORS LLP | B44: INA200013886 | C44: PRASHANT MISHRA | D44: B-2082, SOBHA TULIP, 24TH MAIN ROAD, JP NAGAR,, 6TH PHASE, BANGALORE | E44: prashant@agnam.in | H44: BANGALORE | I44: KARNATAKA | J44: 560078 | K44: B-2082, SOBHA TULIP, 24TH MAIN ROAD, JP NAGAR, 6TH PHASE, BANGALORE | O44: BANGALORE | P44: KARNATAKA | Q44: 560078 | R44: Aug 26, 2019 | S44: Perpetual
A45: AIKYAM WEALTH MANAGEMENT SERVICES PVT. LTD. | B45: INA200004219 | C45: MR RAMESH KUMAR | D45: UNIT C-2, 2ND FLOOR, PENTAKEN TOWER, NO.401, 28TH MAIN, HSR LAYOUT | E45: ramesh@aikyamwealth.com | F45: 9845071134 | G45: 9845071134 | H45: BANGALORE | I45: KARNATAKA | J45: 560102 | K45: UNIT C-2, 2ND FLOOR, PENTAKEN TOWER, NO.401, 28TH MAIN, HSR LAYOUT | O45: BANGALORE | P45: KARNATAKA | Q45: 560102 | R45: Feb 18, 2016 | S45: Perpetual
A46: Aishva Financial Services Private Limited | B46: INA200015103 | C46: Suresh Raju | D46: 2-2-12/3/1 (E6), Durgabai Deshmukh Colony, Bagh Amberpet | E46: sraju@aishva.com | H46: HYDERABAD | I46: TELANGANA | J46: 500007 | K46: 1st Floor, TK House, Plot 11, Hitex Road, ShilpaLayout, Khanamet, HITEC City | O46: HYDERABAD | P46: TELANGANA | Q46: 500081 | R46: Sep 10, 2020 | S46: Perpetual
A47: Aishwarya Agarwal | B47: INA000014322 | C47: Aishwarya Agarwal | D47: 3403/3404,34TH FLR,SHREEPATI ARCADE, NANA CHOWK, August kranti Marg | E47: aishwaryaagrawal06@gmail.com | H47: MUMBAI | I47: MAHARASHTRA | J47: 400036 | K47: 3403/3404,34TH FLR,SHREEPATI ARCADE, NANA CHOWK, August kranti Marg | O47: MUMBAI | P47: MAHARASHTRA | Q47: 400036 | R47: Dec 17, 2019 | S47: Perpetual
A48: Ajay Chouhan | B48: INA000009898 | C48: Ajay Chouhan | D48: 347, PU-4, Scheme -54, , AB Road, Vijay Nagar | E48: India.dfs@gmail.com | H48: INDORE | I48: MADHYA PRADESH | J48: 452010 | K48: 347, PU-4, Scheme -54, , AB Road, Vijay Nagar | O48: INDORE | P48: MADHYA PRADESH | Q48: 452010 | R48: Feb 22, 2018 | S48: Perpetual
A49: Ajay Kejriwal | B49: INA000010803 | D49: Shree Shakambhari Corporate Park,, Plot no 156-158,JB Nagar,Andheri | H49: MUMBAI | I49: MAHARASHTRA | J49: 400099 | K49: Shree Shakambhari Corporate Park, Plot no 156-158,JB Nagar,Andheri | O49: MUMBAI | P49: MAHARASHTRA | Q49: 400099 | R49: Jun 11, 2018 | S49: Perpetual
A50: Ajay Shukla | B50: INA000009010 | C50: Ajay Shukla | D50: A 103 Avinash, 10th Floor, Seven Bungalows, J P Road, Near versova metro station, Andheri West, Mumbai 400 053 | E50: ajay.shukla123@gmail.com | H50: MUMBAI | I50: MAHARASHTRA | J50: 400053 | K50: A 103 Avinash, 10th Floor, Seven Bungalows, J P Road, Near Versova Metro Station, Andheri West | O50: MUMBAI | P50: MAHARASHTRA | Q50: 400053 | R50: Nov 15, 2017 | S50: Perpetual
A51: Ajendra | B51: INA000009931 | C51: Ajendra Raikar | D51: 391-B Narayan Peth, Shop No 2, Vinay Apartment, | E51: ajendraikar@gmail.com | H51: PUNE | I51: MAHARASHTRA | J51: 411030 | K51: 391-B Narayan Peth, Shop No 2, Vinay Apartment, | O51: PUNE | P51: MAHARASHTRA | Q51: 411030 | R51: Feb 26, 2018 | S51: Perpetual
A52: AJIT BASWANT PATNEKAR | B52: INA000008640 | C52: AJIT PATNEKAR | D52: 1202, SUVIDHA EMERALD, SAI BHAKTI ROAD,, NEAR SIDDHIVINAYAK TEMPLE, PRABHADEVI, | E52: PATNEKAR.AJIT@GMAIL.COM | H52: MUMBAI | I52: MAHARASHTRA | J52: 400025 | K52: 1202, SUVIDHA EMERALD, SAI BHAKTI ROAD, NEAR SIDDHIVINAYAK TEMPLE, PRABHADEVI, | O52: MUMBAI | P52: MAHARASHTRA | Q52: 400025 | R52: Oct 26, 2017 | S52: Perpetual
A53: AJIT ROONGTA | B53: INA000002611 | C53: AJIT ROONGTA | D53: 31, GOPAL BHAVAN, 2ND FLOOR,, 199 PRINCESS STREET, | E53: ajitroongta@yahoo.com | F53: 2222035039 | G53: 2222035039 | H53: MUMBAI | I53: MAHARASHTRA | J53: 400002 | K53: 31, Gopal Bhavan, 2nd Floor, 199 Princess Street, | O53: MUMBAI | P53: MAHARASHTRA | Q53: 400002 | R53: Jan 29, 2015 | S53: Perpetual
A54: AJIT SINGH DUA | B54: INA000000631 | C54: AJIT SINGH DUA | D54: A-706, COTTAGE LAND,, SECTOR 19QA, NERUL, | E54: ajit@wallflower.co.in | F54: 022 27707047 | G54: 022 27707047 | H54: NAVI MUMBAI | I54: MAHARASHTRA | J54: 400706 | K54: A-706, Cottage Land, Sector 19QA, Nerul, | O54: NAVI MUMBAI | P54: MAHARASHTRA | Q54: 400706 | R54: Dec 26, 2013 | S54: Perpetual
A55: AJJUGATTU RAGHUNATH | B55: INA200007788 | C55: RAGHUNATH AJJUGATTU | D55: Plot No 4-260, Ushodaya Enclave, BHEL HIG Phase-2, Madinaguda, Miyapur | E55: raghunathreddy80@gmail.com | H55: HYDERABAD | I55: TELANGANA | J55: 500049 | K55: Plot No 4-260, Ushodaya Enclave, BHEL HIG Phase-2, Madinaguda, Miyapur | O55: HYDERABAD | P55: TELANGANA | Q55: 500049 | R55: May 30, 2017 | S55: Perpetual
A56: Akanksha | B56: INA100010855 | C56: Akanksha Gupta | D56: KG - 115, Kavi Nagar | E56: akan30.1991@gmail.com | H56: GHAZIABAD | I56: UTTAR PRADESH | J56: 201002 | K56: 1A - 156 Budhi Vihar, Near Dharam Kata | O56: MORADABAD | P56: UTTAR PRADESH | Q56: 244001 | R56: Jun 19, 2018 | S56: Perpetual
A57: AKANSHA JAIN PROPRIETOR DYNAMIC MONEY RESEARCH ADVISORY SERVICES | B57: INA000003254 | C57: AKANSHA JAIN | D57: OFFICE NO 405 RAFAEL TOWER, 8/2 OLD PALASIA | E57: akanshajain.soe@gmail.com | F57: 0731000000 | G57: 0731000000 | H57: INDORE | I57: MADHYA PRADESH | J57: 452001 | K57: 414, Trade House, 14/3 South Tukoganj | O57: INDORE | P57: MADHYA PRADESH | Q57: 452001 | R57: Jul 20, 2015 | S57: Perpetual
A58: AKHIL PRAKASH GARG | B58: INA100008063 | C58: AKHIL GARG | D58: 26/7 KOTHIYAT, CIVIL LINES, OPP EXHIBITION GROUND, DELHI ROAD | E58: drakhilgarg@gmail.com | F58: 911202400589 | G58: 911202400589 | H58: BULANDSHAHR | I58: UTTAR PRADESH | J58: 203001 | K58: 26/7 KOTHIYAT, CIVIL LINES, OPP EXHIBITION GROUND, DELHI ROAD | O58: BULANDSHAHR | P58: UTTAR PRADESH | Q58: 203001 | R58: Jul 14, 2017 | S58: Perpetual
A59: Akhilesh Chadha | B59: INA100012330 | C59: Akhilesh Chadha | D59: Block C2C, Pocket 12, Flat 181, Janakpuri, New Delhi 110058 | E59: aklose2@rediffmail.com | H59: DELHI | I59: NATIONAL CAPITAL TERRITORY OF DELHI | J59: 110058 | K59: Block C2C, Pocket 12, Flat 181, Janakpuri, New Delhi 110058 | O59: DELHI | P59: NATIONAL CAPITAL TERRITORY OF DELHI | Q59: 110058 | R59: Jan 09, 2019 | S59: Perpetual
A60: AKHILESH JAIN PROPRIETOR EH RESEARCH | B60: INA000003767 | C60: AKHILESH JAIN | D60: ENERGY HOUSE 51, MAHADEV TOTLA NAGAR, NEAR BANK OF BARODA, BENGALI SQUARE | E60: akhileshjai@gmail.com | F60: 07314064462 | G60: 07314064462 | H60: INDORE | I60: MADHYA PRADESH | J60: 452001 | K60: Energy House 51, Mahadev Totla Nagar, Near Bank of Baroda, Bengali Square | O60: INDORE | P60: MADHYA PRADESH | Q60: 452001 | R60: Nov 09, 2015 | S60: Perpetual
A61: AKSHAYA WEALTH MANAGEMENT PRIVATE LTD | B61: INA200001249 | C61: MR.G.V.SUDARSHAN | D61: 690, 16TH MAIN,, 4TH BLOCK, JAYANAGAR | E61: sudarshan@ akshayawealthadvisers.com | F61: 8026535701 | G61: 8026535701 | H61: BANGALORE | I61: KARNATAKA | J61: 560041 | K61: 690, 16TH MAIN, 4TH BLOCK, JAYANAGAR | O61: BANGALORE | P61: KARNATAKA | Q61: 560041 | R61: Mar 14, 2014 | S61: Perpetual
A62: ALFACCURATE ADVISORS PVT LTD | B62: INA000015701 | C62: BHUSHAN KOLI | D62: 503 B WING NAMAN MIDTOWN, SENAPATI BAPAT MARG ELPHINSTON ROAD | E62: bhushankoli@alfaccurate.com | H62: MUMBAI | I62: MAHARASHTRA | J62: 400013 | K62: 503 B WING NAMAN MIDTOWN, SENAPATI BAPAT MARG ELPHINSTON ROAD | O62: MUMBAI | P62: MAHARASHTRA | Q62: 400013 | R62: Jan 12, 2021 | S62: Perpetual
A63: ALGO SYSTEMS | B63: INA200008714 | C63: ANURAAG SABOO | D63: 204, Keerthi Residency | E63: ANURAAG@SHELTRON.COM | H63: BANGALORE | I63: KARNATAKA | J63: 560016 | K63: K903, RAJ LAKE VIEW APARTMENT | O63: BANGALORE | P63: KARNATAKA | Q63: 560076 | R63: Oct 30, 2017 | S63: Perpetual
A64: ALGOANALYTICS FINANCIAL CONSULTANCY PRIVATE LIMITED | B64: INA000001571 | C64: ANIRUDHHA GOPALRAO PANT | D64: ROW HOUSE NO. 33, PLANET MILLENIUM,, PIMPLE SAUDAGAR, | E64: apant@algoanalytics.com | F64: 2027400106 | G64: 2027400106 | H64: PUNE | I64: MAHARASHTRA | J64: 411027 | K64: Incubation Center, C101/102, IT Park, 34 Aundh Road,Bhau Patil Marg,Bhopodi, | O64: PUNE | P64: MAHARASHTRA | Q64: 411020 | R64: Apr 15, 2014 | S64: Perpetual
A65: ALGOBOUNTY TRADING PRIVATE LIMITED | B65: INA000017569 | C65: Virender Mansukhani | D65: PLOT No. B-4126 , GREEN FIELD COLONY | E65: algobountytrading@gmail.com | H65: FARIDABAD | I65: HARYANA | J65: 121009 | K65: Plot No. 05, Shree Balaji Complex, IIIrd Floor, Opposite Mother Dairy, Pandav Nagar | O65: NEW DELHI | P65: NATIONAL CAPITAL TERRITORY OF DELHI | Q65: 110092 | R65: Jan 03, 2023 | S65: Perpetual
A66: ALGONAUTS ADVISORY SERVICES PRIVATE LIMITED | B66: INA000017277 | C66: SHARAD SANKARAN | D66: B1006, UNIQUE AURUM, , POONAM GARDEN, MIRA ROAD EAST | E66: sharad.sankaran@algonauts.in | F66: 919820551555 | G66: 919820551555 | H66: THANE | I66: MAHARASHTRA | J66: 401107 | K66: B1006, UNIQUE AURUM, , POONAM GARDEN, MIRA ROAD EAST | O66: THANE | P66: MAHARASHTRA | Q66: 401107 | R66: Oct 28, 2022 | S66: Perpetual
A67: ALKA SHRIVASTAVA PROPRIETOR of MONEY SECURE INVESTOR | B67: INA000008817 | C67: ALKA SHRIVASTAVA | D67: 2st Floor , Plot no. 08 Office no. 201 , Mukati Nagar, New Line Telephone Nagar, Opposite Ring Road | E67: sri.alka17@gmail.com | H67: INDORE | I67: MADHYA PRADESH | J67: 452001 | K67: 2st Floor , Plot no. 08 Office no. 201 , Mukati Nagar, New Line Telephone Nagar, Opposite Ring Road | O67: INDORE | P67: MADHYA PRADESH | Q67: 452001 | R67: Nov 02, 2017 | S67: Perpetual
A68: ALOK BARNWAL | B68: INA100002768 | C68: ALOK BARNWAL | D68: FLAT NO- 75,DDA SFS FLATS,, POCKET 1, SECTOR 22, DWARKA, | E68: alokbarnwal81@gmail.com | F68: 9910202700 | G68: 9910202700 | H68: NEW DELHI | I68: NATIONAL CAPITAL TERRITORY OF DELHI | J68: 110077 | K68: Flat No- 75,DDA SFS Flats, Pocket 1, Sector 22, Dwarka, | O68: NEW DELHI | P68: NATIONAL CAPITAL TERRITORY OF DELHI | Q68: 110077 | R68: Mar 03, 2015 | S68: Perpetual
A69: Alpha Alternatives Fund Advisors LLP | B69: INA000016171 | C69: Mayank Varshney | D69: 34th Floor, Sunshine Tower, Senapati Bapat Marg, Dadar West | E69: compliance@alt-alpha.com | H69: MUMBAI | I69: MAHARASHTRA | J69: 400013 | K69: 34th Floor, Sunshine Tower, Senapati Bapat Marg, Dadar West | O69: MUMBAI | P69: MAHARASHTRA | Q69: 400013 | R69: Aug 30, 2021 | S69: Perpetual
A70: Alpha Capital | B70: INA100016390 | C70: Akhil Bhardwaj | D70: 1154 11TH FLOOR TOWER B2 SPAzE IT PARK, SOHNA ROAD Sector -49 | E70: contact@alphacapital.in | H70: GURGAON | I70: HARYANA | J70: 122018 | K70: 1154 11TH FLOOR TOWER B2 SPAzE IT PARK, SOHNA ROAD Sector -49 | O70: GURGAON | P70: HARYANA | Q70: 122018 | R70: Nov 18, 2021 | S70: Perpetual
A71: ALPHA INVESCO RESEARCH SERVICES LTD. | B71: INA000003106 | C71: MR. SHIVEN TAPADIYA | D71: BAGADE MALA,BALIKASHRAM ROAD,, BEHIND GITE HOSPITAL, | E71: shiven@alphainvesco.com | F71: 020 65108952 | G71: 020 65108952 | H71: AHMEDNAGAR | I71: MAHARASHTRA | J71: 414001 | K71: 03, Sayali Terraces, Anand Park 94, | O71: MUMBAI | P71: MAHARASHTRA | Q71: 411007 | R71: Jun 24, 2015 | S71: Perpetual
A72: ALPHA INVESTMENT ADVISER | B72: INA000007580 | C72: YOGESH PATEL | D72: 401 Block C, 8 A RNT MARG | E72: adviseralpha@gmail.com | H72: INDORE | I72: MADHYA PRADESH | J72: 452001 | K72: 401 Block C, 8 A RNT MARG | O72: INDORE | P72: MADHYA PRADESH | Q72: 452001 | R72: Apr 28, 2017 | S72: Perpetual
A73: Alphafront Finserv Private Limited | B73: INA000006651 | C73: Swapnil Bhaskar | D73: 10th Floor, G 1003 B G1004, Gamma Block, Sigma Soft Tech Park,, Varthur Hobli, Whitefield | E73: swapnil@alphafront.com | H73: BANGALORE | I73: KARNATAKA | J73: 560066 | K73: Niyo, 5th Floor, Delta Block, Sigma Technology Park, Varthur Rd, Phase 2, Whitefield | O73: BANGALORE | P73: KARNATAKA | Q73: 560066 | R73: Nov 26, 2020 | S73: Perpetual
A74: Alphaniti Fintech Private Limited | B74: INA000009481 | C74: Tanya Bhogal | D74: 401 & 402, Varsha Airawat, Plot No 12B, S.No.6/1/7, Baner | E74: tanya.bhogal@finaureus.com | H74: PUNE | I74: MAHARASHTRA | J74: 411045 | K74: Plot Number 34/2,Phase- I, Rajiv Gandhi Infotech park, Hinjawadi | O74: PUNE | P74: MAHARASHTRA | Q74: 411054 | R74: Jan 04, 2018 | S74: Perpetual
A75: Alphaware Advisory Services Private Limited | B75: INA000015747 | D75: 1 Janki Centre, Off Veera Desai Road | H75: MUMBAI | I75: MAHARASHTRA | J75: 400053 | K75: 1 Janki Centre, Off Veera Desai Road | O75: MUMBAI | P75: MAHARASHTRA | Q75: 400053 | R75: Feb 08, 2021 | S75: Perpetual
A76: ALTAF HUNED ATTARI | B76: INA000016490 | C76: ALTAF ATTARI | D76: 6 EAST AND WEST COURT, 103 COLABA CAUSEWAY | E76: financialmatealtaf@gmail.com | H76: MUMBAI | I76: MAHARASHTRA | J76: 400001 | K76: 6 EAST AND WEST COURT, 103 COLABA CAUSEWAY | O76: MUMBAI | P76: MAHARASHTRA | Q76: 400001 | R76: Dec 27, 2021 | S76: Perpetual
A77: ALTAIS INVESTMENT ADVISORS | B77: INA100002701 | C77: SAURABH BASRAR | D77: NUMBER#5, REAR BASEMENT, SIRI FORT ROAD, SADIQUE NAGAR, | E77: sbasrar@gmail.com | F77: 1164642553 | G77: 1164642553 | H77: DELHI | I77: NATIONAL CAPITAL TERRITORY OF DELHI | J77: 110049 | K77: Number#5, Rear Basement, Siri Fort Road, Sadique Nagar, | O77: DELHI | P77: NATIONAL CAPITAL TERRITORY OF DELHI | Q77: 110049 | R77: Feb 19, 2015 | S77: Perpetual
A78: ALTAMASH SHEIKH | B78: INA000010788 | C78: ALTAMASH SHEIKH | D78: SAMRAT TRADES,Office No. 411-A,fourth Floor, The Mark, Plot No-20A, old No.19/2, New Palasia | E78: info@samrattrades.com | H78: INDORE | I78: MADHYA PRADESH | J78: 452001 | K78: SAMRAT TRADES,Office No. 411-A,fourth Floor, The Mark, Plot No-20A, old No.19/2, New Palasia | O78: INDORE | P78: MADHYA PRADESH | Q78: 452001 | R78: Jun 06, 2018 | S78: Perpetual
A79: ALTAMOUNT CAPITAL MANAGEMENT PRIVATE LIMITED | B79: INA000000458 | C79: MS RUBY POL | D79: 107-108 ARCADIA BUILDING 1ST FLOOR, NCPA MARG NARIMAN POINT | E79: ruby.pol@altamountcapital.com | F79: 2261433600 | G79: 2261433600 | H79: MUMBAI | I79: MAHARASHTRA | J79: 400021 | K79: Amarchand Mansion,2nd Floor,Madam cama road, Fort | O79: MUMBAI | P79: MAHARASHTRA | Q79: 400001 | R79: Dec 11, 2013 | S79: Perpetual
A80: AM INVESTMENT ADVISORS AND ASSOCIATES | B80: INA100004871 | D80: Ground Floor, D-33, SECTOR-2, NOIDA | E80: arunwealthmanagement@gmail.com | H80: NOIDA | I80: UTTAR PRADESH | J80: 201301 | K80: 1ST FLOOR, C-16, SECTOR-2, NOIDA | O80: NOIDA | P80: UTTAR PRADESH | Q80: 201301 | R80: May 31, 2016 | S80: Perpetual
A81: Amarjeet Singh | B81: INA000011440 | C81: Amarjeet Singh | D81: 401 Dheeraj Plaza Above Colors Showroom, Opp. Bandra Police Station, Hill Road Bandra(w), Mumbai-400050 | E81: amar@amarjeetsingh.in | H81: MUMBAI | I81: MAHARASHTRA | J81: 400050 | K81: 401 Dheeraj Plaza Above Colors Showroom, Opp. Bandra Police Station, Hill Road Bandra(w), Mumbai-400050 | O81: MUMBAI | P81: MAHARASHTRA | Q81: 400050 | R81: Aug 16, 2018 | S81: Perpetual
A82: Amatya Investment Advisory | B82: INA100009114 | C82: Ishaann Bhatia | D82: 407, 4TH FLOOR , PEARLS BUSINESS PARK, NETAJI SUBHASH PLACE PITAMPURA | E82: ishaanbhatia31@gmail.com | H82: NEW DELHI | I82: NATIONAL CAPITAL TERRITORY OF DELHI | J82: 110034 | K82: 407, 4TH FLOOR , PEARLS BUSINESS PARK, NETAJI SUBHASH PLACE PITAMPURA | O82: NEW DELHI | P82: NATIONAL CAPITAL TERRITORY OF DELHI | Q82: 110034 | R82: Nov 20, 2017 | S82: Perpetual
A83: AMBIT WEALTH ADVISORS PRIVATE LIMITED | B83: INA000005002 | R83: Jun 23, 2016 | S83: Perpetual
A84: AMEY ASHOK KULKARNI | B84: INA000010654 | C84: AMEY KULKARNI | D84: Flat 201, Samrudhi Heights, Parvati | E84: amey153@gmail.com | H84: PUNE | I84: MAHARASHTRA | J84: 411009 | K84: Flat 201, Samrudhi Heights, Parvati | O84: PUNE | P84: MAHARASHTRA | Q84: 411009 | R84: May 23, 2018 | S84: Perpetual
A85: AMICA INVESTMENT ADVISERS PRIVATE LIMITED | B85: INA000015507 | C85: Piyush Kabra | D85: 32, Viraj, Plot No 124, Above HDFC Bank, SV Road, Khar-West | E85: compliance.jupiter@gmail.com | H85: MUMBAI | I85: MAHARASHTRA | J85: 400052 | K85: 32, Viraj, Plot No 124, Above HDFC Bank, SV Road, Khar-West | O85: MUMBAI | P85: MAHARASHTRA | Q85: 400052 | R85: Nov 27, 2020 | S85: Perpetual
A86: AMIT ABHISHEK BANSAL | B86: INA000010371 | C86: AMIT ABHISHEK BANSAL | D86: Flat No 601 Building No 10 EMP Phase 1 , Thakur Village Kandivali East | E86: amitabhishekbansal@gmail.com | H86: MUMBAI | I86: MAHARASHTRA | J86: 400101 | K86: Flat No 601 Building No 10 EMP Phase 1 , Thakur Village Kandivali East | O86: MUMBAI | P86: MAHARASHTRA | Q86: 400101 | R86: Apr 18, 2018 | S86: Perpetual
A87: AMIT ARORA | B87: INA100012914 | C87: AMIT ARORA | D87: 199, Third Pocket A-4, , Kalkaji Extn., | E87: AMITDIPSITE@HOTMAIL.COM | H87: NEW DELHI | I87: NATIONAL CAPITAL TERRITORY OF DELHI | J87: 110019 | K87: 199, Third Pocket A-4, , Kalkaji Extn., | O87: NEW DELHI | P87: NATIONAL CAPITAL TERRITORY OF DELHI | Q87: 110019 | R87: Apr 02, 2019 | S87: Perpetual
A88: AMIT BABURAO AHIRE | B88: INA000002660 | C88: AMIT BABURAO AHIRE | D88: 637-1/4 DR. BABASAHEB AMBEDKAR CO. OP HOUSING SOCIETY, PARKSITE, VIKHROLI (WEST) | E88: amitahire.115@gmail.com | F88: 9594593281 | G88: 9594593281 | H88: MUMBAI | I88: MAHARASHTRA | J88: 400079 | K88: 637-1/4 Dr. Babasaheb Ambedkar Co. Op Housing Society, Parksite, Vikhroli (West) | O88: MUMBAI | P88: MAHARASHTRA | Q88: 400079 | R88: Feb 16, 2015 | S88: Perpetual
A89: AMIT GANGRADE PROPRIETOR INVESTMENT RESEARCH ADVISOR | B89: INA000003387 | C89: AMIT GANGRADE | D89: 403, Shrinath Avenue, Kibe Compound | E89: mitgangrade@gmail.com | F89: 0731000000 | G89: 0731000000 | H89: INDORE | I89: MADHYA PRADESH | J89: 452001 | K89: 97-B, Ganga Colony, Dhar Road, Gali No. 4 | O89: INDORE | P89: MADHYA PRADESH | Q89: 452002 | R89: Aug 24, 2015 | S89: Perpetual
A90: Amit Gupta | B90: INA000008233 | C90: Amit Gupta | D90: A-203 Linkway Apts., Charat Singh Colony,, Chakala, Andheri (East) | E90: amit6543@gmail.com | H90: MUMBAI | I90: MAHARASHTRA | J90: 400093 | K90: A-203 Linkway Apts., Charat Singh Colony, Chakala, Andheri (East) | O90: MUMBAI | P90: MAHARASHTRA | Q90: 400093 | R90: Aug 04, 2017 | S90: Perpetual
A91: AMIT GURUH SACHDEVA | B91: INA100007745 | C91: AMIT SACHDEVA | D91: 567/10 Anand Nagar Jail Road, Lucknow | E91: amitguruhsachdeva@yahoo.com | H91: LUCKNOW | I91: UTTAR PRADESH | J91: 226005 | K91: 567/10 Anand Nagar Jail Road, Lucknow | O91: LUCKNOW | P91: UTTAR PRADESH | Q91: 226005 | R91: May 29, 2017 | S91: Perpetual
A92: AMIT KUKREJA | B92: INA100000051 | C92: AMIT KUKREJA | D92: DW-260, Nirvana Country, Sector-50 | E92: akukreja@gmail.com | F92: 124 4085073 | G92: 124 4085073 | H92: GURGAON | I92: HARYANA | J92: 122018 | K92: 1403, Tower 6, The Palms, South City 1, | O92: GURGAON | P92: HARYANA | Q92: 122001 | R92: Aug 02, 2013 | S92: Perpetual
A93: AMIT KUMAR DEWDA PROP. AVID RESEARCH | B93: INA000003031 | C93: AMIT KUMAR DEWDA | D93: 322, SECOND FLOOR, PU-4, SCHEME NO. 54 | E93: amitsinghdeora@gmail.com | F93: 0731000000 | G93: 0731000000 | H93: INDORE | I93: MADHYA PRADESH | J93: 452010 | K93: 322, Second Floor, PU-4, Scheme No. 54 | O93: INDORE | P93: MADHYA PRADESH | Q93: 452010 | R93: Jun 09, 2015 | S93: Perpetual
A94: AMIT KUMAR JAIN PROPRIETOR PERFECT RESEARCH ADVISORY SERVICES | B94: INA000003015 | C94: AMIT KUMAR JAIN | D94: 24, ANURAG NAGAR, BEHIND PRESS COMPLEX, A. B. ROAD | E94: amit_jain939@yahoo.com | F94: 07310000000 | G94: 07310000000 | H94: INDORE | I94: MADHYA PRADESH | J94: 452001 | K94: 24, Anurag Nagar, Behind Press Complex, A. B. Road | O94: INDORE | P94: MADHYA PRADESH | Q94: 452001 | R94: May 28, 2015 | S94: Perpetual
A95: AMIT KUMAR MOHANTY | B95: INA000011918 | C95: AMIT MOHANTY | D95: B 304 Narmada Palace Kashi Nagar Goddev, Bhayander East | E95: amitmohanty47@gmail.com | H95: THANE | I95: MAHARASHTRA | J95: 401105 | K95: B 304 Narmada Palace Kashi Nagar Goddev, Bhayander East | O95: THANE | P95: MAHARASHTRA | Q95: 401105 | R95: Oct 24, 2018 | S95: Perpetual
A96: AMIT MALVIYA | B96: INA000007924 | C96: AMIT MALVIYA. Proprieter MONEYPLANT INVESTMENT ADVISORY | D96: Moneyplant Investment Advisory, PLOT NO 16,RATANLOK COLONY,SCHEME NO 53 | E96: amitmalviya1987@gmail.com | H96: INDORE | I96: MADHYA PRADESH | J96: 452010 | K96: Moneyplant Investment Advisory, PLOT NO 16,RATANLOK COLONY,SCHEME NO 53 | O96: INDORE | P96: MADHYA PRADESH | Q96: 452010 | R96: Jun 28, 2017 | S96: Perpetual
A97: Amit Soni (Proprietor) Market Captains Investment Advisor | B97: INA000008358 | C97: Amit Soni | D97: 38,Barfani Nagar,, MR-9 Indore | E97: info.marketcaptain@gmail.com | H97: INDORE | I97: MADHYA PRADESH | J97: 452010 | K97: 38,Barfani Nagar, MR-9 Indore | O97: INDORE | P97: MADHYA PRADESH | Q97: 452010 | R97: Sep 01, 2017 | S97: Perpetual
A98: AMIT UPADHYAY | B98: INA000002256 | C98: AMIT UPADHYAY | D98: 1ST FLOOR, PANKAJ BUILDING,BEHIND ICE FACTORY, CHANDIVALI, ANDHERI (E) | E98: amit@beststocksolutions.com | F98: 2264530119 | G98: 2264530119 | H98: MUMBAI | I98: MAHARASHTRA | J98: 400072 | K98: 1st Floor, Pankaj Building,Behind Ice Factory, Chandivali, Andheri (E) | O98: MUMBAI | P98: MAHARASHTRA | Q98: 400072 | R98: Sep 30, 2014 | S98: Perpetual
A99: AMITABH TIWARI | B99: INA000016357 | C99: AMITABH TIWARI | D99: 2D 1702 DREAMS BLDG BHANDUP WEST, LBS MARG | E99: amitabh.tiwary@gmail.com | H99: MUMBAI | I99: MAHARASHTRA | J99: 400078 | K99: 2D 1702 DREAMS BLDG BHANDUP WEST, LBS MARG | O99: MUMBAI | P99: MAHARASHTRA | Q99: 400078 | R99: Nov 01, 2021 | S99: Perpetual
A100: AMOL BAPU DALVI | B100: INA000007410 | C100: AMOL DALVI | D100: T4, Near Chawl No- B2,, Azad Nagar, Wadala west | E100: amolbdalvi@gmail.com | H100: MUMBAI | I100: MAHARASHTRA | J100: 400031 | K100: T4, Near Chawl No- B2, Azad Nagar, Wadala west | O100: MUMBAI | P100: MAHARASHTRA | Q100: 400031 | R100: Mar 30, 2017 | S100: Perpetual
...

Sheet BSEASL List
A1: S. No. | B1: Name of the Investment Adviser | C1: SEBI Registration No. | D1: BASL Membership ID | E1: Member type | F1: Registered Address
A2: 861 | B2: 1 FINANCE PRIVATE LIMITED | C2: INA000017523 | D2: 1936 | E2: Corporate body | F2: Marwadi financial Plaza, Nana Mava road, Off 150 feet ring road Gujarat Rajkot 360001
A3: 671 | B3: 1729 Advisors LLP | C3: INA100011951 | D3: 1740 | E3: LLP | F3: k-135 South City - 1 Haryana Gurgaon 122001
A4: 818 | B4: 21G INVESTMENT ADVISERS PRIVATE LIMITED | C4: INA000017231 | D4: 1891 | E4: Corporate body | F4: 2455 GR DN ARJAN NAGAR R S ROAD LUDHIANA Punjab 141003
A5: 639 | B5: 29k Investment Advisers Private Limited | C5: INA200000365 | D5: 1701 | E5: Corporate body | F5: No. 390, 7th Main, 9th Cross, 2nd Block Jayanagar Bangalore 560011
A6: 265 | B6: 6 Sigma Wealth Advisors | C6: INA200002536 | D6: 1287 | E6: Partnership | F6: New No. 66, 3rd Main Road, Kasturba Nagar, Adyar, Chennai 600 020
A7: 388 | B7: 90-10 Financial Planners Pvt. Ltd | C7: INA200008291 | D7: 1418 | E7: Corporate body | F7: No 321 Jaiganesh 2nd floor 36th A cross 7th main Jayanagar 5th Block, Bangalore 560041
A8: 63 | B8: A&A DUKAAN FINANCIAL SERVICES PRIVATE LIMITED | C8: INA200006600 | D8: 1066 | E8: Corporate body | F8: Module No.604, 6th Floor, TICEL Bio Park Phase II, NO. 5, CSIR Road, Taramani Chennai-600113
A9: 85 | B9: A. K. Capital Services Limited | C9: INA000007669 | D9: 1091 | E9: Corporate body | F9: UNIT NO 601 602 603 6TH FLOOR WINDSOR KOLE KALYAN OFF CST ROAD VIDYANAGARI MARG KALINA SANTACRUZ (E) MUMBAI 400098
A10: 634 | B10: Aarti Mohan (Proprietor : Aurion Advisors) | C10: INA000016454 | D10: 1696 | E10: Sole proprietor | F10: 32 RIVOLI APARTMENTS, 49 VERONICA ROAD, BANDRA WEST, Mumbai 400050
A11: 684 | B11: AAUM INVESTMENT ADVISERS PRIVATE LIMITED | C11: INA100005050 | D11: 1753 | E11: Corporate body | F11: No. 44/38, 2nd Floor, Veerabadran Street, Nungambakkam, Chennai 600034
A12: 87 | B12: ABAKKUS ASSET MANAGER LLP | C12: INA000015729 | D12: 1093 | E12: LLP | F12: ABAKKUS CORPORATE CENTER, 6TH FLOOR, PARAM HOUSE, SHANTI NAGAR, OFF. SANTACRUZ CHEMBUR LINK ROAD, SANTACRUZ EAST, MUMBAI 400055
A13: 434 | B13: ABANS COMMODITIES INDIA PVT LTD | C13: INA100015285 | D13: 1472 | E13: Corporate body | F13: 36, 37, 38A, 3rd Floor, 227 Nariman Bhavan,, Backbay Reclamation, Nariman Point, Mumbai 400021
... A887: 404 | B887: Zvest Financial Services LLP | C887: INA200007450 | D887: 1437 | E887: LLP | F887: Zvest Financial Services LLP, No. 204 (E2), Ligoury Court, Palmgrove Road, Victoria Layo, Bangalore 560047

Sheet ARIA Member List
A1: Joining Date | B1: Expires On | C1: First Name | D1: Last Name | E1: Email | F1: Phone | G1: Company Name | H1: Designation | I1: RIA Code | J1: yes or no | K1: GST Number | L1: City | M1: Full Address | N1: Order No | O1: Membership Status | P1: Membership | Q1: Category | R1: Membership No | S1: BSEASL registration number | T1: Remark
A2: 45005 | B2: 45370 | C2: Praveen | D2: Reddy | E2: praveen.reddy@induswealth.com | F2: 9841026049 | G2: IndusWealth Advisors | H2: Partner | I2: INA200016856 | J2: yes | K2: 33AAJFI0171K1ZH | L2: Chennai | M2: Suite 614 DBS House 31-A Cathedral Garden Road Nungambakkam Chennai â€“ 600034 TN India_x000D_ | N2: RL102M-GICEG-230320-122828-213 | O2: Active | P2: Corporate - Annual Membership | R2: 199 | S2: 1818
A3: 44951 | B3: 45315 | C3: Urvil Bharatkumar | D3: Modi | E3: urvil@samriddhi.life | F3: 9892800524 | G3: Samriddhi | H3: Founder & CEO | I3: INA000017611 | J3: yes | L3: Mumbai | M3: K 605 Greenwoods MV Road Andheri East | N3: RL102M-GICEG-230125-073836-107 | O3: Active | P3: INDIVIDUALS - Annual | R3: 200 | S3: 1948
A4: 44928 | B4: 45382 | C4: TEJASWI | D4: SANGA | E4: tejaswisanga@hotmail.com | F4: 7670962054 | G4: TEJASWI SANGA | H4: INDIVIDUAL ADVISER | I4: INA200015176 | J4: yes | L4: HYDERABAD | M4: 1-4-75/201-B HABSIGUDA 8 SRI SAI LANDMARK JAMAI OSMANIA | N4: RL102M-GICEG-230102-162438-162 | O4: Active | P4: INDIVIDUALS - Annual | R4: 199 | S4: 1888
A5: 44924 | B5: 48304 | C5: BHUSHAN | D5: KOLI | E5: bhushankoli@alfaccurate.com | F5: 9820244941 | G5: ALFACCURATE ADVISORS PVT LTD | H5: HEAD OPERATION | I5: INA000015701 | J5: yes | K5: 27AAHCA7461R1ZX | L5: MUMBAI | M5: 503 B WING NAMAN MIDTOWN_x000D_ NEAR INDIABULLS CENTREOFF SENAPATI BAPAT MARGELPHINSTON ROAD | N5: RL102M-GICEG-221229-093325-131 | O5: Active | P5: Corporate - Life Membership | R5: 64 | S5: 1456
A6: 44924 | B6: 45016 | C6: mohan | D6: parsuramka | E6: mohan@1finance.co.in | F6: 7677785999 | G6: 1 FINANCE PRIVATE LIMITED | H6: COO | I6: INA000017523 | J6: yes | K6: 27AABCZ8402H1Z8 | L6: MUMBAI | M6: 11th Floor B Wing -1101/1102 Lotus Corporate Park off Western Express Highway Goregaon East Mumbai_x000D_ Mumbai Suburban Maharashtra 400063_x000D_ | N6: RL102M-GICEG-221229-115559-135 | O6: Active | P6: Corporate - Annual Membership | R6: 198 | S6: 1936
A7: 44916 | B7: 45016 | C7: Arun | D7: Mathur | E7: arunmathur@dhantripti.com | F7: 9910253723 | G7: Dhantripti Financial Planners | H7: Proprietor | I7: INA000017499 | J7: yes | L7: Noida | M7: Flat No 803 Tower 38 _x000D_ Lotus Espacia Sector 100 | N7: RL102M-GICEG-221221-162212-220 | O7: Active | P7: INDIVIDUALS - Annual | R7: 198 | S7: 1932
A8: 44913 | B8: 45016 | C8: Himanshu | D8: Pandya | E8: himanshu@hpprivatewealth.com | F8: 9821529611 | G8: HP Private Wealth Advisory Services | H8: Founder | I8: INA000017310 | J8: yes | L8: Mumbai | M8: C 1404 Raheja serenity_x000D_ Thakur Village | N8: RL102M-GICEG-221218-094512-110 | O8: Active | P8: INDIVIDUALS - Annual | R8: 197 | S8: 1901
A9: 44902 | B9: 45016 | C9: Nanda Kishore | D9: Sethuraman | E9: nanda@dyotasolutions.com | F9: 9113258537 | G9: Dyota Solutions Pvt Ltd | H9: Co-Founder & CMO | I9: INA000007216 | J9: yes | K9: 27AADCD2893C1ZR | L9: Bangalore | M9: 408 3rd Main HMT Layout Near PNB Anand Nagar | N9: RL102M-GICEG-221207-100614-133 | O9: Active | P9: Corporate - Annual Membership | R9: 197 | S9: 1376
A10: 44894 | B10: 45016 | C10: Vinaya | D10: Kini | E10: vinaya.kini@unien.in | F10: 9980595036 | G10: UNIEN CAPITAL ADVISORS PRIVATE LIMITED | H10: Head of Client Servicing & Compliance | I10: INA200014548 | J10: yes | K10: 29AACCU5116E1ZH | L10: Bangalore | M10: No. 161 Akanksha Ganesha Temple Street Defence Layout Near Last bus Stop Vidyaranyapura Bangalore - 560097 | N10: RL102M-GICEG-221129-124040-234 | O10: Active | P10: Corporate - Annual Membership | R10: 140 | S10: 1712
A11: 44886 | B11: 45250 | C11: Samraat | D11: Jadhav | E11: prosperitywealthindia@gmail.com | F11: 9823513326 | G11: Prosperity Wealth Adviser | H11: CIO | I11: INA000016773 | J11: yes | K11: 27AESPJ2501F1ZO | L11: Pune | M11: 4 Indralok Anand Nagar Sinhgad Road | N11: RL102M-GICEG-221121-120734-129 | O11: Active | P11: INDIVIDUALS - Annual | R11: 196 | S11: 1790
A12: 44883 | B12: 45247 | C12: Sumit | D12: Waghmare | E12: sumit.waghmare86@gmail.com | F12: 9827647795 | G12: SKW INVESTMENT ADVISER | H12: Owner | I12: INA200013099 | J12: yes | K12: 29ABRPW8653R2ZZ | L12: Bangalore | M12: Jp Nagar Bangalore | N12: RL102M-GICEG-221118-103205-130 | O12: Active | P12: INDIVIDUALS - Annual | R12: 195 | S12: 1236
A13: 44876 | B13: 45240 | C13: Ruchi | D13: Sankhe | E13: ruchi@infinityinvestmentadvisors.com | F13: 9867508952 | G13: Infinity Investment Advisors | H13: Proprietor | I13: INA000017268 | J13: yes | K13: 27ALOPS5914L1ZC | L13: Mumbai | M13: B 26 Ahuja Towers Rajabhau Anant Desai Marg_x000D_ Prabhadevi | N13: RL102M-GICEG-221111-164608-178 | O13: Active | P13: INDIVIDUALS - Annual | R13: 194 | S13: 1895
A14: 44869 | B14: 81175 | C14: Sujit | D14: Modi | E14: sujit@quantechcapital.in | F14: 9820249624 | G14: Quantech Capital Investment Advisors Private Limited | H14: Director | I14: INA000013712 | J14: yes | K14: 27AAACQ5544L1Z4 | L14: Mumbai | M14: WeWork-Raheja Platinum _x000D_ Sag Baug Rd off Andheri-Kurla Road Marol Andheri East Mumbai 400059_x000D_ | N14: RL102M-GICEG-221104-130906-165 | O14: Active | P14: Corporate - Life Membership | R14: 63 | S14: 1145
A15: 44855 | B15: 45016 | C15: RIGHT HORIZONS INVESTMENT ADVISORY | D15: SERVICES PVT LTD | E15: RACHNA@RIGHTHORIZONS.COM | F15: 9845399780 | G15: RIGHT HORIZONS INVESTMENT ADVISORY SERVICES PVT LTD | H15: DIRECTOR | I15: INA200002601 | J15: yes | L15: BANGALORE | M15: No.6 AREKERE OPP. BRITISH BIOLOGICALS NEXT TO MITRA ACADEMY BANNERGHATTA ROAD | N15: RL102M-GICEG-221021-114332-170 | O15: Active | P15: Corporate - Annual Membership | R15: 138 | S15: 1730
A16: 44847 | B16: 45016 | C16: Salma | D16: Sony | E16: planwithsalma@gmail.com | F16: 8180923895 | G16: Not Applicable | H16: Certified Financial Planner | I16: INA000017222 | J16: yes | L16: Jamshedpur | M16: Flat No. 34 Zircon Vatikaa Green City Dimna Road Mango Within P.S Mango East Singhbhum Jamshedpur Jharkhand- 831018 | N16: RL102M-GICEG-221013-120033-149 | O16: Active | P16: INDIVIDUALS - Annual | R16: 193 | S16: 1890
A17: 44841 | B17: 45016 | C17: Kartik | D17: Parekh | E17: Kartikparekh27@gmail.com | F17: 9820006240 | G17: Kartik Parekh Investments | H17: Proprietor | I17: INA000015871 | J17: yes | L17: Mumbai | M17: B22 maimoon Apts ectv lane prabhadevi opposite siddhivinayak temple vijay sales lane | N17: RL102M-GICEG-221007-194151-197 | O17: Active | P17: INDIVIDUALS - Annual | R17: 192 | S17: 1003
A18: 44832 | B18: 45016 | C18: RAJESH | D18: SETH | E18: RS@SEERSADVISORS.COM | F18: 9818519025 | G18: SEERS ADVISORS | H18: PARTNER | I18: INA100004715 | J18: yes | K18: 09ACZFS7398N1ZH | L18: DELHI-110009 | M18: H-11/B VIJAY NAGAR | N18: RL102M-GICEG-220928-135455-154 | O18: Active | P18: Corporate - Annual Membership | R18: 137 | S18: 1364
A19: 44831 | B19: 45016 | C19: Shyam | D19: Sunder | E19: shyam.sunder@peakalpha.com | F19: 9945234301 | G19: PeakAlpha Investment Services Private Limited | H19: Managing Director | I19: INA200007043 | J19: yes | K19: 29AADCP5534A1ZN | L19: Bangalore | M19: Kalpvriksh 13 Brunton Road Cross | N19: RL102M-GICEG-220927-171928-175 | O19: Active | P19: Corporate - Annual Membership | R19: 136 | S19: 1734
A20: 44830 | B20: 45382 | C20: Kislay | D20: Upadhyay | E20: kislay.upadhyay@fidelfolio.ai | F20: 9559035737 | G20: FidelFolio Investments Pvt Ltd (NA for individual RIAs) | H20: Principal Officer (Individual RIA) | I20: INA000016056 | J20: yes | L20: Patna | M20: 9A/30 Shiv Mandir Road Indrapuri | N20: RL102M-GICEG-230317-191646-240 | O20: Active | P20: INDIVIDUALS - Annual | R20: 191 | S20: 1015
A21: 44830 | B21: 45016 | C21: Kedar | D21: Ghaisas | E21: admin@rccapitalmanagement.com | F21: 8806058625 | G21: RC Capital Management | H21: Partner | I21: INA000004088 | J21: yes | K21: 27AASFR8484R1ZQ | L21: Pune | M21: B-101 Chinar Housing Society Behind Subway Kothrud Near Karishma Society | N21: RL102M-GICEG-220926-120425-148 | O21: Active | P21: Corporate - Annual Membership | R21: 135 | S21: 1329
A22: 44827 | B22: 45016 | C22: Munish | D22: Randev | E22: munish@cervinfamilyoffice.com | F22: 9867672582 | G22: Cervin Family Office & Advisors Pvt. Ltd. | H22: Founder & CEO | I22: INA000015385 | J22: yes | L22: Mumbai | M22: WeWork Oberoi Commerz II Mohan Gokhale Road Goregaon - East | N22: RL102M-GICEG-220923-151910-176 | O22: Active | P22: Corporate - Annual Membership | R22: 134 | S22: 1469
A23: 44826 | B23: 45190 | C23: Neha | D23: Kumari | E23: neha@ssbainnovations.com | F23: 8424941084 | G23: SSBA Innovations Ltd | H23: Product Research Analyst | I23: INA000012166 | J23: yes | K23: 27AAZCS0796D1ZQ | L23: Mumbai - 400072 | M23: 1309 Lodha Supremus Opp Telephone Exchange Saki Vihar Road Powai | N23: RL102M-GICEG-220922-133825-224 | O23: Active | P23: Corporate - Annual Membership | R23: 133 | S23: 1815
A24: 44826 | B24: 45556 | C24: RAJIV | D24: SHAH | E24: rmsinvestments@outlook.com | F24: 9022130230 | G24: RMS INVESTMENTS | H24: Propreitor | I24: INA000007933 | J24: yes | L24: MUMBAI-3 | M24: R. NO. K1 4TH FLOOR 67/69 DADA MANZIL MOHAMMAD ALI ROAD | N24: RL102M-GICEG-230318-140910-147 | O24: Active | P24: INDIVIDUALS - Annual | R24: 190 | S24: 1150
A25: 44825 | B25: 45016 | C25: SHILPA | D25: DADHICH | E25: shilpa.dadhich@waterfieldadvisors.com | F25: 9987538394 | G25: WATERFIELD FINANCIAL AND INVESTMENT ADVISORS PRIVATE LIMITED | H25: COMPANY SECRETARY- ASSISTANT VICE PRESIDENT | I25: INA000001811 | J25: yes | L25: MUMBAI | M25: 142 MAKER CHAMBER VI 220 JAMNALAL BAJAJ MARG NARIMAN POINT MUMBAI MH 400021 IN | N25: RL102M-GICEG-220921-142116-200 | O25: Active | P25: Corporate - Annual Membership | R25: 132 | S25: 1627
A26: 44824 | B26: 45016 | C26: Karthikeyan | D26: Murthy | E26: finance@pariwashington.com | F26: 9940661596 | G26: Pari Washington Company Advisors Private Limited | H26: AVP | I26: INA200013284 | J26: yes | K26: 33AAECP0955E1ZQ | L26: Chennai | M26: 18 Tiger Varadachari Road I st Street_x000D_ Besant Nagar Chennai 600090 | N26: RL102M-GICEG-220920-163311-254 | O26: Active | P26: Corporate - Annual Membership | R26: 130 | S26: 1635
A27: 44824 | B27: 45016 | C27: Shamshad | D27: Sheriff | E27: shamshad@29kadvisers.com | F27: 9686467550 | G27: 29k Investment Advisers Private Limited | H27: Director | I27: INA200000365 | J27: yes | K27: 29AAECR0647R1ZP | L27: Bengaluru | M27: #390 7th Main 9th Cross Jayanagar II Block | N27: RL102M-GICEG-220920-170558-258 | O27: Active | P27: Corporate - Annual Membership | R27: 131 | S27: 1701
A28: 44823 | B28: 45187 | C28: Nikhil | D28: Raheja | E28: nikhilraheja078@hotmail.com | F28: 7358329891 | G28: Individual | H28: SEBI RIA | I28: INA100016831 | J28: yes | L28: Panipat | M28: 313L Model Town | N28: RL102M-GICEG-220919-225501-278 | O28: Active | P28: INDIVIDUALS - Annual | R28: 189 | S28: 1811
A29: 44823 | B29: 45187 | C29: Nandan | D29: Madhiwalla | E29: nandan09@hotmail.com | F29: 7506285205 | G29: Nandan Satish Madhiwalla | H29: Founder | I29: INA000011592 | J29: yes | K29: 27AKYPM1095R1ZY | L29: Mumbai | M29: 304 Anmol French Bridge Opera House Mumbai 400007 MUMBAI MAHARASHTRA 400007 | N29: RL102M-GICEG-220919-165524-239 | O29: Active | P29: INDIVIDUALS - Annual | R29: 188 | S29: 1188
A30: 44823 | B30: 45187 | C30: Darshana | D30: Kothari | E30: darshana.kothari@elever.app | F30: 9739490383 | G30: Elever Investment Adviser Private Limited | H30: AVP-Legal & Compliance | I30: INA200016102 | J30: yes | K30: 29AAGCE0866M1Z5 | L30: Bangalore | M30: 301/302 3rd Floor Saket Callipolis Sarjapur Main Road Doddakannelli Bangalore Karnataka- 560035 | N30: RL102M-GICEG-220919-094517-141 | O30: Active | P30: Corporate - Annual Membership | R30: 129 | S30: 1019
A31: 44822 | B31: 45186 | C31: Sudhindra | D31: Krishnachar | E31: Sudhindra.hk@gmail.com | F31: 9886755892 | G31: Sudhindra | H31: RIA | I31: INA200005315 | J31: yes | L31: Bangalore | M31: 1024 15th main BTM layout 1st stage Bangalore 560029 | N31: RL102M-GICEG-220918-152211-125 | O31: Active | P31: INDIVIDUALS - Annual | R31: 187 | S31: 1695
A32: 44821 | B32: 45185 | C32: Pradeep | D32: Mahtani | E32: pgmahtani@gmail.com | F32: 9820228355 | G32: Pradeep Mahtani | H32: Proprietor | I32: INA000010742 | J32: yes | K32: 27AAFPM1068B1Z2 | L32: Mumbai | M32: 8 Hampton Court A Wing 4th Floor_x000D_ Wodehouse Road_x000D_ Colaba | N32: RL102M-GICEG-220917-181032-159 | O32: Active | P32: INDIVIDUALS - Annual | R32: 185 | S32: 1158
A33: 44821 | B33: 45185 | C33: Sudheer | D33: M | E33: msvariar@gmail.com | F33: 9620177540 | G33: Prasidhi | H33: Financial Planner | I33: INA200010986 | J33: yes | L33: Bangalore | M33: 620 Ground Floor 16th B Main 3rd Cross 3rd Block Koramangala | N33: RL102M-GICEG-220917-180318-158 | O33: Active | P33: INDIVIDUALS - Annual | R33: 184 | S33: 1225
A34: 44821 | B34: 45551 | C34: Akhilesh | D34: Jain | E34: ehresearchindia@gmail.com | F34: 9826424849 | G34: EH Reasearch | H34: Propriter | I34: INA000003767 | J34: yes | K34: NA | L34: Indore (MP) 452016 | M34: Energy House 51Mahadev Totla Nagar near BOB Bengali Square | N34: RL102M-GICEG-230317-213143-261 | O34: Active | P34: INDIVIDUALS - Annual | R34: 186 | S34: 1327
A35: 44820 | B35: 45184 | C35: Jagarlapudi Srirama Krishna | D35: Chaitanya | E35: chaitanya@rwadvisors.in | F35: 9972399660 | G35: RW INVESTMENT ADVISORS LLP | H35: Managing Partner | I35: INA200004342 | J35: yes | K35: 29AASFR5260K1ZG | L35: Bangalore | M35: Flat No.701 7th Floor Falguni Block Olety Landmark_x000D_ Pipeline Road JC Nagar Bangalore-560086 | N35: RL102M-GICEG-220916-183654-283 | O35: Active | P35: Corporate - Annual Membership | R35: 128 | S35: 1353
A36: 44820 | B36: 45184 | C36: Amit | D36: Gopal | E36: amit.gopal@mercer.com | F36: 9342533983 | G36: Mercer Wealth (India) Private Limited | H36: Director | I36: INA200000571 | J36: yes | K36: 29AABCI0729G1ZP | L36: Bengaluru | M36: 13th Upper Floor East Wing Raheja Towers 26-27 M G Road Bengaluru 0 560001 | N36: RL102M-GICEG-220916-132629-242 | O36: Active | P36: Corporate - Annual Membership | R36: 127 | S36: 1307
A37: 44820 | B37: 45184 | C37: Manu | D37: Chhabra | E37: chhabramanu2508@gmail.com | F37: 9533781011 | G37: Absolute Finserve | H37: Owner | I37: INA200013992 | J37: yes | K37: 29APZPC5666E1ZB | L37: Bangalore | M37: Jayanagar Bangalore | N37: RL102M-GICEG-220916-132224-237 | O37: Active | P37: INDIVIDUALS - Annual | R37: 183 | S37: 1779
A38: 44820 | B38: 45184 | C38: ABHISHEK | D38: ABHISHEK | E38: mail.abhishek880@gmail.com | F38: 8802976838 | G38: ABHISHEK | H38: Proprietor | I38: INA000017684 | J38: yes | K38: 06BCNPA1830J1ZU | L38: GURGAON | M38: 244P SECTOR 9A NEAR HUDA MARKET GURGAON 122001 | N38: RL102M-GICEG-220916-092949-139 | O38: Active | P38: INDIVIDUALS - Annual | R38: 182 | S38: 1960 | T38: Surrendered his indiviual licence and got corporate
A39: 44819 | B39: 45183 | C39: Arvinder Jit | D39: Singh | E39: adviser@financefirst.in | F39: 9822002331 | G39: Finance First Advisers | H39: Managing Partner | I39: INA000013527 | J39: yes | L39: Pune | M39: H-502 Maestros Opp Salunke Vihar Wanowadi | N39: RL102M-GICEG-220915-202249-225 | O39: Active | P39: Corporate - Annual Membership | R39: 126 | S39: 1495
A40: 44819 | B40: 45183 | C40: KUMAR | D40: NATHANI | E40: kumarnathani@yahoo.com | F40: 9820596382 | G40: KUMAR NATHANI | H40: REGISTERED INVESTMENT ADVISER | I40: INA000012661 | J40: yes | K40: 27AAWPN7733K1ZT | L40: NAVI MUMBAI THANE | M40: FLAT B-505 PROGRESSIVE'S CELEBRITY PLOT NO. 71 SECTOR 15 CBD BELAPUR(W) | N40: RL102M-GICEG-220915-191554-209 | O40: Active | P40: INDIVIDUALS - Annual | R40: 181 | S40: 1571
A41: 44819 | B41: 45183 | C41: J Satheesh | D41: Kannan | E41: jrmskannan@gmail.com | F41: 9663078930 | G41: FinIntellect | H41: Investment Adviser | I41: INA200013503 | J41: yes | L41: Bangalore | M41: House No 80/1 1st Main road Kasturi Nagar | N41: RL102M-GICEG-220915-183332-203 | O41: Active | P41: INDIVIDUALS - Annual | R41: 180 | S41: 1474
A42: 44819 | B42: 45183 | C42: Pranav | D42: Vora | E42: ia@mephezalea.in | F42: 9820859571 | G42: Mephezalea MFO LLP | H42: Principal Officer & Managing Partner | I42: INA000015899 | J42: yes | K42: 29AAKCM6562G1Z1 | L42: PUNE | M42: 5TH FLOOR OFFICE NO 501MARVEL ALAINA KOREGAON PARK Pune - 411001. | N42: RL102M-GICEG-220915-182055-202 | O42: Active | P42: Corporate - Annual Membership | R42: 125 | S42: 1009
A43: 44819 | B43: 45183 | C43: mithun | D43: aswath | E43: mithun@kivahadvisors.com | F43: 9900020317 | G43: Kivah Advisors | H43: Managing Partner / Principal officer | I43: INA200014186 | J43: yes | K43: 29AAVFK1529P1ZE | L43: Bangalore | M43: 624 Sobha Dewflower_x000D_ Sarakki Main Road_x000D_ JP nagar 1st Phase Bangalore 560078 | N43: RL102M-GICEG-220915-181906-201 | O43: Active | P43: Corporate - Annual Membership | R43: 124 | S43: 1256
A44: 44819 | B44: 45183 | C44: Varun | D44: Ginodia | E44: vginodia@gmail.com | F44: 9819711898 | G44: Bulwark Advisors | H44: Proprietor | I44: INA000016764 | J44: yes | K44: 27AFHPG0375G1ZM | L44: Mumbai | M44: Anmol Fortune E-2306 Off MG Road Goregaon West Mumbai - 400104 | N44: RL102M-GICEG-220915-181623-200 | O44: Active | P44: INDIVIDUALS - Annual | R44: 179 | S44: 1781
A45: 44819 | B45: 45183 | C45: Meghana | D45: Tilak | E45: meghanatilak@gmail.com | F45: 9869252932 | G45: Meghana Tilak | H45: RIA- Individual | I45: INA000015622 | J45: yes | L45: Thane | M45: 1/7 Calpana CHS Sahyog Mandir Road Naupada | N45: RL102M-GICEG-220915-181047-197 | O45: Active | P45: INDIVIDUALS - Annual | R45: 178 | S45: 1507
A46: 44819 | B46: 45183 | C46: Ketan | D46: Sanghvi | E46: ketan.sanghvi@plethunoinvestments.com | F46: 8433950808 | G46: Ketan Sanghvi (Trade Name: Plethuno Investments Advisors) | H46: Founder | I46: INA000009667 | J46: yes | L46: Mumbai | M46: A-1104 Joy Valencia off JVLR Andheri East Mumbai - 400060 | N46: RL102M-GICEG-220915-180214-193 | O46: Active | P46: INDIVIDUALS - Annual | R46: 177 | S46: Licence Surrendered
A47: 44819 | B47: 45183 | C47: Chandan Singh | D47: Padiyar | E47: cspfs@live.com | F47: 7385612442 | G47: Chandan Singh Padiyar | H47: Financial Planner | I47: INA000008251 | J47: yes | L47: Pune 411028. | M47: D-7/1 Nirmal Township Kale Padal Road Sasane Nagar Hadapsar | N47: RL102M-GICEG-220915-175941-192 | O47: Active | P47: INDIVIDUALS - Annual | R47: 176 | S47: 1107
A48: 44819 | B48: 45183 | C48: CHETHAN | D48: DHRUVA | E48: chethan_dhruva@yahoo.com | F48: 9845345369 | G48: Individual | H48: SEBI Registered Investment Advisor | I48: INA200014724 | J48: yes | L48: Bengaluru | M48: 605B Renaissance Park 3 Apartments_x000D_ Subramanyanagar 1st Main Road_x000D_ Malleshwaram-West | N48: RL102M-GICEG-220915-173943-188 | O48: Active | P48: INDIVIDUALS - Annual | R48: 175 | S48: 1116
A49: 44819 | B49: 81343 | C49: Amit | D49: Bivalkar | E49: amit@sapientwealth.co.in | F49: 9689924365 | G49: Sapient Wealth Advisors & Brokers Private Limited | H49: Director | I49: INA000015561 | J49: yes | K49: 27AANCS1403P1ZZ | L49: Pune | M49: 401 Guardian Square CTS NO. 8/20 Opposite Nisarg Hotel Erandwane Pune - 411 004. | N49: RL102M-GICEG-220915-173626-187 | O49: Active | P49: Corporate - Life Membership | R49: 62 | S49: 1424
A50: 44819 | B50: 45183 | C50: Himank | D50: Agrawal | E50: himankagrawal21@gmail.com | F50: 9084132575 | G50: Himank Agrawal | H50: Individual | I50: INA100012589 | J50: yes | L50: Firozabad | M50: 127/3 Mahaveer Nagar | N50: RL102M-GICEG-220915-172638-184 | O50: Active | P50: INDIVIDUALS - Annual | R50: 174 | S50: 1194
A51: 44819 | B51: 45183 | C51: Jagadeesh Babu | D51: Kothamasu | E51: kjbabu73@gmail.com | F51: 9704123190 | G51: SREELAKSHYAM FINANALYTICS | H51: Proprietor | I51: INA200013008 | J51: yes | L51: HYDERABAD | M51: 2186 OLD MIG BHEL NEAR THAYAL GRAMMAR SCHOOL RAMACHANDRAPURAM | N51: RL102M-GICEG-220915-170926-182 | O51: Active | P51: INDIVIDUALS - Annual | R51: 173 | S51: 1103
A52: 44818 | B52: 45016 | C52: Rohan | D52: Borawake | E52: rohanborawake26@gmail.com | F52: 9923411966 | G52: FinSharpe | H52: Individual Advisor | I52: INA000016047 | J52: yes | L52: Pune | M52: 506 Seasons Business Square Aundh | N52: RL102M-GICEG-220914-122913-141 | O52: Active | P52: INDIVIDUALS - Annual | R52: 172 | S52: 1010
A53: 44811 | B53: 45016 | C53: Rohini | D53: Bhan | E53: rohini@finartadvisory.com | F53: 9845076899 | G53: Finart advisory | H53: Investment advisor | I53: INA200006798 | J53: yes | L53: Bangalore | M53: 210 Water ville Varthur Road Whitefield | N53: RL102M-GICEG-220907-161534-172 | O53: Active | P53: INDIVIDUALS - Annual | R53: 171 | S53: 1065
A54: 44809 | B54: 45016 | C54: Upasana | D54: Mondal | E54: upasana@dreamblueprintz.com | F54: 9818555764 | G54: DreamBluePrintz | H54: Proprietor | I54: INA200011684 | J54: yes | L54: Hubli | M54: Arya Heights Unkal Lake Hubli | N54: RL102M-GICEG-220905-192153-160 | O54: Active | P54: INDIVIDUALS - Annual | R54: 170 | S54: 1908
A55: 44805 | B55: 45016 | C55: Punit | D55: M Sethia | E55: punit@apaarr.com | F55: 9500017650 | G55: Apaarr Global Advisory | H55: Proprietor | I55: INA200015787 | J55: yes | K55: 33AXAPS7237E1ZK | L55: Chennai | M55: G25 Ground Floor TIDEL Park 4 Rajiv Gandhi Salai Taramani | N55: RL102M-GICEG-220901-155223-150 | O55: Active | P55: INDIVIDUALS - Annual | R55: 169 | S55: 1222
A56: 44799 | B56: 45382 | C56: Satya Gautam | D56: Vadlamudi | E56: gautam@elystarinvest.com | F56: 9985635700 | G56: Elystar Investment Management Private Limited | H56: Founder & CEO | I56: INA200017022 | J56: yes | K56: 27AAGCE7730E1ZP | L56: Mumbai | M56: 91Springboard BKC Kagalwala House CST Road Kalina Santacruz (East) Mumbai Maharashtra 400098 | N56: RL102M-GICEG-230318-113515-141 | O56: Active | P56: Corporate - Annual Membership | R56: 123 | S56: 1843
A57: 44796 | B57: 45016 | C57: Rajanish | D57: P | E57: rajanish@sinhasi.com | F57: 9900130321 | G57: Sinhasi Consultants Pvt Ltd | H57: Sr.Vice President | I57: INA200004177 | J57: yes | K57: 29AAOCS3087L1ZI | L57: Bengaluru-560003 | M57: Srinivasam No.20 9th Cross 6th Main Malleswaram | N57: RL102M-GICEG-220823-150718-176 | O57: Active | P57: Corporate - Annual Membership | R57: 122 | S57: 1776
A58: 44789 | B58: 45016 | C58: Shruti | D58: Agrawal | E58: shruti.agrawal@cagrwealth.com | F58: 9867095324 | G58: CAGRwealth | H58: Proprietor | I58: INA100016406 | J58: yes | K58: 07AIAPA9190P1ZW | L58: Delhi | M58: A53 Guru Nanak Pura 2nd FLOOR Lakshmi Nagar New Delhi_x000D_ East Delhi Delhi 110092 | N58: RL102M-GICEG-220816-162225-235 | O58: Active | P58: INDIVIDUALS - Annual | R58: 168 | S58: 1104
A59: 44784 | B59: 45016 | C59: Vivek | D59: Pai | E59: vivekpai@arohacapital.com | F59: 9902835555 | G59: AROHA CAPITAL PVT LTD | H59: Managing Director | I59: INA200000175 | J59: yes | K59: 29AALCA3289K1Z1 | L59: Bangalore 560052 | M59: Ground Floor Lakshminarayan Complex_x000D_ No 10/1 Palace Road | N59: RL102M-GICEG-220811-103512-136 | O59: Active | P59: Corporate - Annual Membership | R59: 121 | S59: 1848
A60: 44784 | B60: 45016 | C60: Neha | D60: Porwal | E60: excellence_india@hotmail.com | F60: 9111611161 | G60: Real time financial services | H60: Proprietor | I60: INA000010177 | J60: yes | K60: 23DCTPP6767F1ZY | L60: INDORE | M60: 520 onam plaza 5th floor onam plaza 18 Palasia AB Road INDORE | N60: RL102M-GICEG-220811-192443-180 | O60: Active | P60: INDIVIDUALS - Annual | R60: 167 | S60: 1131
A61: 44777 | B61: 45016 | C61: puneet | D61: khurana | E61: puneet@stoicinvesting.com | F61: 9953227679 | G61: Stoic Investment Managers | H61: Founder | I61: INA100007806 | J61: yes | K61: 06APBPP0441A1ZN | L61: Faridabad | M61: h.no 108 sec 7 A Faridabad | N61: RL102M-GICEG-220804-160103-157 | O61: Active | P61: INDIVIDUALS - Annual | R61: 166 | S61: 1666
A62: 44774 | B62: 45016 | C62: Vineeth | D62: Narasimhan | E62: compliance@kristal.ai | F62: 9886246190 | G62: Kristal Advisors Private Limited | H62: Director | I62: INA100014569 | J62: yes | K62: 29AAGCK2422D1ZU | L62: Bangalore | M62: IndiQube Orion 24th Main Rd Agara Village 1st Sector HSR Layout Bengaluru Karnataka 560102 | N62: RL102M-GICEG-220801-184137-216 | O62: Active | P62: Corporate - Annual Membership | R62: 120 | S62: 1229
A63: 44771 | B63: 45135 | C63: Mansi | D63: Bhambhani | E63: mansi.bhambhani@biainvest.com | F63: 9879559519 | G63: BIA Investment Advisors | H63: Partner | I63: INA000005564 | J63: yes | L63: Ahmedabad | M63: 904 Satkar C G Road | N63: RL102M-GICEG-220729-154718-187 | O63: Active | P63: Corporate - Annual Membership | R63: 119 | S63: 1033
A64: 44770 | B64: 46595 | C64: Kashyap | D64: Popat | E64: kashyap.popat@gmail.com | F64: 9819331282 | G64: KASHYAP POPAT | H64: Advisor | I64: INA000015932 | J64: yes | K64: 27AKRPP5441K1ZI | L64: MUMBAI | M64: 1601 C WING RNA ROYAL PARK KANDIVALI W MUMABI 400067 | N64: RL102M-GICEG-220728-105526-177 | O64: Active | P64: Individual - Life Membership | R64: 92 | S64: 1002
A65: 44769 | B65: 45133 | C65: SUBRAMANIAN | D65: NARAYANASAMY | E65: wsimadvisors@gmail.com | F65: 9566228832 | G65: WSIM INVESTMENT ADVISORS | H65: Proprietor | I65: INA200007159 | J65: yes | K65: 33AASPS6828A2ZH | L65: CHENNAI | M65: A-21 GULMOHAR APASTEMENTS 15-B SOUTH BOAG ROAD T.NAGAR CHENNAI - 600017 | N65: RL102M-GICEG-220727-152732-236 | O65: Active | P65: INDIVIDUALS - Annual | R65: 165 | S65: 1105
A66: 44769 | B66: 45133 | C66: Jayanth | D66: Nanjappa | E66: jayanth@90to10.com | F66: 998606790 | G66: 90-10 FINANCIAL PLANNERS PVT LTD | H66: Investment Student | I66: INA200008291 | J66: yes | K66: AAACZ6138M1ZP | L66: BANAGLORE | M66: JAI GANESH 321 36th A Cross Rd 4th Block 5th Block Jayanagar | N66: RL102M-GICEG-220727-152542-235 | O66: Active | P66: Corporate - Annual Membership | R66: 118 | S66: 1418
A67: 44761 | B67: 45016 | C67: Paras | D67: Adenwala | E67: paras.adenwala@capitalportfolioadvisors.com | F67: 9820184156 | G67: Capital Portfolio Advisors | H67: Founder | I67: INA000013554 | J67: yes | L67: Mumbai | M67: 9 Hilife Centre Ground floor Pherozshah Mehta Road Santacruz West | N67: RL102M-GICEG-220719-193401-219 | O67: Active | P67: INDIVIDUALS - Annual | R67: 164 | S67: 1780
A68: 44757 | B68: 45016 | C68: Gaurav | D68: Mashruwala | E68: gmashruwala@gmail.com | F68: 9821036669 | G68: A Cutting Edge | H68: Proprietor | I68: INA000004013 | J68: yes | L68: Mumbai | M68: 14/C Crystal 36 Altamount Road Mumbai - 400026 | N68: RL102M-GICEG-220715-113028-132 | O68: Active | P68: INDIVIDUALS - Annual | R68: 162 | S68: 1332
A69: 44757 | B69: 45016 | C69: AMIT | D69: GANGRADE | E69: mitgangrade@gmail.com | F69: 9009890099 | G69: INVESTMENT RESEARCH ADVISOR | H69: Owner | I69: INA000003387 | J69: yes | K69: 23AVRPG8196P3ZJ | L69: INDORE | M69: 403 SHREENATH AVENUE CHHAVANI ROAD_x000D_ MADHUMILAN SQUARE INDORE | N69: RL102M-GICEG-220715-141106-148 | O69: Active | P69: INDIVIDUALS - Annual | R69: 163 | S69: 1323
A70: 44754 | B70: 45118 | C70: Ram | D70: Manohar | E70: ram.manohar@gmail.com | F70: 9880122118 | G70: NA | H70: NA | I70: INA200014450 | J70: yes | L70: Bangalore | M70: E-203 Raheja Residency Koramangala 3rd block | N70: RL102M-GICEG-220712-130612-168 | O70: Active | P70: INDIVIDUALS - Annual | R70: 161 | S70: 1607
A71: 44750 | B71: 45016 | C71: ARUN | D71: KUMAR | E71: arun@boxpfa.com | F71: 9999769528 | G71: AM INVESTMENT ADVISORS AND ASSOCIATES | H71: PARTNER | I71: INA100004871 | J71: yes | K71: 09ABBFA6830G1ZL | L71: NOIDA | M71: D - 33 GROUND FLOOR SECTOR 2 NOIDA UTTAR PRADESH - 201301 | N71: RL102M-GICEG-220708-130541-148 | O71: Active | P71: Corporate - Annual Membership | R71: 117 | S71: 1477
A72: 44749 | B72: 45016 | C72: Biharilal | D72: Deora | E72: complianceteam@abakkusinvest.com | F72: 9930837335 | G72: ABAKKUS ASSET MANAGER LLP | H72: Director | I72: INA000015729 | J72: yes | K72: 27ABLFA3495P1ZN | L72: mUMBAI | M72: Abakkus Corporate Center 6th Floor Param House Shanti Nagar _x000D_ _x000D_ Near Grand Hyatt Off Santacruz Chembur Link Road Santacruz East Mumbai â€“ 400055 Phone no +91 22 6884 6600_x000D_ _x000D_ | N72: RL102M-GICEG-220707-100858-123 | O72: Active | P72: Corporate - Annual Membership | R72: 116 | S72: 1093
A73: 44749 | B73: 45016 | C73: mahesh | D73: puttamadappa | E73: maheshbp2006@gmail.com | F73: 9880366277 | G73: Individual | H73: Investment Adviser | I73: INA200002361 | J73: yes | K73: 29AGNPP9058Q1Z2 | L73: Bengaluru-560050 | M73: 43413 Main 3Cross Srinivasnagar 2 Phase | N73: RL102M-GICEG-220707-145817-351 | O73: Active | P73: INDIVIDUALS - Annual | R73: 160 | S73: 1331
A74: 44747 | B74: 45016 | C74: Prakash | D74: Lohana | E74: Compliance@ascentsolutions.in | F74: 9824528287 | G74: Ascent Financial Solutions Pvt Ltd | H74: Managing Director | I74: INA000017064 | J74: yes | K74: 24AAJCA6779N1ZY | L74: Vadodara | M74: Ascent Financial Solutions Private Limited_x000D_ _x000D_ 315-316 Notus IT Park Sarabhai Campus Near Genda Circle_x000D_ | N74: RL102M-GICEG-220705-223848-261 | O74: Active | P74: Corporate - Annual Membership | R74: 115 | S74: 1856
A75: 44742 | B75: 45016 | C75: Gaurav | D75: Jain | E75: connectgauravjain@gmail.com | F75: 9706000101 | G75: Gaurav Jain | H75: Investment Consultant | I75: INA300016862 | J75: yes | L75: Guwahati | M75: 7A1 7th FLOOR MAINAAK TOWERS CHRISTAN BASTI G.S ROAD | N75: RL102M-GICEG-220630-094933-127 | O75: Active | P75: INDIVIDUALS - Annual | R75: 159 | S75: 1819
A76: 44732 | B76: 45016 | C76: NINAD | D76: PATIL | E76: ninadkpatil@gmail.com | F76: 9370225050 | G76: Individual | H76: Investment Advisor | I76: INA000016986 | J76: yes | L76: Pune | M76: PARK SPRINGS #302 JASMIN Porwal Road Lohegaon Pune 411047 | N76: RL102M-GICEG-220620-201614-235 | O76: Active | P76: INDIVIDUALS - Annual | R76: 158 | S76: 1846
A77: 44726 | B77: 45016 | C77: PriteshKumar | D77: Shah | E77: pritesh.cfa@gmail.com | F77: 9978917315 | G77: PriteshKumar Shah | H77: Proprietor | I77: INA000015297 | J77: yes | K77: 24BDFPS8886R1ZA | L77: Vadodara | M77: E-402 Vrajbhoomi Nr. Ambe School Manjalpur | N77: RL102M-GICEG-220614-115721-142 | O77: Active | P77: INDIVIDUALS - Annual | R77: 157 | S77: 1754
A78: 44726 | B78: 45016 | C78: Manish | D78: Goel | E78: compliance@equentis.com | F78: 912261013800 | G78: Equentis Wealth Advisory Services Private Limited | H78: Managing Director | I78: INA000003874 | J78: yes | L78: Mumbai | M78: A-603 Marathon Futurex N. M. Joshi Marg Lower Parel Mumbai-400013. | N78: RL102M-GICEG-220614-120852-143 | O78: Active | P78: Corporate - Annual Membership | R78: 114 | S78: 1816
A79: 44713 | B79: 45016 | C79: Aparna | D79: Aggarwal | E79: aparnazk@gmail.com | F79: 9769406588 | G79: Elementum Money | H79: Principal | I79: INA000016904 | J79: yes | L79: Mumbai | M79: C1011 Vaibhav Paradise CHS Aaram Society Road Vakola Santacruz (E) Mumbai - 400055 | N79: RL102M-GICEG-220601-160648-181 | O79: Active | P79: INDIVIDUALS - Annual | R79: 156 | S79: 1825
A80: 44708 | B80: 45072 | C80: Aarti | D80: Mohan | E80: aarti@aurionadvisors.in | F80: 9819692053 | G80: Aurion Advisors | H80: Proprietor | I80: INA000016454 | J80: yes | K80: 27ABMPM4997P1ZG | L80: Mumbai - 400051 | M80: Awfis Space Solutions Pvt Ltd Parinee Crescenzo B-Wing 10th Floor G-Block Bandra Kurla Complex Bandra East | N80: RL102M-GICEG-220527-130549-179 | O80: Active | P80: INDIVIDUALS - Annual | R80: 154 | S80: 1696
A81: 44708 | B81: 45016 | C81: Love | D81: Shah | E81: loveshah@gmail.com | F81: 9833073003 | G81: Individual | H81: RIA | I81: INA000005374 | J81: yes | L81: Mumbai | M81: Kandivali East | N81: RL102M-GICEG-220527-135025-188 | O81: Active | P81: INDIVIDUALS - Annual | R81: 155 | S81: 1892
A82: 44708 | B82: 45016 | C82: Sanjay | D82: Santhanam | E82: sanjay@quinstinct.com | F82: 9840019451 | G82: Quinstinct Advisory Private Ltd | H82: Director | I82: INA200016096 | J82: yes | K82: 33AAACQ4869L1Z! | L82: Chennai 600008 | M82: 115/268/15 7th Floor_x000D_ Khaleel Shirazi Estate Egmore | N82: RL102M-GICEG-220527-143457-197 | O82: Active | P82: Corporate - Annual Membership | R82: 113 | S82: 1018
A83: 44701 | B83: 45382 | C83: Ajay | D83: Sharma | E83: ajay.sharma@cycas.co.in | F83: 9866243862 | G83: Cycas Investment Advisors | H83: Founder Chief Investment Officer | I83: INA200013017 | J83: yes | L83: Hyderabad | M83: 350 Indu Fortune Fields Kukatpally | N83: RL102M-GICEG-230318-133124-146 | O83: Active | P83: INDIVIDUALS - Annual | R83: 153 | S83: 1574
A84: 44700 | B84: 45016 | C84: JAIDEEP | D84: S | E84: Jaideep.menon@gmail.com | F84: 8089089070 | G84: JAIDEEP | H84: INVESTMENT ADVISOR | I84: INA200007858 | J84: yes | L84: KOCHI | M84: jaivihar_x000D_ jaihind road_x000D_ nayarambalam | N84: RL102M-GICEG-220519-172543-227 | O84: Active | P84: INDIVIDUALS - Annual | R84: 152 | S84: 1063
A85: 44700 | B85: 45016 | C85: Kranthi Chaitanya | D85: Pulluru | E85: kranthi@savart.com | F85: 9885012380 | G85: Svobodha Infinity Investment Advisors P Limited | H85: Global growth - Vice President | I85: INA200012601 | J85: yes | K85: 36AAYCS6553PIZ4 | L85: Hyderabad Telangana | M85: 1-2-302 Domalguda Himayatnagar Hyderabad | N85: RL102M-GICEG-220519-190546-237 | O85: Active | P85: Corporate - Annual Membership | R85: 112 | S85: 1545
A86: 44697 | B86: 45016 | C86: CHIRAG | D86: ARVINDBHAI SHAH | E86: chirag.shah@ckredencewealth.com | F86: 9227907979 | G86: CKREDENCE WEALTH MANAGEMENT PVT LTD | H86: DIRECTOR | I86: INA000016588 | J86: yes | K86: 24AABCC5841P2ZE | L86: SURAT | M86: B-101 TIRUPATI PLAZA NEAR COLLECTOR OFFICE ATHWAGATE | N86: RL102M-GICEG-220516-102728-122 | O86: Active | P86: Corporate - Annual Membership | R86: 111 | S86: 1741
A87: 44695 | B87: 45016 | C87: SHARAD | D87: SHARMA | E87: MUMBAI.SHARAD@GMAIL.COM | F87: 9819572157 | G87: SHARAD SHARMA | H87: RIA | I87: INA000010955 | J87: yes | L87: MUMBAI | M87: 2 B 6 SEA PALACE CHS JUHU TARA ROAD SANTACRUZ WEST | N87: RL102M-GICEG-220514-161352-172 | O87: Active | P87: INDIVIDUALS - Annual | R87: 151 | S87: 1832
A88: 44694 | B88: 45016 | C88: Premal | D88: Thakkar | E88: premalbthakkar@gmail.com | F88: 9909008490 | G88: Alliance Consultants | H88: Properitor | I88: INA000008534 | J88: yes | K88: 24AATPT0829R1ZR | L88: Surat | M88: 3 SArvoday Park Society Vibhag Ek (1) Bh. Swami Vivekanand Garden Bhattar Rd. Nr. Ruplai Nehair | N88: RL102M-GICEG-220513-181745-221 | O88: Active | P88: INDIVIDUALS - Annual | R88: 150 | S88: 1144
A89: 44686 | B89: 45382 | C89: Greenedge Capital Advisors Pvt Ltd | D89: . | E89: aniruddh@greenedgecapital.in | F89: 9920462730 | G89: Greenedge Capital Advisors Pvt Ltd | H89: Director | I89: INA000016676 | J89: yes | K89: 27AAACU8726E2Z8 | L89: Mumbai | M89: 301 Samarth House Plot No 167 Yoga Niketan Road Bangur Nagar Goregaon (W) | N89: RL102M-GICEG-230320-112958-200 | O89: Active | P89: Corporate - Annual Membership | R89: 110 | S89: 1751
A90: 44661 | B90: 45016 | C90: Prasad | D90: Satare | E90: prasad.satare@gmail.com | F90: 9881254614 | G90: INDIVIDUAL RIA | H90: RIA | I90: INA000009533 | J90: yes | L90: Pune | M90: A-602 Nalini Society off D P Road Aundh Pune 411007 | N90: RL102M-GICEG-220410-180709-172 | O90: Active | P90: INDIVIDUALS - Annual | R90: 149 | S90: Licence Surrendered
A91: 44656 | B91: 45016 | C91: Peeyush | D91: Kumar Maheshwari | E91: capeeyush91@gmail.com | F91: 9899568573 | G91: Peeyush Kumar | H91: Proprietor | I91: INA100016752 | J91: yes | L91: gurgaon | M91: 1004 Ivory Towers The RetreatSouth city 1 | N91: RL102M-GICEG-220405-125616-259 | O91: Active | P91: INDIVIDUALS - Annual | R91: 148 | S91: 1784
A92: 44623 | B92: 45016 | C92: MANSI | D92: VARIA | E92: RIAMANSIVARIA@GMAIL.COM | F92: 9869645945 | G92: MANSI HIMANSHU VARIA | H92: PROPRIETOR | I92: INA000013563 | J92: yes | L92: Mumbai City | M92: 13 SHAKTI NIWAS STATION ROAD_x000D_ GOREGOAN WEST | N92: RL102M-GICEG-220303-150133-209 | O92: Active | P92: INDIVIDUALS - Annual | R92: 147 | S92: 1603
A93: 44617 | B93: 45016 | C93: ADITI | D93: NUNDY | E93: aditi@daycoindia.com | F93: 9830165452 | G93: Dayco Securities Pvt Ltd | H93: Director | I93: INA300016701_x000D_ | J93: yes | K93: 19AAACD9409P1Z2 | L93: Kolkata | M93: Poddat Point North Block 7th Floor 113 Park Street Kolkata 700016 | N93: RL102M-GICEG-220225-151423-607 | O93: Active | P93: Corporate - Annual Membership | R93: 109 | S93: 1757
A94: 44607 | B94: 45016 | C94: Bhavik | D94: Shah | E94: jbkfincap@gmail.com | F94: 9920375780 | G94: JBK Fincap | H94: Founder | I94: INA000016524 | J94: yes | K94: 27CCLPS9903H1Z0 | L94: Mumbai | M94: Ground Floor 5 Plot no -157 CHANDRA MAHAL SAINT_x000D_ PAUL STREET Mumbai Mumbai City Maharashtra 400014 | N94: RL102M-GICEG-220215-232649-223 | O94: Active | P94: INDIVIDUALS - Annual | R94: 146 | S94: 1727
A95: 44588 | B95: 48304 | C95: Ketan | D95: Mazumdar | E95: gabudfinpro@gmail.com | F95: 9819058455 | G95: Ketan Mazumdar | H95: CFP | I95: INA00001597 | J95: yes | L95: Mumbai | M95: A-2/14 Scindia Society Off Sir M V Road Andheri East Mumbai 400069 | N95: RL102M-GICEG-220127-114101-183 | O95: Active | P95: Individual - Life Membership | R95: 75 | S95: 1004
A96: 44588 | B96: 45016 | C96: HARISH | D96: MENON | E96: hcmenon@gmail.com | F96: 9819130637 | G96: House of Alpha | H96: Registered Investment Adviser | I96: INA000012838 | J96: yes | L96: Mumbai | M96: 438 Avior Corporate Park Opp. Johnson & Johnson Ltd. LBS Road Mulund West 400080 | N96: RL102M-GICEG-220127-181157-213 | O96: Active | P96: INDIVIDUALS - Annual | R96: 145 | S96: 1257
A97: 44582 | B97: 45016 | C97: Prashanth | D97: Sekhar | E97: prashanth@sekhicapital.com | F97: 9940050541 | G97: Sekhi Capital | H97: Financial Advisor | I97: INA200016412 | J97: yes | L97: Chennai | M97: Sholinganallur | N97: RL102M-GICEG-220121-141203-186 | O97: Active | P97: INDIVIDUALS - Annual | R97: 143 | S97: 1661
A98: 44582 | B98: 45016 | C98: Anees | D98: Ahmed | E98: advisory.anees@gmail.com | F98: 8368853066 | G98: Anees Ahmed | H98: Investment Advisor | I98: INA100016266 | J98: yes | L98: New Delhi | M98: E-12/40 Hauz Rani Extension Malviya Nagar New Delhi- 110017 | N98: RL102M-GICEG-220121-194506-231 | O98: Active | P98: INDIVIDUALS - Annual | R98: 144 | S98: 1056
A99: 44580 | B99: 45016 | C99: Aakash | D99: Bansal | E99: aakash.bansal@vijyafintech.com | F99: 9167097376 | G99: Mercury Wealth Management Pvt Ltd | H99: Director and Compliance Officer | I99: INA000016162 | J99: yes | K99: 27AAECI7057G1ZF | L99: Mumbai | M99: 8/63 Sahyog CHS Anand Nagar Santacruz East | N99: RL102M-GICEG-220119-123419-157 | O99: Active | P99: Corporate - Annual Membership | R99: 108 | S99: 1028
A100: 44578 | B100: 45016 | C100: Gautam | D100: Bhasin | E100: gautam@prospurts.com | F100: 9650459955 | G100: Prospurts Consulco Private Limited | H100: Founder | I100: INA1000015869 | J100: yes | K100: 07AABCW1604J1ZI | L100: New Delhi | M100: 701 Narain Manzil 23 Barakhamba Road New Delhi 110001 | N100: RL102M-GICEG-220117-110228-151 | O100: Active | P100: Corporate - Annual Membership | R100: 107 | S100: 1129
...

Sheet ARIA Associate members
A1: Joining Date | B1: Expires On | C1: First Name | D1: Last Name | E1: Email | F1: Phone | G1: Company Name | H1: Designation | I1: RIA Code | J1: yes or no | K1: GST Number | L1: City | M1: Full Address | N1: Order No | O1: Membership Status | P1: Membership | Q1: Category | R1: Membership No
A2: 44964 | B2: 45328 | C2: Asawari | D2: Godbole | E2: asawari@cwa.co.in | F2: 8779017273 | G2: Circle Wealth Advisors Pvt Ltd | H2: Principal Officer | I2: INA000016782 | J2: yes | L2: Mumbai | M2: 701 702 MADHAVA BUILDING BKC_x000D_ ADAJCENT TO FAMILY COURT BKC Bandra East | N2: RL102M-GICEG-230207-192301-212 | O2: Active | P2: Associate-Annual | R2: ARIA155
A3: 44957 | B3: 45016 | C3: Siju | D3: Nair | E3: siju@finshieldadvisors.com | F3: 9739153272 | G3: Finshield Investment Advisors | H3: Partner | I3: INA200011268 | J3: yes | L3: Bengaluru | M3: Sahakar Nagar | N3: RL102M-GICEG-230131-130940-188 | O3: Active | P3: Associate-Annual | R3: ARIA153
A4: 44957 | B4: 45016 | C4: Mohit | D4: Nagdev | E4: mohitnagdev21@gmail.com | F4: 9426957269 | G4: ASCENT FINANCIAL SOLUTIONS PVT LTD | H4: Team Lead | I4: INA000017064 | J4: yes | K4: 24AAJCA6779N1ZY | L4: VADODARA | M4: 314-315 NOTUS IT PARK GENDA CIRCLE | N4: RL102M-GICEG-230131-175420-215 | O4: Active | P4: Associate-Annual | R4: ARIA154
A5: 44923 | B5: 45287 | C5: Rashmi | D5: Pithadia | E5: rashmi@gettingyourich.com | F5: 9820859758 | G5: GYR Financial Planners Private Limited | H5: Financial Planner | I5: N.A | J5: yes | L5: Mumbai | M5: Shop No. 6 Triveni CHS Ltd. Shastri Nagar Road No. 1 Goregaon West Mumbai 400 062 | N5: RL102M-GICEG-221228-185025-194 | O5: Active | P5: Associate-Annual | R5: ARIA152
A6: 44883 | B6: 45247 | C6: Varun | D6: Shinde | E6: varun@hexagonwealth.com | F6: 9886199393 | G6: HEXAGON CAPITAL ADVISORS PVT LTD | H6: _x000D_ Associate Principal / Designated Principal Officer | I6: INA200001702 | J6: yes | K6: 29AABCH0318J1ZQ | L6: Bangalore | M6: S 209 Suraj Ganga Arcade 332/7 15th Cross Road 2nd Block JayaNagar | N6: RL102M-GICEG-221118-101932-129 | O6: Active | P6: Associate-Annual | R6: ARIA151
A7: 44883 | B7: 45247 | C7: Sachin | D7: G | E7: accounts@hexagonwealth.com | F7: 8861586589 | G7: HEXAGON CAPITAL ADVISORS PVT LTD | H7: Accounts and Compliance Manager | I7: INA200001702 | J7: yes | K7: 29AABCH0318J1ZQ | L7: Bangalore | M7: S 209 Suraj Ganga Arcade 332/7 15th Cross Road 2nd Block JayaNagar | N7: RL102M-GICEG-221118-100713-128 | O7: Active | P7: Associate-Annual | R7: ARIA150
A8: 44832 | B8: 45016 | C8: Gaurav | D8: Sarda | E8: gaurav@vennwealth.in | F8: 9699082717 | G8: Oyepaisa Consulting Private Limited | H8: Manager | I8: INA200004300 | J8: yes | K8: 29AACCO2117K1ZF | L8: Bangalore | M8: 24/9 Haudin Road Ulsoor Road Cross Bangalore 560042 | N8: RL102M-GICEG-220928-164613-180 | O8: Active | P8: Associate-Annual | R8: ARIA149
A9: 44776 | B9: 45016 | C9: Rahul | D9: Jain | E9: rahulj@immpl.com | F9: 9448950592 | G9: International Money Matters | H9: Sr. VP Research | I9: INA200010676 | J9: yes | L9: Bengaluru | M9: 101-103 Mittal Tower A Wing 1st Floor MG Road Bengaluru - 560001 | N9: RL102M-GICEG-220803-172047-251 | O9: Active | P9: Associate-Annual | R9: ARIA148
A10: 44746 | B10: 45016 | C10: SRIDHAR | D10: SATTIRAJU | E10: ssattiraju@gmail.com | F10: 9701234739 | G10: SRIDHAR SATTIRAJU | H10: SOLE PROPRIETOR | I10: 67218 | J10: yes | K10: 36AMVPS9836K1ZT | L10: HYDERABAD | M10: 3-4-526/2/3/ C BARKATPURA OPP BANK OF BARODA | N10: RL102M-GICEG-220704-125658-184 | O10: Active | P10: Associate-Annual | R10: ARIA147
A11: 44691 | B11: 45016 | C11: MANOJ | D11: BAJAJ | E11: manojbajaj@jadesecurities.in | F11: 9923754411 | G11: MANOJ BAJAJ | H11: DIRECTOR | I11: ARIA258 | J11: yes | L11: PUNE | M11: 32/33 RACHANA BUNGLOW DR.KETKAR ROAD NEAR KALMADI HIGH SCHOOL PUNE - 411004 | N11: RL102M-GICEG-220510-115709-155 | O11: Active | P11: Associate-Annual | R11: ARIA146
A12: 44642 | B12: 45016 | C12: Sneha | D12: Mehta | E12: sneha@tbng.co.in | F12: 8976769096 | G12: TBNG Capital Advisors pvt Ltd | H12: Partner Financial Planning Practice | I12: INA000001837 | J12: yes | L12: Mumbai | M12: Naman Midtown A Wing 303 Senapati Bapat MargElphistone (West)Mumbai 400013 | N12: RL102M-GICEG-220322-134821-198 | O12: Active | P12: Associate-Annual | R12: ARIA145
A13: 44586 | B13: 45016 | C13: Mridul | D13: Rai | E13: chyamp@gmail.com | F13: 9874666858 | G13: Step Ahead Investment Advisors Pvt. Ltd. | H13: Principal Officer | I13: INA300002857 | J13: yes | K13: 19AAUCS1697Q1ZZ | L13: Kolkata | M13: 364/26A NSC Bose Road Naktala | N13: RL102M-GICEG-220125-141321-163 | O13: Active | P13: Associate-Annual | R13: ARIA144
A14: 44581 | B14: 45382 | C14: Kannan | D14: Ranganath | E14: kannanranganath@yahoo.com | F14: 85269700702 | G14: Kannan Ranganath | H14: Investment Adviser | I14: INA000016162 | J14: yes | K14: 27AAECI7057G1ZF | L14: Mumbai | M14: 8/63 Mercury House_x000D_ Anand Nagar Sahyog CHSLÂ _x000D_ Service Road Santacruz East_x000D_ Mumbai 400 055 | N14: RL102M-GICEG-230316-135336-173 | O14: Active | P14: Associate-Annual | R14: ARIA143
A15: 44575 | B15: 45016 | C15: Thejus | D15: Palathingal | E15: thejus@northwardfp.com | F15: 9880202808 | G15: iFast Financial India Pvt. Ltd. | H15: PAIA | I15: INA000000763 | J15: yes | K15: 29ALPPP6493G1Z9 | L15: Bangalore | M15: 1 Raheja Titanium Western Express Highway Goregaon East Mumbai â€“ 400063 India | N15: RL102M-GICEG-220114-103554-115 | O15: Active | P15: Associate-Annual | R15: ARIA142
A16: 44553 | B16: 45016 | C16: Deeraj | D16: Shetty | E16: advisor@deerajshetty.com | F16: 9632544445 | G16: Your Personal CFO | H16: Principal Consultant | I16: INA000000763 | J16: yes | K16: 29DJKPS3224L1ZM | L16: BENGALURU | M16: 603 6th Floor 190 JP Square_x000D_ 2nd Main Rd Sadashivnagar Blr 560 080 | N16: RL102M-GICEG-220328-183229-260 | O16: Active | P16: Associate-Annual | R16: 141
A17: 44477 | B17: 45382 | C17: Keval | D17: Sangoi | E17: keval@feeonlyia.com | F17: 9167795570 | G17: Fee Only Investment Advisers LLP | H17: Financial Planner | I17: INA00014836 | J17: yes | K17: 27AAGFF5084K1Z2 | L17: Mumbai | M17: 701-702 Madhava Building E Block BKC Bandra East | N17: RL102M-GICEG-230318-104546-137 | O17: Active | P17: Associate-Annual | R17: ARIA130
A18: 44453 | B18: 45016 | C18: Vats | D18: Abhishek | E18: vats.a@immpl.com | F18: 9561966627 | G18: International Money Matters | H18: Senior Manager | I18: INA200010676 | J18: yes | L18: New Delhi | M18: International Money Matters Pvt Ltd_x000D_ #C/13 ABL Workspaces_x000D_ M 130-131 2nd Floor_x000D_ Connaught Circle _x000D_ Connaught Place_x000D_ New Delhi- 110001 | N18: RL102M-GICEG-220331-154729-310 | O18: Active | P18: Associate-Annual | R18: ARIA129
A19: 44413 | B19: 45016 | C19: Viswanath | D19: Ganapathy | E19: viswanathg@hotmail.com | F19: 9962269622 | G19: International Money Matters Private Limited | H19: Finance Controller | I19: INA200010676 | J19: yes | L19: Chennai | M19: B 402 Purva Jade_x000D_ No 170 Arcot Road_x000D_ Valasaravakkam | N19: RL102M-GICEG-220331-092528-172 | O19: Active | P19: Associate-Annual | R19: ARIA128
A20: 44412 | B20: 45016 | C20: Deven | D20: Pai | E20: devenpai16@gmail.com | F20: 7795273358 | G20: International Money Matters Pvt Ltd | H20: Manager - Client Relationships | I20: INA200010676 | J20: yes | L20: Bangalore | M20: International Money Matters Pvt Ltd_x000D_ #18 3rd B Cross Domlur II Stage Bangalore Karnataka â€“ 560071_x000D_ | N20: RL102M-GICEG-220502-191502-206 | O20: Active | P20: Associate-Annual | R20: 127
A21: 44393 | B21: 45016 | C21: Khushboo | D21: Agarwal | E21: khushiaag@gmail.com | F21: 9819259762 | G21: International Money Matters Pvt. Ltd | H21: Head - Financial Planning | I21: INA200010676 | J21: yes | L21: Mumbai | M21: 402 Virangula CHS TPS III Borivali West. 400091 | N21: RL102M-GICEG-220328-083701-120 | O21: Active | P21: Associate-Annual | R21: ARIA125
A22: 44392 | B22: 45031 | C22: Manoj | D22: Gupta | E22: manoj.gupta@wealthcreators.co.in | F22: 9922939216 | G22: Wealth Creators Financial Advisors | H22: Co-Founder | I22: INA000007207 | J22: yes | L22: Pune | M22: Off No - 213 A Wing KPCT Mall Fatima Nagar Pune - 411013 | N22: RL102M-GICEG-220416-095525-133 | O22: Active | P22: Associate-Annual | R22: ARIA124
A23: 44359 | B23: 45016 | C23: Anupama | D23: Aggarwal | E23: anupama_fun@yahoo.com | F23: 9910096751 | G23: International Money Matters Pvt. Ltd. | H23: Sr. Vice President | I23: INA200010676 | J23: yes | L23: Delhi | M23: 7/2_x000D_ Roop Nagar | N23: RL102M-GICEG-220502-181622-204 | O23: Active | P23: Associate-Annual | R23: ARIA123
A24: 44356 | B24: 45016 | C24: Sneha | D24: Jaggar | E24: sneha.jaggar@gmail.com | F24: 9916909657 | G24: IMMPL | H24: VP Corporate Partnerships | I24: INA200010676 | J24: yes | L24: Bangalore | M24: India | N24: RL102M-GICEG-220330-194940-325 | O24: Active | P24: Associate-Annual | R24: ARIA10
A25: 44356 | B25: 45016 | C25: Richa | D25: Gupta | E25: richa.g@immpl.com | F25: 9663123264 | G25: IMMPL | H25: AVP | I25: INA200010676 | J25: yes | L25: Bengaluru- 560035 | M25: B- 502 Salarpuria Sanctity Sarjapur Road | N25: RL102M-GICEG-220408-204309-212 | O25: Active | P25: Associate-Annual | R25: ARIA9
A26: 44355 | B26: 45016 | C26: Shweta | D26: Rai | E26: shwetarai9@gmail.com | F26: 9900180472 | G26: International Money Matters | H26: Head - Customer Experience | I26: INA200010676 | J26: yes | L26: Bangalore | M26: #18 3rd B Cross Domlur II Stage Bangalore Karnataka â€“ 560071 | N26: RL102M-GICEG-220325-134605-191 | O26: Active | P26: Associate-Annual | R26: 121
A27: 44352 | B27: 45016 | C27: Siddarth | D27: Asrani | E27: siddarthdasrani@gmail.com | F27: 9789831021 | G27: MITRAZ FINANCIAL SERVICES PRIVATE LTD | H27: Associate Director | I27: INA200001041 | J27: yes | L27: BANGALORE | M27: B-23 Swiss Apartment Jeremiah Road Vepery | N27: RL102M-GICEG-220425-221915-339 | O27: Active | P27: Associate-Annual | R27: ARIA8
A28: 44351 | B28: 45016 | C28: Ronak | D28: Jain | E28: jain.ronak.r@gmail.com | F28: 9819099329 | G28: IMMPL | H28: Sr Manager | I28: INA200010676 | J28: yes | L28: Mumbai | M28: 408/B Vimlachal Building Seth Motisha Byculla (East) Mumbai -400027 | N28: RL102M-GICEG-220331-170449-336 | O28: Active | P28: Associate-Annual | R28: ARIA6
A29: 44351 | B29: 45016 | C29: Navya | D29: Karanth | E29: navyakaranthbs1@gmail.com | F29: 9741666402 | G29: International Money Matters Pvt Ltd | H29: Senior manager-Financial Planning | I29: INA200010676 | J29: yes | L29: Bengaluru | M29: #34Vanya2nd CrossSubbanna LayoutNear Harinagar CrossChunchanghatta Main Road KonankunteBangalore | N29: RL102M-GICEG-220502-230757-234 | O29: Active | P29: Associate-Annual | R29: ARIA122
A30: 44350 | B30: 45016 | C30: Roopa | D30: Sudharshan | E30: roopa.jitendra@gmail.com | F30: 9886646170 | G30: International Money Matters Private Ltd. | H30: Manager Client Relationships | I30: INA200010676 | J30: yes | L30: Bangalore | M30: Deepa 2203/O 24th cross 5th main Banashankari 2nd stage | N30: RL102M-GICEG-220331-223309-380 | O30: Active | P30: Associate-Annual | R30: ARIA7
A31: 44331 | B31: 45016 | C31: Balajee | D31: B R | E31: bottomline.balajee@gmail.com | F31: 9884577327 | G31: iFast Financial (I) (P) Ltd | H31: PAIA | I31: ifast_online 67218 | J31: yes | L31: CHENNAI | M31: 22/37 A-2 P S SIVASAMY SALAI MYLAPORE | N31: RL102M-GICEG-220331-054015-124 | O31: Active | P31: Associate-Annual | R31: ARIA5
A32: 44328 | B32: 45382 | C32: Ashish | D32: Mehta | E32: let.money.multiply@gmail.com | F32: 9179113353 | G32: iFAST Financial India Pvt Ltd | H32: PAA | I32: INA000000763 | J32: yes | L32: Mumbai | M32: 1 Ground Floor Raheja Titanium Western Express Highway National Highway 8 Goregaon | N32: RL102M-GICEG-230317-215617-263 | O32: Active | P32: Associate-Annual | R32: ARIA1
A33: 44328 | B33: 45016 | C33: Vibhuti | D33: MArolikar | E33: vibhuti@kairoscapital.in | F33: 7400081042 | G33: Kairos Capital Private Limited | H33: Investment Advisor | I33: INA000007890 | J33: yes | L33: Mumbai | M33: Address: 4 Ashoka Shopping Centre L T Marg Next to G. T. HospitalMumbai â€“ 400001 | N33: RL102M-GICEG-220330-102645-163 | O33: Active | P33: Associate-Annual | R33: ARIA3
A34: 44328 | B34: 45016 | C34: Nitee | D34: Baandal | E34: nitee@feeonlyia.com | F34: 9920292708 | G34: Fee Only Investment Advisers LLP | H34: Financial Planner | I34: INA000014836 | J34: yes | L34: Mumbai | M34: 701-702 Madhava Bldg E Block Bandra Kurla Complex Bandra East | N34: RL102M-GICEG-220331-174219-346 | O34: Active | P34: Associate-Annual | R34: ARIA4
A35: 44320 | B35: 45382 | C35: UDBHAV | D35: SHAH | E35: udbhav4me@yahoo.com | F35: 9327070041 | G35: DravyaSiddhi | H35: Founder | I35: INA000000763 | J35: yes | L35: AHMEDABAD | M35: 1 PURVI APPARTMENT OPP GST BHAVAN | N35: RL102M-GICEG-230317-183440-232 | O35: Active | P35: Associate-Annual | R35: ARIA0
A36: 43770 | B36: 45382 | C36: Vidhyut | D36: Jain | E36: vidhyut@indusviewcapital.com | F36: 9892414386 | G36: Vidhyut Jain_x000D_ | J36: yes | M36: "Indusview Advisory Private Limited_x000D_ 10 Parinee Crezenzo_x000D_ BKC Bandra Kurla Complex_x000D_ Mumbai 400051_x000D_ "_x000D_ | N36: RL102M-GICEG-230318-083755-128 | O36: Active | P36: INDIVIDUALS - Annual | R36: 22
